Workbook
Name Base: [1]Plan2!#REF!
Name Parcela_7_12___Atualização_da_base_de_dados_de_indústrias_do_SIGA._Aditivo_SAP_6565_2011_02._Nº_no_Protheus_49.: #REF!
Name Parcela_7_12___Atualização_da_base_de_dados_de_indústrias_do_SIGA._Aditivo_SAP_6565_2011_02._Nº_no_Protheus_49.: #REF!
Name Parcela_7_12___Atualização_da_base_de_dados_de_indústrias_do_SIGA._Aditivo_SAP_6565_2011_02._Nº_no_Protheus_49.: #REF!
Name Parcela_7_12___Atualização_da_base_de_dados_de_indústrias_do_SIGA._Aditivo_SAP_6565_2011_02._Nº_no_Protheus_49.: #REF!
Name Parcela_7_12___Atualização_da_base_de_dados_de_indústrias_do_SIGA._Aditivo_SAP_6565_2011_02._Nº_no_Protheus_49.: #REF!
Name Parcela_7_12___Atualização_da_base_de_dados_de_indústrias_do_SIGA._Aditivo_SAP_6565_2011_02._Nº_no_Protheus_49.: #REF!
Name Parcela_7_12___Atualização_da_base_de_dados_de_indústrias_do_SIGA._Aditivo_SAP_6565_2011_02._Nº_no_Protheus_49.: #REF!

Sheet Instruções
B6: INSTRUÇÕES DE PREENCHIMENTO
B8: ─ Todos os tópicos relacionados ao orçamento do projeto proposto deverão ser apresentados por meio desta pasta de trabalho.
B9: ─ As planilhas a seguir referem-se às ações elegíveis de: (I) Capacitações, oficinas, palestras, workshops e seminários; (II) Consultorias e mentorias; (III) Estudos e pesquisas; (IV) Visitas técnicas e missões comerciais, de conhecimento ou benchmarking; (V) Feiras, eventos e encontros de negócios; (VI) Gestão, estruturação, monitoramento e pesquisa de resultados.
B10: ─ O campo "Fonte de Recursos" refere-se à origem dos recursos que serão empenhados para pagamento das despesas.
B11: ─ O montante de recursos referente à contrapartida financeira será preenchido automaticamente, conforme o valor total previsto para cada linha orçamentária.
B12: ─ O proponente deverá ajustar os valores referentes ao financiamento por subsídio, respeitando limites e limitações impostas pelo edital vigente e demais instrumentos correlatos.
B13: ─ Uma vez concluído o preenchimento do orçamento, o proponente deverá copiar os valores apresentados no Orçamento-Resumo por ação e colá-los na tabela constante no Bloco 5 da proposta.
B15: NOTAS TÉCNICAS
B17: Limites Orçamentários e Fontes de Recursos | C17: ─ Não há definição de valor limite para projetos no âmbito deste edital. Porém, os projetos apenas poderão ser aprovados até o limite de recursos disponível quando de sua apreciação pela Coordenação do Empreender.
B18: Execução Técnica e Financeira | C18: ─ Em relação ao orçamento necessário para a implementação das ações/atividades demandadas pelas empresas, a entidade proponente deve observar os seguintes requisitos:
C19: ─ Deve contemplar apenas as rubricas elegíveis aqui apresentadas, conforme condições vigentes da chamada.
C20: ─ Deve considerar, no máximo, 50% de subsídio (apoio financeiro do Empreender).
C21: ─ Deve apresentar, no mínimo, 50% de contrapartida, exclusivamente financeira.
C23: Observações: ─ As propostas terão seus orçamentos avaliados e valores que se distanciem da média praticada pelo mercado poderão ser questionados pelo Comitê Gestor. ─ No caso específico de missões empresariais e participação em feiras, o percentual deve ser de 40% para o subsídio e 60% de contrapartida, exclusivamente financeira.

Sheet (I) Capacitações
A1: ATENÇÃO: Planilha para preenchimento exclusivo para ações do tipo Capacitações, Oficinas, Palestras, Workshops e Seminários. Detalhar cada atividade individualmente, de acordo o plano de ações da proposta.
E2: DESCRIÇÃO DA DESPESA | I2: FONTE DE RECURSOS
A6: Atividades | D6: Despesas Elegíveis | E6: Unidade de Medida | F6: Quantidade | G6: Valor Unitário | H6: Valor Total | I6: Subsídio | J6: Contrapartida Econômica | K6: Contrapartida Financeira
A8: A1 | B8: Descrição da atividade | D8: 1.1 Inscrição para capacitações, oficinas, workshops, palestras ou seminários. | E8: ='Orçamento-Projeto'!$D$8 -> Número de inscrições | H8: =F8*G8 -> 0 | K8: =IF(H8>0,(H8-SUM(I8,J8)),"")
D9: 1.2 Contratação de instrutor/palestrante. | E9: ='Orçamento-Projeto'!$D$9 -> Horas de trabalho | H9: =F9*G9 -> 0 | J9: 0 | K9: =IF(H9>0,(H9-SUM(I9,J9)),"")
D10: 1.3 Preparação e impressão de materiais educativos. | E10: ='Orçamento-Projeto'!$D$10 -> Unidade | H10: =F10*G10 -> 0 | K10: =IF(H10>0,(H10-SUM(I10,J10)),"")
D11: 1.4 Custos relacionados à divulgação da ação (produção de material promocional, serviços gráficos de reprodução e veiculação em rádio, TV e mídias sociais). | E11: ='Orçamento-Projeto'!$D$11 -> Unidade | H11: =F11*G11 -> 0 | K11: =IF(H11>0,(H11-SUM(I11,J11)),"")
D12: 1.5 Custos de deslocamento para instrutores/palestrantes e participantes (custo de combustível, locação de veículos, passagens áreas ou rodoviárias, táxis ou transportes alternativos). | E12: ='Orçamento-Projeto'!$D$12 -> Unidade | H12: =F12*G12 -> 0 | K12: =IF(H12>0,(H12-SUM(I12,J12)),"")
D13: 1.6 Hospedagem e ajuda de custo para instrutores/palestrantes. | E13: ='Orçamento-Projeto'!$D$13 -> Diárias | H13: =F13*G13 -> 0 | K13: =IF(H13>0,(H13-SUM(I13,J13)),"")
D14: 1.7 Locação de espaço. | E14: ='Orçamento-Projeto'!$D$14 -> Diárias | H14: =F14*G14 -> 0 | K14: =IF(H14>0,(H14-SUM(I14,J14)),"")
D15: 1.8 Locação de equipamentos audiovisuais. | E15: ='Orçamento-Projeto'!$D$15 -> Diárias | H15: =F15*G15 -> 0 | K15: =IF(H15>0,(H15-SUM(I15,J15)),"")
B16: Custo da ação = | C16: =SUM(H8:H16) -> 0 | D16: 1.9 Coffee Break e catering | E16: ='Orçamento-Projeto'!$D$16 -> Unidade | H16: =F16*G16 -> 0 | K16: =IF(H16>0,(H16-SUM(I16,J16)),"")
A17: A2 | B17: Descrição da atividade | D17: 1.1 Inscrição para capacitações, oficinas, workshops, palestras ou seminários. | E17: ='Orçamento-Projeto'!$D$8 -> Número de inscrições | H17: =F17*G17 -> 0 | K17: =IF(H17>0,(H17-SUM(I17,J17)),"")
D18: 1.2 Contratação de instrutor/palestrante. | E18: ='Orçamento-Projeto'!$D$9 -> Horas de trabalho | H18: =F18*G18 -> 0 | K18: =IF(H18>0,(H18-SUM(I18,J18)),"")
D19: 1.3 Preparação e impressão de materiais educativos. | E19: ='Orçamento-Projeto'!$D$10 -> Unidade | H19: =F19*G19 -> 0 | K19: =IF(H19>0,(H19-SUM(I19,J19)),"")
D20: 1.4 Custos relacionados à divulgação da ação (produção de material promocional, serviços gráficos de reprodução e veiculação em rádio, TV e mídias sociais). | E20: ='Orçamento-Projeto'!$D$11 -> Unidade | H20: =F20*G20 -> 0 | K20: =IF(H20>0,(H20-SUM(I20,J20)),"")
D21: 1.5 Custos de deslocamento para instrutores/palestrantes e participantes (custo de combustível, locação de veículos, passagens áreas ou rodoviárias, táxis ou transportes alternativos). | E21: ='Orçamento-Projeto'!$D$12 -> Unidade | H21: =F21*G21 -> 0 | K21: =IF(H21>0,(H21-SUM(I21,J21)),"")
D22: 1.6 Hospedagem e ajuda de custo para instrutores/palestrantes. | E22: ='Orçamento-Projeto'!$D$13 -> Diárias | H22: =F22*G22 -> 0 | K22: =IF(H22>0,(H22-SUM(I22,J22)),"")
D23: 1.7 Locação de espaço. | E23: ='Orçamento-Projeto'!$D$14 -> Diárias | H23: =F23*G23 -> 0 | K23: =IF(H23>0,(H23-SUM(I23,J23)),"")
D24: 1.8 Locação de equipamentos audiovisuais. | E24: ='Orçamento-Projeto'!$D$15 -> Diárias | H24: =F24*G24 -> 0 | K24: =IF(H24>0,(H24-SUM(I24,J24)),"")
B25: Custo da ação = | C25: =SUM(H17:H25) -> 0 | D25: 1.9 Coffee Break e catering | E25: ='Orçamento-Projeto'!$D$16 -> Unidade | H25: =F25*G25 -> 0 | K25: =IF(H25>0,(H25-SUM(I25,J25)),"")
A26: A3 | B26: Descrição da atividade | D26: 1.1 Inscrição para capacitações, oficinas, workshops, palestras ou seminários. | E26: ='Orçamento-Projeto'!$D$8 -> Número de inscrições | H26: =F26*G26 -> 0 | K26: =IF(H26>0,(H26-SUM(I26,J26)),"")
D27: 1.2 Contratação de instrutor/palestrante. | E27: ='Orçamento-Projeto'!$D$9 -> Horas de trabalho | H27: =F27*G27 -> 0 | K27: =IF(H27>0,(H27-SUM(I27,J27)),"")
D28: 1.3 Preparação e impressão de materiais educativos. | E28: ='Orçamento-Projeto'!$D$10 -> Unidade | H28: =F28*G28 -> 0 | K28: =IF(H28>0,(H28-SUM(I28,J28)),"")
D29: 1.4 Custos relacionados à divulgação da ação (produção de material promocional, serviços gráficos de reprodução e veiculação em rádio, TV e mídias sociais). | E29: ='Orçamento-Projeto'!$D$11 -> Unidade | H29: =F29*G29 -> 0 | K29: =IF(H29>0,(H29-SUM(I29,J29)),"")
D30: 1.5 Custos de deslocamento para instrutores/palestrantes e participantes (custo de combustível, locação de veículos, passagens áreas ou rodoviárias, táxis ou transportes alternativos). | E30: ='Orçamento-Projeto'!$D$12 -> Unidade | H30: =F30*G30 -> 0 | K30: =IF(H30>0,(H30-SUM(I30,J30)),"")
D31: 1.6 Hospedagem e ajuda de custo para instrutores/palestrantes. | E31: ='Orçamento-Projeto'!$D$13 -> Diárias | H31: =F31*G31 -> 0 | K31: =IF(H31>0,(H31-SUM(I31,J31)),"")
D32: 1.7 Locação de espaço. | E32: ='Orçamento-Projeto'!$D$14 -> Diárias | H32: =F32*G32 -> 0 | K32: =IF(H32>0,(H32-SUM(I32,J32)),"")
D33: 1.8 Locação de equipamentos audiovisuais. | E33: ='Orçamento-Projeto'!$D$15 -> Diárias | H33: =F33*G33 -> 0 | K33: =IF(H33>0,(H33-SUM(I33,J33)),"")
B34: Custo da ação = | C34: =SUM(H26:H34) -> 0 | D34: 1.9 Coffee Break e catering | E34: ='Orçamento-Projeto'!$D$16 -> Unidade | H34: =F34*G34 -> 0 | K34: =IF(H34>0,(H34-SUM(I34,J34)),"")
A35: A4 | B35: Descrição da atividade | D35: 1.1 Inscrição para capacitações, oficinas, workshops, palestras ou seminários. | E35: ='Orçamento-Projeto'!$D$8 -> Número de inscrições | H35: =F35*G35 -> 0 | K35: =IF(H35>0,(H35-SUM(I35,J35)),"")
D36: 1.2 Contratação de instrutor/palestrante. | E36: ='Orçamento-Projeto'!$D$9 -> Horas de trabalho | H36: =F36*G36 -> 0 | K36: =IF(H36>0,(H36-SUM(I36,J36)),"")
D37: 1.3 Preparação e impressão de materiais educativos. | E37: ='Orçamento-Projeto'!$D$10 -> Unidade | H37: =F37*G37 -> 0 | K37: =IF(H37>0,(H37-SUM(I37,J37)),"")
D38: 1.4 Custos relacionados à divulgação da ação (produção de material promocional, serviços gráficos de reprodução e veiculação em rádio, TV e mídias sociais). | E38: ='Orçamento-Projeto'!$D$11 -> Unidade | H38: =F38*G38 -> 0 | K38: =IF(H38>0,(H38-SUM(I38,J38)),"")
D39: 1.5 Custos de deslocamento para instrutores/palestrantes e participantes (custo de combustível, locação de veículos, passagens áreas ou rodoviárias, táxis ou transportes alternativos). | E39: ='Orçamento-Projeto'!$D$12 -> Unidade | H39: =F39*G39 -> 0 | K39: =IF(H39>0,(H39-SUM(I39,J39)),"")
D40: 1.6 Hospedagem e ajuda de custo para instrutores/palestrantes. | E40: ='Orçamento-Projeto'!$D$13 -> Diárias | H40: =F40*G40 -> 0 | K40: =IF(H40>0,(H40-SUM(I40,J40)),"")
D41: 1.7 Locação de espaço. | E41: ='Orçamento-Projeto'!$D$14 -> Diárias | H41: =F41*G41 -> 0 | K41: =IF(H41>0,(H41-SUM(I41,J41)),"")
D42: 1.8 Locação de equipamentos audiovisuais. | E42: ='Orçamento-Projeto'!$D$15 -> Diárias | H42: =F42*G42 -> 0 | K42: =IF(H42>0,(H42-SUM(I42,J42)),"")
B43: Custo da ação = | C43: =SUM(H35:H43) -> 0 | D43: 1.9 Coffee Break e catering | E43: ='Orçamento-Projeto'!$D$16 -> Unidade | H43: =F43*G43 -> 0 | K43: =IF(H43>0,(H43-SUM(I43,J43)),"")
A44: A5 | B44: Descrição da atividade | D44: 1.1 Inscrição para capacitações, oficinas, workshops, palestras ou seminários. | E44: ='Orçamento-Projeto'!$D$8 -> Número de inscrições | H44: =F44*G44 -> 0 | K44: =IF(H44>0,(H44-SUM(I44,J44)),"")
D45: 1.2 Contratação de instrutor/palestrante. | E45: ='Orçamento-Projeto'!$D$9 -> Horas de trabalho | H45: =F45*G45 -> 0 | K45: =IF(H45>0,(H45-SUM(I45,J45)),"")
D46: 1.3 Preparação e impressão de materiais educativos. | E46: ='Orçamento-Projeto'!$D$10 -> Unidade | H46: =F46*G46 -> 0 | K46: =IF(H46>0,(H46-SUM(I46,J46)),"")
D47: 1.4 Custos relacionados à divulgação da ação (produção de material promocional, serviços gráficos de reprodução e veiculação em rádio, TV e mídias sociais). | E47: ='Orçamento-Projeto'!$D$11 -> Unidade | H47: =F47*G47 -> 0 | K47: =IF(H47>0,(H47-SUM(I47,J47)),"")
D48: 1.5 Custos de deslocamento para instrutores/palestrantes e participantes (custo de combustível, locação de veículos, passagens áreas ou rodoviárias, táxis ou transportes alternativos). | E48: ='Orçamento-Projeto'!$D$12 -> Unidade | H48: =F48*G48 -> 0 | K48: =IF(H48>0,(H48-SUM(I48,J48)),"")
D49: 1.6 Hospedagem e ajuda de custo para instrutores/palestrantes. | E49: ='Orçamento-Projeto'!$D$13 -> Diárias | H49: =F49*G49 -> 0 | K49: =IF(H49>0,(H49-SUM(I49,J49)),"")
D50: 1.7 Locação de espaço. | E50: ='Orçamento-Projeto'!$D$14 -> Diárias | H50: =F50*G50 -> 0 | K50: =IF(H50>0,(H50-SUM(I50,J50)),"")
D51: 1.8 Locação de equipamentos audiovisuais. | E51: ='Orçamento-Projeto'!$D$15 -> Diárias | H51: =F51*G51 -> 0 | K51: =IF(H51>0,(H51-SUM(I51,J51)),"")
B52: Custo da ação = | C52: =SUM(H44:H52) -> 0 | D52: 1.9 Coffee Break e catering | E52: ='Orçamento-Projeto'!$D$16 -> Unidade | H52: =F52*G52 -> 0 | K52: =IF(H52>0,(H52-SUM(I52,J52)),"")
A53: A6 | B53: Descrição da atividade | D53: 1.1 Inscrição para capacitações, oficinas, workshops, palestras ou seminários. | E53: ='Orçamento-Projeto'!$D$8 -> Número de inscrições | H53: =F53*G53 -> 0 | K53: =IF(H53>0,(H53-SUM(I53,J53)),"")
D54: 1.2 Contratação de instrutor/palestrante. | E54: ='Orçamento-Projeto'!$D$9 -> Horas de trabalho | H54: =F54*G54 -> 0 | K54: =IF(H54>0,(H54-SUM(I54,J54)),"")
D55: 1.3 Preparação e impressão de materiais educativos. | E55: ='Orçamento-Projeto'!$D$10 -> Unidade | H55: =F55*G55 -> 0 | K55: =IF(H55>0,(H55-SUM(I55,J55)),"")
D56: 1.4 Custos relacionados à divulgação da ação (produção de material promocional, serviços gráficos de reprodução e veiculação em rádio, TV e mídias sociais). | E56: ='Orçamento-Projeto'!$D$11 -> Unidade | H56: =F56*G56 -> 0 | K56: =IF(H56>0,(H56-SUM(I56,J56)),"")
D57: 1.5 Custos de deslocamento para instrutores/palestrantes e participantes (custo de combustível, locação de veículos, passagens áreas ou rodoviárias, táxis ou transportes alternativos). | E57: ='Orçamento-Projeto'!$D$12 -> Unidade | H57: =F57*G57 -> 0 | K57: =IF(H57>0,(H57-SUM(I57,J57)),"")
D58: 1.6 Hospedagem e ajuda de custo para instrutores/palestrantes. | E58: ='Orçamento-Projeto'!$D$13 -> Diárias | H58: =F58*G58 -> 0 | K58: =IF(H58>0,(H58-SUM(I58,J58)),"")
D59: 1.7 Locação de espaço. | E59: ='Orçamento-Projeto'!$D$14 -> Diárias | H59: =F59*G59 -> 0 | K59: =IF(H59>0,(H59-SUM(I59,J59)),"")
D60: 1.8 Locação de equipamentos audiovisuais. | E60: ='Orçamento-Projeto'!$D$15 -> Diárias | H60: =F60*G60 -> 0 | K60: =IF(H60>0,(H60-SUM(I60,J60)),"")
B61: Custo da ação = | C61: =SUM(H53:H61) -> 0 | D61: 1.9 Coffee Break e catering | E61: ='Orçamento-Projeto'!$D$16 -> Unidade | H61: =F61*G61 -> 0 | K61: =IF(H61>0,(H61-SUM(I61,J61)),"")
A62: A7 | B62: Descrição da atividade | D62: 1.1 Inscrição para capacitações, oficinas, workshops, palestras ou seminários. | E62: ='Orçamento-Projeto'!$D$8 -> Número de inscrições | H62: =F62*G62 -> 0 | K62: =IF(H62>0,(H62-SUM(I62,J62)),"")
D63: 1.2 Contratação de instrutor/palestrante. | E63: ='Orçamento-Projeto'!$D$9 -> Horas de trabalho | H63: =F63*G63 -> 0 | K63: =IF(H63>0,(H63-SUM(I63,J63)),"")
D64: 1.3 Preparação e impressão de materiais educativos. | E64: ='Orçamento-Projeto'!$D$10 -> Unidade | H64: =F64*G64 -> 0 | K64: =IF(H64>0,(H64-SUM(I64,J64)),"")
D65: 1.4 Custos relacionados à divulgação da ação (produção de material promocional, serviços gráficos de reprodução e veiculação em rádio, TV e mídias sociais). | E65: ='Orçamento-Projeto'!$D$11 -> Unidade | H65: =F65*G65 -> 0 | K65: =IF(H65>0,(H65-SUM(I65,J65)),"")
D66: 1.5 Custos de deslocamento para instrutores/palestrantes e participantes (custo de combustível, locação de veículos, passagens áreas ou rodoviárias, táxis ou transportes alternativos). | E66: ='Orçamento-Projeto'!$D$12 -> Unidade | H66: =F66*G66 -> 0 | K66: =IF(H66>0,(H66-SUM(I66,J66)),"")
D67: 1.6 Hospedagem e ajuda de custo para instrutores/palestrantes. | E67: ='Orçamento-Projeto'!$D$13 -> Diárias | H67: =F67*G67 -> 0 | K67: =IF(H67>0,(H67-SUM(I67,J67)),"")
D68: 1.7 Locação de espaço. | E68: ='Orçamento-Projeto'!$D$14 -> Diárias | H68: =F68*G68 -> 0 | K68: =IF(H68>0,(H68-SUM(I68,J68)),"")
D69: 1.8 Locação de equipamentos audiovisuais. | E69: ='Orçamento-Projeto'!$D$15 -> Diárias | H69: =F69*G69 -> 0 | K69: =IF(H69>0,(H69-SUM(I69,J69)),"")
B70: Custo da ação = | C70: =SUM(H62:H70) -> 0 | D70: 1.9 Coffee Break e catering | E70: ='Orçamento-Projeto'!$D$16 -> Unidade | H70: =F70*G70 -> 0 | K70: =IF(H70>0,(H70-SUM(I70,J70)),"")
A71: A8 | B71: Descrição da atividade | D71: 1.1 Inscrição para capacitações, oficinas, workshops, palestras ou seminários. | E71: ='Orçamento-Projeto'!$D$8 -> Número de inscrições | H71: =F71*G71 -> 0 | K71: =IF(H71>0,(H71-SUM(I71,J71)),"")
D72: 1.2 Contratação de instrutor/palestrante. | E72: ='Orçamento-Projeto'!$D$9 -> Horas de trabalho | H72: =F72*G72 -> 0 | K72: =IF(H72>0,(H72-SUM(I72,J72)),"")
D73: 1.3 Preparação e impressão de materiais educativos. | E73: ='Orçamento-Projeto'!$D$10 -> Unidade | H73: =F73*G73 -> 0 | K73: =IF(H73>0,(H73-SUM(I73,J73)),"")
D74: 1.4 Custos relacionados à divulgação da ação (produção de material promocional, serviços gráficos de reprodução e veiculação em rádio, TV e mídias sociais). | E74: ='Orçamento-Projeto'!$D$11 -> Unidade | H74: =F74*G74 -> 0 | K74: =IF(H74>0,(H74-SUM(I74,J74)),"")
D75: 1.5 Custos de deslocamento para instrutores/palestrantes e participantes (custo de combustível, locação de veículos, passagens áreas ou rodoviárias, táxis ou transportes alternativos). | E75: ='Orçamento-Projeto'!$D$12 -> Unidade | H75: =F75*G75 -> 0 | K75: =IF(H75>0,(H75-SUM(I75,J75)),"")
D76: 1.6 Hospedagem e ajuda de custo para instrutores/palestrantes. | E76: ='Orçamento-Projeto'!$D$13 -> Diárias | H76: =F76*G76 -> 0 | K76: =IF(H76>0,(H76-SUM(I76,J76)),"")
D77: 1.7 Locação de espaço. | E77: ='Orçamento-Projeto'!$D$14 -> Diárias | H77: =F77*G77 -> 0 | K77: =IF(H77>0,(H77-SUM(I77,J77)),"")
D78: 1.8 Locação de equipamentos audiovisuais. | E78: ='Orçamento-Projeto'!$D$15 -> Diárias | H78: =F78*G78 -> 0 | K78: =IF(H78>0,(H78-SUM(I78,J78)),"")
B79: Custo da ação = | C79: =SUM(H71:H79) -> 0 | D79: 1.9 Coffee Break e catering | E79: ='Orçamento-Projeto'!$D$16 -> Unidade | H79: =F79*G79 -> 0 | K79: =IF(H79>0,(H79-SUM(I79,J79)),"")

Sheet (II) Consultorias
A1: ATENÇÃO: Planilha para preenchimento exclusivo de ações do tipo Consultorias. Detalhar cada atividade individualmente, de acordo o plano de ações da proposta.
E2: DESCRIÇÃO DA DESPESA | I2: FONTE DE RECURSOS
A6: Atividades | D6: Despesas Elegíveis | E6: Unidade de Medida | F6: Quantidade | G6: Valor Unitário | H6: Valor Total | I6: Subsídio | J6: Contrapartida Econômica | K6: Contrapartida Financeira
A8: B1 | B8: Descrição da atividade | D8: 2.1 Contratação de consultoria/mentoria. | E8: ='Orçamento-Projeto'!$D$17 -> Horas de trabalho | H8: =F8*G8 -> 0 | K8: =IF(H8>0,(H8-SUM(I8,J8)),"")
D9: 2.2 Preparação e impressão de materiais. | E9: ='Orçamento-Projeto'!$D$18 -> Unidade | H9: =F9*G9 -> 0 | K9: =IF(H9>0,(H9-SUM(I9,J9)),"")
D10: 2.3 Custos relacionados à divulgação da ação (produção de material promocional, serviços gráficos de reprodução e veiculação em rádio, TV e mídias sociais). | E10: ='Orçamento-Projeto'!$D$19 -> Unidade | H10: =F10*G10 -> 0 | K10: =IF(H10>0,(H10-SUM(I10,J10)),"")
D11: 2.4 Custos de deslocamento para consultores/mentores (custo de combustível, locação de veículos, passagens aéreas ou rodoviárias, táxis ou transportes alternativos). | E11: ='Orçamento-Projeto'!$D$20 -> Unidade | H11: =F11*G11 -> 0 | K11: =IF(H11>0,(H11-SUM(I11,J11)),"")
B12: Custo da ação = | C12: =SUM(H8:H12) -> 0 | D12: 2.5 Hospedagem e ajuda de custo para consultores/mentores. | E12: ='Orçamento-Projeto'!$D$21 -> Diárias | H12: =F12*G12 -> 0 | K12: =IF(H12>0,(H12-SUM(I12,J12)),"")
A13: B2 | B13: Descrição da atividade | D13: 2.1 Contratação de consultoria/mentoria. | E13: ='Orçamento-Projeto'!$D$17 -> Horas de trabalho | H13: =F13*G13 -> 0 | K13: =IF(H13>0,(H13-SUM(I13,J13)),"")
D14: 2.2 Preparação e impressão de materiais. | E14: ='Orçamento-Projeto'!$D$18 -> Unidade | H14: =F14*G14 -> 0 | K14: =IF(H14>0,(H14-SUM(I14,J14)),"")
D15: 2.3 Custos relacionados à divulgação da ação (produção de material promocional, serviços gráficos de reprodução e veiculação em rádio, TV e mídias sociais). | E15: ='Orçamento-Projeto'!$D$19 -> Unidade | H15: =F15*G15 -> 0 | K15: =IF(H15>0,(H15-SUM(I15,J15)),"")
D16: 2.4 Custos de deslocamento para consultores/mentores (custo de combustível, locação de veículos, passagens aéreas ou rodoviárias, táxis ou transportes alternativos). | E16: ='Orçamento-Projeto'!$D$20 -> Unidade | H16: =F16*G16 -> 0 | K16: =IF(H16>0,(H16-SUM(I16,J16)),"")
B17: Custo da ação = | C17: =SUM(H13:H17) -> 0 | D17: 2.5 Hospedagem e ajuda de custo para consultores/mentores. | E17: ='Orçamento-Projeto'!$D$21 -> Diárias | H17: =F17*G17 -> 0 | K17: =IF(H17>0,(H17-SUM(I17,J17)),"")
A18: B3 | B18: Descrição da atividade | D18: 2.1 Contratação de consultoria/mentoria. | E18: ='Orçamento-Projeto'!$D$17 -> Horas de trabalho | H18: =F18*G18 -> 0 | K18: =IF(H18>0,(H18-SUM(I18,J18)),"")
D19: 2.2 Preparação e impressão de materiais. | E19: ='Orçamento-Projeto'!$D$18 -> Unidade | H19: =F19*G19 -> 0 | K19: =IF(H19>0,(H19-SUM(I19,J19)),"")
D20: 2.3 Custos relacionados à divulgação da ação (produção de material promocional, serviços gráficos de reprodução e veiculação em rádio, TV e mídias sociais). | E20: ='Orçamento-Projeto'!$D$19 -> Unidade | H20: =F20*G20 -> 0 | K20: =IF(H20>0,(H20-SUM(I20,J20)),"")
D21: 2.4 Custos de deslocamento para consultores/mentores (custo de combustível, locação de veículos, passagens aéreas ou rodoviárias, táxis ou transportes alternativos). | E21: ='Orçamento-Projeto'!$D$20 -> Unidade | H21: =F21*G21 -> 0 | K21: =IF(H21>0,(H21-SUM(I21,J21)),"")
B22: Custo da ação = | C22: =SUM(H18:H22) -> 0 | D22: 2.5 Hospedagem e ajuda de custo para consultores/mentores. | E22: ='Orçamento-Projeto'!$D$21 -> Diárias | H22: =F22*G22 -> 0 | K22: =IF(H22>0,(H22-SUM(I22,J22)),"")
A23: B4 | B23: Descrição da atividade | D23: 2.1 Contratação de consultoria/mentoria. | E23: ='Orçamento-Projeto'!$D$17 -> Horas de trabalho | H23: =F23*G23 -> 0 | K23: =IF(H23>0,(H23-SUM(I23,J23)),"")
D24: 2.2 Preparação e impressão de materiais. | E24: ='Orçamento-Projeto'!$D$18 -> Unidade | H24: =F24*G24 -> 0 | K24: =IF(H24>0,(H24-SUM(I24,J24)),"")
D25: 2.3 Custos relacionados à divulgação da ação (produção de material promocional, serviços gráficos de reprodução e veiculação em rádio, TV e mídias sociais). | E25: ='Orçamento-Projeto'!$D$19 -> Unidade | H25: =F25*G25 -> 0 | K25: =IF(H25>0,(H25-SUM(I25,J25)),"")
D26: 2.4 Custos de deslocamento para consultores/mentores (custo de combustível, locação de veículos, passagens aéreas ou rodoviárias, táxis ou transportes alternativos). | E26: ='Orçamento-Projeto'!$D$20 -> Unidade | H26: =F26*G26 -> 0 | K26: =IF(H26>0,(H26-SUM(I26,J26)),"")
B27: Custo da ação = | C27: =SUM(H23:H27) -> 0 | D27: 2.5 Hospedagem e ajuda de custo para consultores/mentores. | E27: ='Orçamento-Projeto'!$D$21 -> Diárias | H27: =F27*G27 -> 0 | K27: =IF(H27>0,(H27-SUM(I27,J27)),"")
A28: B5 | B28: Descrição da atividade | D28: 2.1 Contratação de consultoria/mentoria. | E28: ='Orçamento-Projeto'!$D$17 -> Horas de trabalho | H28: =F28*G28 -> 0 | K28: =IF(H28>0,(H28-SUM(I28,J28)),"")
D29: 2.2 Preparação e impressão de materiais. | E29: ='Orçamento-Projeto'!$D$18 -> Unidade | H29: =F29*G29 -> 0 | K29: =IF(H29>0,(H29-SUM(I29,J29)),"")
D30: 2.3 Custos relacionados à divulgação da ação (produção de material promocional, serviços gráficos de reprodução e veiculação em rádio, TV e mídias sociais). | E30: ='Orçamento-Projeto'!$D$19 -> Unidade | H30: =F30*G30 -> 0 | K30: =IF(H30>0,(H30-SUM(I30,J30)),"")
D31: 2.4 Custos de deslocamento para consultores/mentores (custo de combustível, locação de veículos, passagens aéreas ou rodoviárias, táxis ou transportes alternativos). | E31: ='Orçamento-Projeto'!$D$20 -> Unidade | H31: =F31*G31 -> 0 | K31: =IF(H31>0,(H31-SUM(I31,J31)),"")
B32: Custo da ação = | C32: =SUM(H28:H32) -> 0 | D32: 2.5 Hospedagem e ajuda de custo para consultores/mentores. | E32: ='Orçamento-Projeto'!$D$21 -> Diárias | H32: =F32*G32 -> 0 | K32: =IF(H32>0,(H32-SUM(I32,J32)),"")
A33: B6 | B33: Descrição da atividade | D33: 2.1 Contratação de consultoria/mentoria. | E33: ='Orçamento-Projeto'!$D$17 -> Horas de trabalho | H33: =F33*G33 -> 0 | K33: =IF(H33>0,(H33-SUM(I33,J33)),"")
D34: 2.2 Preparação e impressão de materiais. | E34: ='Orçamento-Projeto'!$D$18 -> Unidade | H34: =F34*G34 -> 0 | K34: =IF(H34>0,(H34-SUM(I34,J34)),"")
D35: 2.3 Custos relacionados à divulgação da ação (produção de material promocional, serviços gráficos de reprodução e veiculação em rádio, TV e mídias sociais). | E35: ='Orçamento-Projeto'!$D$19 -> Unidade | H35: =F35*G35 -> 0 | K35: =IF(H35>0,(H35-SUM(I35,J35)),"")
D36: 2.4 Custos de deslocamento para consultores/mentores (custo de combustível, locação de veículos, passagens aéreas ou rodoviárias, táxis ou transportes alternativos). | E36: ='Orçamento-Projeto'!$D$20 -> Unidade | H36: =F36*G36 -> 0 | K36: =IF(H36>0,(H36-SUM(I36,J36)),"")
B37: Custo da ação = | C37: =SUM(H33:H37) -> 0 | D37: 2.5 Hospedagem e ajuda de custo para consultores/mentores. | E37: ='Orçamento-Projeto'!$D$21 -> Diárias | H37: =F37*G37 -> 0 | K37: =IF(H37>0,(H37-SUM(I37,J37)),"")
A38: B7 | B38: Descrição da atividade | D38: 2.1 Contratação de consultoria/mentoria. | E38: ='Orçamento-Projeto'!$D$17 -> Horas de trabalho | H38: =F38*G38 -> 0 | K38: =IF(H38>0,(H38-SUM(I38,J38)),"")
D39: 2.2 Preparação e impressão de materiais. | E39: ='Orçamento-Projeto'!$D$18 -> Unidade | H39: =F39*G39 -> 0 | K39: =IF(H39>0,(H39-SUM(I39,J39)),"")
D40: 2.3 Custos relacionados à divulgação da ação (produção de material promocional, serviços gráficos de reprodução e veiculação em rádio, TV e mídias sociais). | E40: ='Orçamento-Projeto'!$D$19 -> Unidade | H40: =F40*G40 -> 0 | K40: =IF(H40>0,(H40-SUM(I40,J40)),"")
D41: 2.4 Custos de deslocamento para consultores/mentores (custo de combustível, locação de veículos, passagens aéreas ou rodoviárias, táxis ou transportes alternativos). | E41: ='Orçamento-Projeto'!$D$20 -> Unidade | H41: =F41*G41 -> 0 | K41: =IF(H41>0,(H41-SUM(I41,J41)),"")
B42: Custo da ação = | C42: =SUM(H38:H42) -> 0 | D42: 2.5 Hospedagem e ajuda de custo para consultores/mentores. | E42: ='Orçamento-Projeto'!$D$21 -> Diárias | H42: =F42*G42 -> 0 | K42: =IF(H42>0,(H42-SUM(I42,J42)),"")
A43: B8 | B43: Descrição da atividade | D43: 2.1 Contratação de consultoria/mentoria. | E43: ='Orçamento-Projeto'!$D$17 -> Horas de trabalho | H43: =F43*G43 -> 0 | K43: =IF(H43>0,(H43-SUM(I43,J43)),"")
D44: 2.2 Preparação e impressão de materiais. | E44: ='Orçamento-Projeto'!$D$18 -> Unidade | H44: =F44*G44 -> 0 | K44: =IF(H44>0,(H44-SUM(I44,J44)),"")
D45: 2.3 Custos relacionados à divulgação da ação (produção de material promocional, serviços gráficos de reprodução e veiculação em rádio, TV e mídias sociais). | E45: ='Orçamento-Projeto'!$D$19 -> Unidade | H45: =F45*G45 -> 0 | K45: =IF(H45>0,(H45-SUM(I45,J45)),"")
D46: 2.4 Custos de deslocamento para consultores/mentores (custo de combustível, locação de veículos, passagens aéreas ou rodoviárias, táxis ou transportes alternativos). | E46: ='Orçamento-Projeto'!$D$20 -> Unidade | H46: =F46*G46 -> 0 | K46: =IF(H46>0,(H46-SUM(I46,J46)),"")
B47: Custo da ação = | C47: =SUM(H43:H47) -> 0 | D47: 2.5 Hospedagem e ajuda de custo para consultores/mentores. | E47: ='Orçamento-Projeto'!$D$21 -> Diárias | H47: =F47*G47 -> 0 | K47: =IF(H47>0,(H47-SUM(I47,J47)),"")

Sheet (III) Estudos
A1: ATENÇÃO: Planilha para preenchimento exclusivo para ações do tipo Estudos e Pesquisas. Detalhar cada atividade individualmente, de acordo o plano de ações da proposta.
E2: DESCRIÇÃO DA DESPESA | I2: FONTE DE RECURSOS
A6: Atividades | D6: Despesas Elegíveis | E6: Unidade de Medida | F6: Quantidade | G6: Valor Unitário | H6: Valor Total | I6: Subsídio | J6: Contrapartida Econômica | K6: Contrapartida Financeira
A8: C1 | B8: Descrição da Atividade | D8: 3.1 Contratação de estudos/pesquisas (consultorias especializadas). | E8: ='Orçamento-Projeto'!$D$22 -> Unidade | H8: =F8*G8 -> 0 | K8: =IF(H8>0,(H8-SUM(I8,J8)),"")
D9: 3.2 Custos relacionados à divulgação da ação (produção de material promocional, serviços gráficos de reprodução e veiculação em rádio, TV e mídias sociais). | E9: ='Orçamento-Projeto'!$D$23 -> Unidade | H9: =F9*G9 -> 0 | K9: =IF(H9>0,(H9-SUM(I9,J9)),"")
B10: Custo da ação = | C10: =SUM(H8:H10) -> 0 | D10: 3.3 Custos relacionados à divulgação dos estudos e pesquisas desenvolvidos às empresas beneficiadas (locação de espaço e estrutura audiovisual e/ou estrutura para divulgação em ambiente digital). | E10: ='Orçamento-Projeto'!$D$24 -> Unidade | H10: =F10*G10 -> 0 | K10: =IF(H10>0,(H10-SUM(I10,J10)),"")
A11: C2 | B11: Descrição da Atividade | D11: 3.1 Contratação de estudos/pesquisas (consultorias especializadas). | E11: ='Orçamento-Projeto'!$D$22 -> Unidade | H11: =F11*G11 -> 0 | K11: =IF(H11>0,(H11-SUM(I11,J11)),"")
D12: 3.2 Custos relacionados à divulgação da ação (produção de material promocional, serviços gráficos de reprodução e veiculação em rádio, TV e mídias sociais). | E12: ='Orçamento-Projeto'!$D$23 -> Unidade | H12: =F12*G12 -> 0 | K12: =IF(H12>0,(H12-SUM(I12,J12)),"")
B13: Custo da ação = | C13: =SUM(H11:H13) -> 0 | D13: 3.3 Custos relacionados à divulgação dos estudos e pesquisas desenvolvidos às empresas beneficiadas (locação de espaço e estrutura audiovisual e/ou estrutura para divulgação em ambiente digital). | E13: ='Orçamento-Projeto'!$D$24 -> Unidade | H13: =F13*G13 -> 0 | K13: =IF(H13>0,(H13-SUM(I13,J13)),"")
A14: C3 | B14: Descrição da Atividade | D14: 3.1 Contratação de estudos/pesquisas (consultorias especializadas). | E14: ='Orçamento-Projeto'!$D$22 -> Unidade | H14: =F14*G14 -> 0 | K14: =IF(H14>0,(H14-SUM(I14,J14)),"")
D15: 3.2 Custos relacionados à divulgação da ação (produção de material promocional, serviços gráficos de reprodução e veiculação em rádio, TV e mídias sociais). | E15: ='Orçamento-Projeto'!$D$23 -> Unidade | H15: =F15*G15 -> 0 | K15: =IF(H15>0,(H15-SUM(I15,J15)),"")
B16: Custo da ação = | C16: =SUM(H14:H16) -> 0 | D16: 3.3 Custos relacionados à divulgação dos estudos e pesquisas desenvolvidos às empresas beneficiadas (locação de espaço e estrutura audiovisual e/ou estrutura para divulgação em ambiente digital). | E16: ='Orçamento-Projeto'!$D$24 -> Unidade | H16: =F16*G16 -> 0 | K16: =IF(H16>0,(H16-SUM(I16,J16)),"")
A17: C4 | B17: Descrição da Atividade | D17: 3.1 Contratação de estudos/pesquisas (consultorias especializadas). | E17: ='Orçamento-Projeto'!$D$22 -> Unidade | H17: =F17*G17 -> 0 | K17: =IF(H17>0,(H17-SUM(I17,J17)),"")
D18: 3.2 Custos relacionados à divulgação da ação (produção de material promocional, serviços gráficos de reprodução e veiculação em rádio, TV e mídias sociais). | E18: ='Orçamento-Projeto'!$D$23 -> Unidade | H18: =F18*G18 -> 0 | K18: =IF(H18>0,(H18-SUM(I18,J18)),"")
B19: Custo da ação = | C19: =SUM(H17:H19) -> 0 | D19: 3.3 Custos relacionados à divulgação dos estudos e pesquisas desenvolvidos às empresas beneficiadas (locação de espaço e estrutura audiovisual e/ou estrutura para divulgação em ambiente digital). | E19: ='Orçamento-Projeto'!$D$24 -> Unidade | H19: =F19*G19 -> 0 | K19: =IF(H19>0,(H19-SUM(I19,J19)),"")
A20: C5 | B20: Descrição da Atividade | D20: 3.1 Contratação de estudos/pesquisas (consultorias especializadas). | E20: ='Orçamento-Projeto'!$D$22 -> Unidade | H20: =F20*G20 -> 0 | K20: =IF(H20>0,(H20-SUM(I20,J20)),"")
D21: 3.2 Custos relacionados à divulgação da ação (produção de material promocional, serviços gráficos de reprodução e veiculação em rádio, TV e mídias sociais). | E21: ='Orçamento-Projeto'!$D$23 -> Unidade | H21: =F21*G21 -> 0 | K21: =IF(H21>0,(H21-SUM(I21,J21)),"")
B22: Custo da ação = | C22: =SUM(H20:H22) -> 0 | D22: 3.3 Custos relacionados à divulgação dos estudos e pesquisas desenvolvidos às empresas beneficiadas (locação de espaço e estrutura audiovisual e/ou estrutura para divulgação em ambiente digital). | E22: ='Orçamento-Projeto'!$D$24 -> Unidade | H22: =F22*G22 -> 0 | K22: =IF(H22>0,(H22-SUM(I22,J22)),"")
A23: C6 | B23: Descrição da Atividade | D23: 3.1 Contratação de estudos/pesquisas (consultorias especializadas). | E23: ='Orçamento-Projeto'!$D$22 -> Unidade | H23: =F23*G23 -> 0 | K23: =IF(H23>0,(H23-SUM(I23,J23)),"")
D24: 3.2 Custos relacionados à divulgação da ação (produção de material promocional, serviços gráficos de reprodução e veiculação em rádio, TV e mídias sociais). | E24: ='Orçamento-Projeto'!$D$23 -> Unidade | H24: =F24*G24 -> 0 | K24: =IF(H24>0,(H24-SUM(I24,J24)),"")
B25: Custo da ação = | C25: =SUM(H23:H25) -> 0 | D25: 3.3 Custos relacionados à divulgação dos estudos e pesquisas desenvolvidos às empresas beneficiadas (locação de espaço e estrutura audiovisual e/ou estrutura para divulgação em ambiente digital). | E25: ='Orçamento-Projeto'!$D$24 -> Unidade | H25: =F25*G25 -> 0 | K25: =IF(H25>0,(H25-SUM(I25,J25)),"")
A26: C7 | B26: Descrição da Atividade | D26: 3.1 Contratação de estudos/pesquisas (consultorias especializadas). | E26: ='Orçamento-Projeto'!$D$22 -> Unidade | H26: =F26*G26 -> 0 | K26: =IF(H26>0,(H26-SUM(I26,J26)),"")
D27: 3.2 Custos relacionados à divulgação da ação (produção de material promocional, serviços gráficos de reprodução e veiculação em rádio, TV e mídias sociais). | E27: ='Orçamento-Projeto'!$D$23 -> Unidade | H27: =F27*G27 -> 0 | K27: =IF(H27>0,(H27-SUM(I27,J27)),"")
B28: Custo da ação = | C28: =SUM(H26:H28) -> 0 | D28: 3.3 Custos relacionados à divulgação dos estudos e pesquisas desenvolvidos às empresas beneficiadas (locação de espaço e estrutura audiovisual e/ou estrutura para divulgação em ambiente digital). | E28: ='Orçamento-Projeto'!$D$24 -> Unidade | H28: =F28*G28 -> 0 | K28: =IF(H28>0,(H28-SUM(I28,J28)),"")
A29: C8 | B29: Descrição da Atividade | D29: 3.1 Contratação de estudos/pesquisas (consultorias especializadas). | E29: ='Orçamento-Projeto'!$D$22 -> Unidade | H29: =F29*G29 -> 0 | K29: =IF(H29>0,(H29-SUM(I29,J29)),"")
D30: 3.2 Custos relacionados à divulgação da ação (produção de material promocional, serviços gráficos de reprodução e veiculação em rádio, TV e mídias sociais). | E30: ='Orçamento-Projeto'!$D$23 -> Unidade | H30: =F30*G30 -> 0 | K30: =IF(H30>0,(H30-SUM(I30,J30)),"")
B31: Custo da ação = | C31: =SUM(H29:H31) -> 0 | D31: 3.3 Custos relacionados à divulgação dos estudos e pesquisas desenvolvidos às empresas beneficiadas (locação de espaço e estrutura audiovisual e/ou estrutura para divulgação em ambiente digital). | E31: ='Orçamento-Projeto'!$D$24 -> Unidade | H31: =F31*G31 -> 0 | K31: =IF(H31>0,(H31-SUM(I31,J31)),"")

Sheet (IV) Visitas e Missões
A1: ATENÇÃO: Planilha para preenchimento exclusivo para ações do tipo Visitas Técnicas e Missões de Conhecimento ou Benchmarking. Detalhar cada atividade individualmente, de acordo o plano de ações da proposta.
E2: DESCRIÇÃO DA DESPESA | I2: FONTE DE RECURSOS
A6: Atividades | D6: Despesas Elegíveis | E6: Unidade de Medida | F6: Quantidade | G6: Valor Unitário | H6: Valor Total | I6: Subsídio | J6: Contrapartida Econômica | K6: Contrapartida Financeira
A8: D1 | B8: Descrição da Atividade | D8: 4.1 Consultoria de apoio para a preparação da missão. | E8: ='Orçamento-Projeto'!$D$25 -> Horas de trabalho | H8: =F8*G8 -> 0 | K8: =IF(H8>0,(H8-SUM(I8,J8)),"")
D9: 4.2 Diagramação e impressão de catálogo/guia do participante. | E9: ='Orçamento-Projeto'!$D$26 -> Unidade | H9: =F9*G9 -> 0 | K9: =IF(H9>0,(H9-SUM(I9,J9)),"")
D10: 4.3 Custos relacionados à divulgação da ação (produção de material promocional, serviços gráficos de reprodução e veiculação em rádio, TV e mídias sociais). | E10: ='Orçamento-Projeto'!$D$27 -> Unidade | H10: =F10*G10 -> 0 | K10: =IF(H10>0,(H10-SUM(I10,J10)),"")
D11: 4.4 Custos de deslocamento para corpo técnico e empresários participantes (custo de combustível, locação de veículos, passagens áreas ou rodoviárias, táxis ou transportes alternativos). | E11: ='Orçamento-Projeto'!$D$28 -> Unidade | H11: =F11*G11 -> 0 | K11: =IF(H11>0,(H11-SUM(I11,J11)),"")
B12: Custo da ação = | C12: =SUM(H8:H12) -> 0 | D12: 4.5 Hospedagem e ajuda de custo para corpo técnico e empresários. | E12: ='Orçamento-Projeto'!$D$29 -> Diárias | H12: =F12*G12 -> 0 | K12: =IF(H12>0,(H12-SUM(I12,J12)),"")
A13: D2 | B13: Descrição da Atividade | D13: 4.1 Consultoria de apoio para a preparação da missão. | E13: ='Orçamento-Projeto'!$D$25 -> Horas de trabalho | H13: =F13*G13 -> 0 | K13: =IF(H13>0,(H13-SUM(I13,J13)),"")
D14: 4.2 Diagramação e impressão de catálogo/guia do participante. | E14: ='Orçamento-Projeto'!$D$26 -> Unidade | H14: =F14*G14 -> 0 | K14: =IF(H14>0,(H14-SUM(I14,J14)),"")
D15: 4.3 Custos relacionados à divulgação da ação (produção de material promocional, serviços gráficos de reprodução e veiculação em rádio, TV e mídias sociais). | E15: ='Orçamento-Projeto'!$D$27 -> Unidade | H15: =F15*G15 -> 0 | K15: =IF(H15>0,(H15-SUM(I15,J15)),"")
D16: 4.4 Custos de deslocamento para corpo técnico e empresários participantes (custo de combustível, locação de veículos, passagens áreas ou rodoviárias, táxis ou transportes alternativos). | E16: ='Orçamento-Projeto'!$D$28 -> Unidade | H16: =F16*G16 -> 0 | K16: =IF(H16>0,(H16-SUM(I16,J16)),"")
B17: Custo da ação = | C17: =SUM(H13:H17) -> 0 | D17: 4.5 Hospedagem e ajuda de custo para corpo técnico e empresários. | E17: ='Orçamento-Projeto'!$D$29 -> Diárias | H17: =F17*G17 -> 0 | K17: =IF(H17>0,(H17-SUM(I17,J17)),"")
A18: D3 | B18: Descrição da Atividade | D18: 4.1 Consultoria de apoio para a preparação da missão. | E18: ='Orçamento-Projeto'!$D$25 -> Horas de trabalho | H18: =F18*G18 -> 0 | K18: =IF(H18>0,(H18-SUM(I18,J18)),"")
D19: 4.2 Diagramação e impressão de catálogo/guia do participante. | E19: ='Orçamento-Projeto'!$D$26 -> Unidade | H19: =F19*G19 -> 0 | K19: =IF(H19>0,(H19-SUM(I19,J19)),"")
D20: 4.3 Custos relacionados à divulgação da ação (produção de material promocional, serviços gráficos de reprodução e veiculação em rádio, TV e mídias sociais). | E20: ='Orçamento-Projeto'!$D$27 -> Unidade | H20: =F20*G20 -> 0 | K20: =IF(H20>0,(H20-SUM(I20,J20)),"")
D21: 4.4 Custos de deslocamento para corpo técnico e empresários participantes (custo de combustível, locação de veículos, passagens áreas ou rodoviárias, táxis ou transportes alternativos). | E21: ='Orçamento-Projeto'!$D$28 -> Unidade | H21: =F21*G21 -> 0 | K21: =IF(H21>0,(H21-SUM(I21,J21)),"")
B22: Custo da ação = | C22: =SUM(H18:H22) -> 0 | D22: 4.5 Hospedagem e ajuda de custo para corpo técnico e empresários. | E22: ='Orçamento-Projeto'!$D$29 -> Diárias | H22: =F22*G22 -> 0 | K22: =IF(H22>0,(H22-SUM(I22,J22)),"")
A23: D4 | B23: Descrição da Atividade | D23: 4.1 Consultoria de apoio para a preparação da missão. | E23: ='Orçamento-Projeto'!$D$25 -> Horas de trabalho | H23: =F23*G23 -> 0 | K23: =IF(H23>0,(H23-SUM(I23,J23)),"")
D24: 4.2 Diagramação e impressão de catálogo/guia do participante. | E24: ='Orçamento-Projeto'!$D$26 -> Unidade | H24: =F24*G24 -> 0 | K24: =IF(H24>0,(H24-SUM(I24,J24)),"")
D25: 4.3 Custos relacionados à divulgação da ação (produção de material promocional, serviços gráficos de reprodução e veiculação em rádio, TV e mídias sociais). | E25: ='Orçamento-Projeto'!$D$27 -> Unidade | H25: =F25*G25 -> 0 | K25: =IF(H25>0,(H25-SUM(I25,J25)),"")
D26: 4.4 Custos de deslocamento para corpo técnico e empresários participantes (custo de combustível, locação de veículos, passagens áreas ou rodoviárias, táxis ou transportes alternativos). | E26: ='Orçamento-Projeto'!$D$28 -> Unidade | H26: =F26*G26 -> 0 | K26: =IF(H26>0,(H26-SUM(I26,J26)),"")
B27: Custo da ação = | C27: =SUM(H23:H27) -> 0 | D27: 4.5 Hospedagem e ajuda de custo para corpo técnico e empresários. | E27: ='Orçamento-Projeto'!$D$29 -> Diárias | H27: =F27*G27 -> 0 | K27: =IF(H27>0,(H27-SUM(I27,J27)),"")
A28: D5 | B28: Descrição da Atividade | D28: 4.1 Consultoria de apoio para a preparação da missão. | E28: ='Orçamento-Projeto'!$D$25 -> Horas de trabalho | H28: =F28*G28 -> 0 | K28: =IF(H28>0,(H28-SUM(I28,J28)),"")
D29: 4.2 Diagramação e impressão de catálogo/guia do participante. | E29: ='Orçamento-Projeto'!$D$26 -> Unidade | H29: =F29*G29 -> 0 | K29: =IF(H29>0,(H29-SUM(I29,J29)),"")
D30: 4.3 Custos relacionados à divulgação da ação (produção de material promocional, serviços gráficos de reprodução e veiculação em rádio, TV e mídias sociais). | E30: ='Orçamento-Projeto'!$D$27 -> Unidade | H30: =F30*G30 -> 0 | K30: =IF(H30>0,(H30-SUM(I30,J30)),"")
D31: 4.4 Custos de deslocamento para corpo técnico e empresários participantes (custo de combustível, locação de veículos, passagens áreas ou rodoviárias, táxis ou transportes alternativos). | E31: ='Orçamento-Projeto'!$D$28 -> Unidade | H31: =F31*G31 -> 0 | K31: =IF(H31>0,(H31-SUM(I31,J31)),"")
B32: Custo da ação = | C32: =SUM(H28:H32) -> 0 | D32: 4.5 Hospedagem e ajuda de custo para corpo técnico e empresários. | E32: ='Orçamento-Projeto'!$D$29 -> Diárias | H32: =F32*G32 -> 0 | K32: =IF(H32>0,(H32-SUM(I32,J32)),"")
A33: D6 | B33: Descrição da Atividade | D33: 4.1 Consultoria de apoio para a preparação da missão. | E33: ='Orçamento-Projeto'!$D$25 -> Horas de trabalho | H33: =F33*G33 -> 0 | K33: =IF(H33>0,(H33-SUM(I33,J33)),"")
D34: 4.2 Diagramação e impressão de catálogo/guia do participante. | E34: ='Orçamento-Projeto'!$D$26 -> Unidade | H34: =F34*G34 -> 0 | K34: =IF(H34>0,(H34-SUM(I34,J34)),"")
D35: 4.3 Custos relacionados à divulgação da ação (produção de material promocional, serviços gráficos de reprodução e veiculação em rádio, TV e mídias sociais). | E35: ='Orçamento-Projeto'!$D$27 -> Unidade | H35: =F35*G35 -> 0 | K35: =IF(H35>0,(H35-SUM(I35,J35)),"")
D36: 4.4 Custos de deslocamento para corpo técnico e empresários participantes (custo de combustível, locação de veículos, passagens áreas ou rodoviárias, táxis ou transportes alternativos). | E36: ='Orçamento-Projeto'!$D$28 -> Unidade | H36: =F36*G36 -> 0 | K36: =IF(H36>0,(H36-SUM(I36,J36)),"")
B37: Custo da ação = | C37: =SUM(H33:H37) -> 0 | D37: 4.5 Hospedagem e ajuda de custo para corpo técnico e empresários. | E37: ='Orçamento-Projeto'!$D$29 -> Diárias | H37: =F37*G37 -> 0 | K37: =IF(H37>0,(H37-SUM(I37,J37)),"")
A38: D7 | B38: Descrição da Atividade | D38: 4.1 Consultoria de apoio para a preparação da missão. | E38: ='Orçamento-Projeto'!$D$25 -> Horas de trabalho | H38: =F38*G38 -> 0 | K38: =IF(H38>0,(H38-SUM(I38,J38)),"")
D39: 4.2 Diagramação e impressão de catálogo/guia do participante. | E39: ='Orçamento-Projeto'!$D$26 -> Unidade | H39: =F39*G39 -> 0 | K39: =IF(H39>0,(H39-SUM(I39,J39)),"")
D40: 4.3 Custos relacionados à divulgação da ação (produção de material promocional, serviços gráficos de reprodução e veiculação em rádio, TV e mídias sociais). | E40: ='Orçamento-Projeto'!$D$27 -> Unidade | H40: =F40*G40 -> 0 | K40: =IF(H40>0,(H40-SUM(I40,J40)),"")
D41: 4.4 Custos de deslocamento para corpo técnico e empresários participantes (custo de combustível, locação de veículos, passagens áreas ou rodoviárias, táxis ou transportes alternativos). | E41: ='Orçamento-Projeto'!$D$28 -> Unidade | H41: =F41*G41 -> 0 | K41: =IF(H41>0,(H41-SUM(I41,J41)),"")
B42: Custo da ação = | C42: =SUM(H38:H42) -> 0 | D42: 4.5 Hospedagem e ajuda de custo para corpo técnico e empresários. | E42: ='Orçamento-Projeto'!$D$29 -> Diárias | H42: =F42*G42 -> 0 | K42: =IF(H42>0,(H42-SUM(I42,J42)),"")
A43: D8 | B43: Descrição da Atividade | D43: 4.1 Consultoria de apoio para a preparação da missão. | E43: ='Orçamento-Projeto'!$D$25 -> Horas de trabalho | H43: =F43*G43 -> 0 | K43: =IF(H43>0,(H43-SUM(I43,J43)),"")
D44: 4.2 Diagramação e impressão de catálogo/guia do participante. | E44: ='Orçamento-Projeto'!$D$26 -> Unidade | H44: =F44*G44 -> 0 | K44: =IF(H44>0,(H44-SUM(I44,J44)),"")
D45: 4.3 Custos relacionados à divulgação da ação (produção de material promocional, serviços gráficos de reprodução e veiculação em rádio, TV e mídias sociais). | E45: ='Orçamento-Projeto'!$D$27 -> Unidade | H45: =F45*G45 -> 0 | K45: =IF(H45>0,(H45-SUM(I45,J45)),"")
D46: 4.4 Custos de deslocamento para corpo técnico e empresários participantes (custo de combustível, locação de veículos, passagens áreas ou rodoviárias, táxis ou transportes alternativos). | E46: ='Orçamento-Projeto'!$D$28 -> Unidade | H46: =F46*G46 -> 0 | K46: =IF(H46>0,(H46-SUM(I46,J46)),"")
B47: Custo da ação = | C47: =SUM(H43:H47) -> 0 | D47: 4.5 Hospedagem e ajuda de custo para corpo técnico e empresários. | E47: ='Orçamento-Projeto'!$D$29 -> Diárias | H47: =F47*G47 -> 0 | K47: =IF(H47>0,(H47-SUM(I47,J47)),"")

Sheet (V) Feiras e Eventos
A1: ATENÇÃO: Planilha para preenchimento exclusivo para ações do tipo Feiras, Eventos e Encontros de Negócios. Detalhar cada atividade individualmente, de acordo o plano de ações da proposta.
E2: DESCRIÇÃO DA DESPESA | I2: FONTE DE RECURSOS
A6: Atividades | D6: Despesas Elegíveis | E6: Unidade de Medida | F6: Quantidade | G6: Valor Unitário | H6: Valor Total | I6: Subsídio | J6: Contrapartida Econômica | K6: Contrapartida Financeira
A8: E1 | B8: Descrição da Atividade | D8: 5.1 Contratação de consultoria para a preparação prévia das empresas. | E8: ='Orçamento-Projeto'!$D$30 -> Horas de trabalho | H8: =F8*G8 -> 0 | K8: =IF(H8>0,(H8-SUM(I8,J8)),"")
D9: 5.2 Serviços especializados de matchmaking. | E9: ='Orçamento-Projeto'!$D$31 -> Horas de trabalho | H9: =F9*G9 -> 0 | K9: =IF(H9>0,(H9-SUM(I9,J9)),"")
D10: 5.3 Diagramação e impressão de catálogo/guia do participante. | E10: ='Orçamento-Projeto'!$D$32 -> Unidade | H10: =F10*G10 -> 0 | K10: =IF(H10>0,(H10-SUM(I10,J10)),"")
D11: 5.4 Custos relacionados à divulgação da ação (produção de material promocional, serviços gráficos de reprodução e veiculação em rádio, TV e mídias sociais). | E11: ='Orçamento-Projeto'!$D$33 -> Unidade | H11: =F11*G11 -> 0 | K11: =IF(H11>0,(H11-SUM(I11,J11)),"")
D12: 5.5 Custos de deslocamento para corpo técnico e empresários participantes (custo de combustível, locação de veículos, passagens áreas ou rodoviárias, táxis ou transportes alternativos). | E12: ='Orçamento-Projeto'!$D$34 -> Unidade | H12: =F12*G12 -> 0 | K12: =IF(H12>0,(H12-SUM(I12,J12)),"")
D13: 5.6 Hospedagem e ajuda de custo para corpo técnico. | E13: ='Orçamento-Projeto'!$D$35 -> Diárias | H13: =F13*G13 -> 0 | K13: =IF(H13>0,(H13-SUM(I13,J13)),"")
D14: 5.7 Entradas/ingressos para feiras, eventos ou encontros de negócios. | E14: ='Orçamento-Projeto'!$D$36 -> Horas de trabalho | H14: =F14*G14 -> 0 | K14: =IF(H14>0,(H14-SUM(I14,J14)),"")
D15: 5.8 Locação de espaço em feira ou evento (estande). | E15: ='Orçamento-Projeto'!$D$37 -> Diárias | H15: =F15*G15 -> 0 | K15: =IF(H15>0,(H15-SUM(I15,J15)),"")
D16: 5.9 Locação de espaço para realização da feira, evento ou encontro de negócio. | E16: ='Orçamento-Projeto'!$D$38 -> Unidade | H16: =F16*G16 -> 0 | K16: =IF(H16>0,(H16-SUM(I16,J16)),"")
D17: 5.10 Contratação de serviços necessários à realização de feiras, eventos ou encontros de negócios (seguranças, recepcionistas, socorristas etc.). | E17: ='Orçamento-Projeto'!$D$39 -> Unidade | H17: =F17*G17 -> 0 | K17: =IF(H17>0,(H17-SUM(I17,J17)),"")
D18: 5.11 Coffee Break/Catering. | E18: ='Orçamento-Projeto'!$D$40 -> Unidade | H18: =F18*G18 -> 0 | K18: =IF(H18>0,(H18-SUM(I18,J18)),"")
B19: Custo da ação = | C19: =SUM(H8:H19) -> 0 | D19: 5.12 Locação de equipamentos audiovisuais. | E19: ='Orçamento-Projeto'!$D$41 -> Unidade | H19: =F19*G19 -> 0 | K19: =IF(H19>0,(H19-SUM(I19,J19)),"")
A20: E2 | B20: Descrição da Atividade | D20: 5.1 Contratação de consultoria para a preparação prévia das empresas. | E20: ='Orçamento-Projeto'!$D$30 -> Horas de trabalho | H20: =F20*G20 -> 0 | K20: =IF(H20>0,(H20-SUM(I20,J20)),"")
D21: 5.2 Serviços especializados de matchmaking. | E21: ='Orçamento-Projeto'!$D$31 -> Horas de trabalho | H21: =F21*G21 -> 0 | K21: =IF(H21>0,(H21-SUM(I21,J21)),"")
D22: 5.3 Diagramação e impressão de catálogo/guia do participante. | E22: ='Orçamento-Projeto'!$D$32 -> Unidade | H22: =F22*G22 -> 0 | K22: =IF(H22>0,(H22-SUM(I22,J22)),"")
D23: 5.4 Custos relacionados à divulgação da ação (produção de material promocional, serviços gráficos de reprodução e veiculação em rádio, TV e mídias sociais). | E23: ='Orçamento-Projeto'!$D$33 -> Unidade | H23: =F23*G23 -> 0 | K23: =IF(H23>0,(H23-SUM(I23,J23)),"")
D24: 5.5 Custos de deslocamento para corpo técnico e empresários participantes (custo de combustível, locação de veículos, passagens áreas ou rodoviárias, táxis ou transportes alternativos). | E24: ='Orçamento-Projeto'!$D$34 -> Unidade | H24: =F24*G24 -> 0 | K24: =IF(H24>0,(H24-SUM(I24,J24)),"")
D25: 5.6 Hospedagem e ajuda de custo para corpo técnico. | E25: ='Orçamento-Projeto'!$D$35 -> Diárias | H25: =F25*G25 -> 0 | K25: =IF(H25>0,(H25-SUM(I25,J25)),"")
D26: 5.7 Entradas/ingressos para feiras, eventos ou encontros de negócios. | E26: ='Orçamento-Projeto'!$D$36 -> Horas de trabalho | H26: =F26*G26 -> 0 | K26: =IF(H26>0,(H26-SUM(I26,J26)),"")
D27: 5.8 Locação de espaço em feira ou evento (estande). | E27: ='Orçamento-Projeto'!$D$37 -> Diárias | H27: =F27*G27 -> 0 | K27: =IF(H27>0,(H27-SUM(I27,J27)),"")
D28: 5.9 Locação de espaço para realização da feira, evento ou encontro de negócio. | E28: ='Orçamento-Projeto'!$D$38 -> Unidade | H28: =F28*G28 -> 0 | K28: =IF(H28>0,(H28-SUM(I28,J28)),"")
D29: 5.10 Contratação de serviços necessários à realização de feiras, eventos ou encontros de negócios (seguranças, recepcionistas, socorristas etc.). | E29: ='Orçamento-Projeto'!$D$39 -> Unidade | H29: =F29*G29 -> 0 | K29: =IF(H29>0,(H29-SUM(I29,J29)),"")
D30: 5.11 Coffee Break/Catering. | E30: ='Orçamento-Projeto'!$D$40 -> Unidade | H30: =F30*G30 -> 0 | K30: =IF(H30>0,(H30-SUM(I30,J30)),"")
B31: Custo da ação = | C31: =SUM(H20:H31) -> 0 | D31: 5.12 Locação de equipamentos audiovisuais. | E31: ='Orçamento-Projeto'!$D$41 -> Unidade | H31: =F31*G31 -> 0 | K31: =IF(H31>0,(H31-SUM(I31,J31)),"")
A32: E3 | B32: Descrição da Atividade | D32: 5.1 Contratação de consultoria para a preparação prévia das empresas. | E32: ='Orçamento-Projeto'!$D$30 -> Horas de trabalho | H32: =F32*G32 -> 0 | K32: =IF(H32>0,(H32-SUM(I32,J32)),"")
D33: 5.2 Serviços especializados de matchmaking. | E33: ='Orçamento-Projeto'!$D$31 -> Horas de trabalho | H33: =F33*G33 -> 0 | K33: =IF(H33>0,(H33-SUM(I33,J33)),"")
D34: 5.3 Diagramação e impressão de catálogo/guia do participante. | E34: ='Orçamento-Projeto'!$D$32 -> Unidade | H34: =F34*G34 -> 0 | K34: =IF(H34>0,(H34-SUM(I34,J34)),"")
D35: 5.4 Custos relacionados à divulgação da ação (produção de material promocional, serviços gráficos de reprodução e veiculação em rádio, TV e mídias sociais). | E35: ='Orçamento-Projeto'!$D$33 -> Unidade | H35: =F35*G35 -> 0 | K35: =IF(H35>0,(H35-SUM(I35,J35)),"")
D36: 5.5 Custos de deslocamento para corpo técnico e empresários participantes (custo de combustível, locação de veículos, passagens áreas ou rodoviárias, táxis ou transportes alternativos). | E36: ='Orçamento-Projeto'!$D$34 -> Unidade | H36: =F36*G36 -> 0 | K36: =IF(H36>0,(H36-SUM(I36,J36)),"")
D37: 5.6 Hospedagem e ajuda de custo para corpo técnico. | E37: ='Orçamento-Projeto'!$D$35 -> Diárias | H37: =F37*G37 -> 0 | K37: =IF(H37>0,(H37-SUM(I37,J37)),"")
D38: 5.7 Entradas/ingressos para feiras, eventos ou encontros de negócios. | E38: ='Orçamento-Projeto'!$D$36 -> Horas de trabalho | H38: =F38*G38 -> 0 | K38: =IF(H38>0,(H38-SUM(I38,J38)),"")
D39: 5.8 Locação de espaço em feira ou evento (estande). | E39: ='Orçamento-Projeto'!$D$37 -> Diárias | H39: =F39*G39 -> 0 | K39: =IF(H39>0,(H39-SUM(I39,J39)),"")
D40: 5.9 Locação de espaço para realização da feira, evento ou encontro de negócio. | E40: ='Orçamento-Projeto'!$D$38 -> Unidade | H40: =F40*G40 -> 0 | K40: =IF(H40>0,(H40-SUM(I40,J40)),"")
D41: 5.10 Contratação de serviços necessários à realização de feiras, eventos ou encontros de negócios (seguranças, recepcionistas, socorristas etc.). | E41: ='Orçamento-Projeto'!$D$39 -> Unidade | H41: =F41*G41 -> 0 | K41: =IF(H41>0,(H41-SUM(I41,J41)),"")
D42: 5.11 Coffee Break/Catering. | E42: ='Orçamento-Projeto'!$D$40 -> Unidade | H42: =F42*G42 -> 0 | K42: =IF(H42>0,(H42-SUM(I42,J42)),"")
B43: Custo da ação = | C43: =SUM(H32:H43) -> 0 | D43: 5.12 Locação de equipamentos audiovisuais. | E43: ='Orçamento-Projeto'!$D$41 -> Unidade | H43: =F43*G43 -> 0 | K43: =IF(H43>0,(H43-SUM(I43,J43)),"")
A44: E4 | B44: Descrição da Atividade | D44: 5.1 Contratação de consultoria para a preparação prévia das empresas. | E44: ='Orçamento-Projeto'!$D$30 -> Horas de trabalho | H44: =F44*G44 -> 0 | K44: =IF(H44>0,(H44-SUM(I44,J44)),"")
D45: 5.2 Serviços especializados de matchmaking. | E45: ='Orçamento-Projeto'!$D$31 -> Horas de trabalho | H45: =F45*G45 -> 0 | K45: =IF(H45>0,(H45-SUM(I45,J45)),"")
D46: 5.3 Diagramação e impressão de catálogo/guia do participante. | E46: ='Orçamento-Projeto'!$D$32 -> Unidade | H46: =F46*G46 -> 0 | K46: =IF(H46>0,(H46-SUM(I46,J46)),"")
D47: 5.4 Custos relacionados à divulgação da ação (produção de material promocional, serviços gráficos de reprodução e veiculação em rádio, TV e mídias sociais). | E47: ='Orçamento-Projeto'!$D$33 -> Unidade | H47: =F47*G47 -> 0 | K47: =IF(H47>0,(H47-SUM(I47,J47)),"")
D48: 5.5 Custos de deslocamento para corpo técnico e empresários participantes (custo de combustível, locação de veículos, passagens áreas ou rodoviárias, táxis ou transportes alternativos). | E48: ='Orçamento-Projeto'!$D$34 -> Unidade | H48: =F48*G48 -> 0 | K48: =IF(H48>0,(H48-SUM(I48,J48)),"")
D49: 5.6 Hospedagem e ajuda de custo para corpo técnico. | E49: ='Orçamento-Projeto'!$D$35 -> Diárias | H49: =F49*G49 -> 0 | K49: =IF(H49>0,(H49-SUM(I49,J49)),"")
D50: 5.7 Entradas/ingressos para feiras, eventos ou encontros de negócios. | E50: ='Orçamento-Projeto'!$D$36 -> Horas de trabalho | H50: =F50*G50 -> 0 | K50: =IF(H50>0,(H50-SUM(I50,J50)),"")
D51: 5.8 Locação de espaço em feira ou evento (estande). | E51: ='Orçamento-Projeto'!$D$37 -> Diárias | H51: =F51*G51 -> 0 | K51: =IF(H51>0,(H51-SUM(I51,J51)),"")
D52: 5.9 Locação de espaço para realização da feira, evento ou encontro de negócio. | E52: ='Orçamento-Projeto'!$D$38 -> Unidade | H52: =F52*G52 -> 0 | K52: =IF(H52>0,(H52-SUM(I52,J52)),"")
D53: 5.10 Contratação de serviços necessários à realização de feiras, eventos ou encontros de negócios (seguranças, recepcionistas, socorristas etc.). | E53: ='Orçamento-Projeto'!$D$39 -> Unidade | H53: =F53*G53 -> 0 | K53: =IF(H53>0,(H53-SUM(I53,J53)),"")
D54: 5.11 Coffee Break/Catering. | E54: ='Orçamento-Projeto'!$D$40 -> Unidade | H54: =F54*G54 -> 0 | K54: =IF(H54>0,(H54-SUM(I54,J54)),"")
B55: Custo da ação = | C55: =SUM(H44:H55) -> 0 | D55: 5.12 Locação de equipamentos audiovisuais. | E55: ='Orçamento-Projeto'!$D$41 -> Unidade | H55: =F55*G55 -> 0 | K55: =IF(H55>0,(H55-SUM(I55,J55)),"")
A56: E5 | B56: Descrição da Atividade | D56: 5.1 Contratação de consultoria para a preparação prévia das empresas. | E56: ='Orçamento-Projeto'!$D$30 -> Horas de trabalho | H56: =F56*G56 -> 0 | K56: =IF(H56>0,(H56-SUM(I56,J56)),"")
D57: 5.2 Serviços especializados de matchmaking. | E57: ='Orçamento-Projeto'!$D$31 -> Horas de trabalho | H57: =F57*G57 -> 0 | K57: =IF(H57>0,(H57-SUM(I57,J57)),"")
D58: 5.3 Diagramação e impressão de catálogo/guia do participante. | E58: ='Orçamento-Projeto'!$D$32 -> Unidade | H58: =F58*G58 -> 0 | K58: =IF(H58>0,(H58-SUM(I58,J58)),"")
D59: 5.4 Custos relacionados à divulgação da ação (produção de material promocional, serviços gráficos de reprodução e veiculação em rádio, TV e mídias sociais). | E59: ='Orçamento-Projeto'!$D$33 -> Unidade | H59: =F59*G59 -> 0 | K59: =IF(H59>0,(H59-SUM(I59,J59)),"")
D60: 5.5 Custos de deslocamento para corpo técnico e empresários participantes (custo de combustível, locação de veículos, passagens áreas ou rodoviárias, táxis ou transportes alternativos). | E60: ='Orçamento-Projeto'!$D$34 -> Unidade | H60: =F60*G60 -> 0 | K60: =IF(H60>0,(H60-SUM(I60,J60)),"")
D61: 5.6 Hospedagem e ajuda de custo para corpo técnico. | E61: ='Orçamento-Projeto'!$D$35 -> Diárias | H61: =F61*G61 -> 0 | K61: =IF(H61>0,(H61-SUM(I61,J61)),"")
D62: 5.7 Entradas/ingressos para feiras, eventos ou encontros de negócios. | E62: ='Orçamento-Projeto'!$D$36 -> Horas de trabalho | H62: =F62*G62 -> 0 | K62: =IF(H62>0,(H62-SUM(I62,J62)),"")
D63: 5.8 Locação de espaço em feira ou evento (estande). | E63: ='Orçamento-Projeto'!$D$37 -> Diárias | H63: =F63*G63 -> 0 | K63: =IF(H63>0,(H63-SUM(I63,J63)),"")
D64: 5.9 Locação de espaço para realização da feira, evento ou encontro de negócio. | E64: ='Orçamento-Projeto'!$D$38 -> Unidade | H64: =F64*G64 -> 0 | K64: =IF(H64>0,(H64-SUM(I64,J64)),"")
D65: 5.10 Contratação de serviços necessários à realização de feiras, eventos ou encontros de negócios (seguranças, recepcionistas, socorristas etc.). | E65: ='Orçamento-Projeto'!$D$39 -> Unidade | H65: =F65*G65 -> 0 | K65: =IF(H65>0,(H65-SUM(I65,J65)),"")
D66: 5.11 Coffee Break/Catering. | E66: ='Orçamento-Projeto'!$D$40 -> Unidade | H66: =F66*G66 -> 0 | K66: =IF(H66>0,(H66-SUM(I66,J66)),"")
B67: Custo da ação = | C67: =SUM(H56:H67) -> 0 | D67: 5.12 Locação de equipamentos audiovisuais. | E67: ='Orçamento-Projeto'!$D$41 -> Unidade | H67: =F67*G67 -> 0 | K67: =IF(H67>0,(H67-SUM(I67,J67)),"")
A68: E6 | B68: Descrição da Atividade | D68: 5.1 Contratação de consultoria para a preparação prévia das empresas. | E68: ='Orçamento-Projeto'!$D$30 -> Horas de trabalho | H68: =F68*G68 -> 0 | K68: =IF(H68>0,(H68-SUM(I68,J68)),"")
D69: 5.2 Serviços especializados de matchmaking. | E69: ='Orçamento-Projeto'!$D$31 -> Horas de trabalho | H69: =F69*G69 -> 0 | K69: =IF(H69>0,(H69-SUM(I69,J69)),"")
D70: 5.3 Diagramação e impressão de catálogo/guia do participante. | E70: ='Orçamento-Projeto'!$D$32 -> Unidade | H70: =F70*G70 -> 0 | K70: =IF(H70>0,(H70-SUM(I70,J70)),"")
D71: 5.4 Custos relacionados à divulgação da ação (produção de material promocional, serviços gráficos de reprodução e veiculação em rádio, TV e mídias sociais). | E71: ='Orçamento-Projeto'!$D$33 -> Unidade | H71: =F71*G71 -> 0 | K71: =IF(H71>0,(H71-SUM(I71,J71)),"")
D72: 5.5 Custos de deslocamento para corpo técnico e empresários participantes (custo de combustível, locação de veículos, passagens áreas ou rodoviárias, táxis ou transportes alternativos). | E72: ='Orçamento-Projeto'!$D$34 -> Unidade | H72: =F72*G72 -> 0 | K72: =IF(H72>0,(H72-SUM(I72,J72)),"")
D73: 5.6 Hospedagem e ajuda de custo para corpo técnico. | E73: ='Orçamento-Projeto'!$D$35 -> Diárias | H73: =F73*G73 -> 0 | K73: =IF(H73>0,(H73-SUM(I73,J73)),"")
D74: 5.7 Entradas/ingressos para feiras, eventos ou encontros de negócios. | E74: ='Orçamento-Projeto'!$D$36 -> Horas de trabalho | H74: =F74*G74 -> 0 | K74: =IF(H74>0,(H74-SUM(I74,J74)),"")
D75: 5.8 Locação de espaço em feira ou evento (estande). | E75: ='Orçamento-Projeto'!$D$37 -> Diárias | H75: =F75*G75 -> 0 | K75: =IF(H75>0,(H75-SUM(I75,J75)),"")
D76: 5.9 Locação de espaço para realização da feira, evento ou encontro de negócio. | E76: ='Orçamento-Projeto'!$D$38 -> Unidade | H76: =F76*G76 -> 0 | K76: =IF(H76>0,(H76-SUM(I76,J76)),"")
D77: 5.10 Contratação de serviços necessários à realização de feiras, eventos ou encontros de negócios (seguranças, recepcionistas, socorristas etc.). | E77: ='Orçamento-Projeto'!$D$39 -> Unidade | H77: =F77*G77 -> 0 | K77: =IF(H77>0,(H77-SUM(I77,J77)),"")
D78: 5.11 Coffee Break/Catering. | E78: ='Orçamento-Projeto'!$D$40 -> Unidade | H78: =F78*G78 -> 0 | K78: =IF(H78>0,(H78-SUM(I78,J78)),"")
B79: Custo da ação = | C79: =SUM(H68:H79) -> 0 | D79: 5.12 Locação de equipamentos audiovisuais. | E79: ='Orçamento-Projeto'!$D$41 -> Unidade | H79: =F79*G79 -> 0 | K79: =IF(H79>0,(H79-SUM(I79,J79)),"")
A80: E7 | B80: Descrição da Atividade | D80: 5.1 Contratação de consultoria para a preparação prévia das empresas. | E80: ='Orçamento-Projeto'!$D$30 -> Horas de trabalho | H80: =F80*G80 -> 0 | K80: =IF(H80>0,(H80-SUM(I80,J80)),"")
D81: 5.2 Serviços especializados de matchmaking. | E81: ='Orçamento-Projeto'!$D$31 -> Horas de trabalho | H81: =F81*G81 -> 0 | K81: =IF(H81>0,(H81-SUM(I81,J81)),"")
D82: 5.3 Diagramação e impressão de catálogo/guia do participante. | E82: ='Orçamento-Projeto'!$D$32 -> Unidade | H82: =F82*G82 -> 0 | K82: =IF(H82>0,(H82-SUM(I82,J82)),"")
D83: 5.4 Custos relacionados à divulgação da ação (produção de material promocional, serviços gráficos de reprodução e veiculação em rádio, TV e mídias sociais). | E83: ='Orçamento-Projeto'!$D$33 -> Unidade | H83: =F83*G83 -> 0 | K83: =IF(H83>0,(H83-SUM(I83,J83)),"")
D84: 5.5 Custos de deslocamento para corpo técnico e empresários participantes (custo de combustível, locação de veículos, passagens áreas ou rodoviárias, táxis ou transportes alternativos). | E84: ='Orçamento-Projeto'!$D$34 -> Unidade | H84: =F84*G84 -> 0 | K84: =IF(H84>0,(H84-SUM(I84,J84)),"")
D85: 5.6 Hospedagem e ajuda de custo para corpo técnico. | E85: ='Orçamento-Projeto'!$D$35 -> Diárias | H85: =F85*G85 -> 0 | K85: =IF(H85>0,(H85-SUM(I85,J85)),"")
D86: 5.7 Entradas/ingressos para feiras, eventos ou encontros de negócios. | E86: ='Orçamento-Projeto'!$D$36 -> Horas de trabalho | H86: =F86*G86 -> 0 | K86: =IF(H86>0,(H86-SUM(I86,J86)),"")
D87: 5.8 Locação de espaço em feira ou evento (estande). | E87: ='Orçamento-Projeto'!$D$37 -> Diárias | H87: =F87*G87 -> 0 | K87: =IF(H87>0,(H87-SUM(I87,J87)),"")
D88: 5.9 Locação de espaço para realização da feira, evento ou encontro de negócio. | E88: ='Orçamento-Projeto'!$D$38 -> Unidade | H88: =F88*G88 -> 0 | K88: =IF(H88>0,(H88-SUM(I88,J88)),"")
D89: 5.10 Contratação de serviços necessários à realização de feiras, eventos ou encontros de negócios (seguranças, recepcionistas, socorristas etc.). | E89: ='Orçamento-Projeto'!$D$39 -> Unidade | H89: =F89*G89 -> 0 | K89: =IF(H89>0,(H89-SUM(I89,J89)),"")
D90: 5.11 Coffee Break/Catering. | E90: ='Orçamento-Projeto'!$D$40 -> Unidade | H90: =F90*G90 -> 0 | K90: =IF(H90>0,(H90-SUM(I90,J90)),"")
B91: Custo da ação = | C91: =SUM(H80:H91) -> 0 | D91: 5.12 Locação de equipamentos audiovisuais. | E91: ='Orçamento-Projeto'!$D$41 -> Unidade | H91: =F91*G91 -> 0 | K91: =IF(H91>0,(H91-SUM(I91,J91)),"")
A92: E8 | B92: Descrição da Atividade | D92: 5.1 Contratação de consultoria para a preparação prévia das empresas. | E92: ='Orçamento-Projeto'!$D$30 -> Horas de trabalho | H92: =F92*G92 -> 0 | K92: =IF(H92>0,(H92-SUM(I92,J92)),"")
D93: 5.2 Serviços especializados de matchmaking. | E93: ='Orçamento-Projeto'!$D$31 -> Horas de trabalho | H93: =F93*G93 -> 0 | K93: =IF(H93>0,(H93-SUM(I93,J93)),"")
D94: 5.3 Diagramação e impressão de catálogo/guia do participante. | E94: ='Orçamento-Projeto'!$D$32 -> Unidade | H94: =F94*G94 -> 0 | K94: =IF(H94>0,(H94-SUM(I94,J94)),"")
D95: 5.4 Custos relacionados à divulgação da ação (produção de material promocional, serviços gráficos de reprodução e veiculação em rádio, TV e mídias sociais). | E95: ='Orçamento-Projeto'!$D$33 -> Unidade | H95: =F95*G95 -> 0 | K95: =IF(H95>0,(H95-SUM(I95,J95)),"")
D96: 5.5 Custos de deslocamento para corpo técnico e empresários participantes (custo de combustível, locação de veículos, passagens áreas ou rodoviárias, táxis ou transportes alternativos). | E96: ='Orçamento-Projeto'!$D$34 -> Unidade | H96: =F96*G96 -> 0 | K96: =IF(H96>0,(H96-SUM(I96,J96)),"")
D97: 5.6 Hospedagem e ajuda de custo para corpo técnico. | E97: ='Orçamento-Projeto'!$D$35 -> Diárias | H97: =F97*G97 -> 0 | K97: =IF(H97>0,(H97-SUM(I97,J97)),"")
D98: 5.7 Entradas/ingressos para feiras, eventos ou encontros de negócios. | E98: ='Orçamento-Projeto'!$D$36 -> Horas de trabalho | H98: =F98*G98 -> 0 | K98: =IF(H98>0,(H98-SUM(I98,J98)),"")
D99: 5.8 Locação de espaço em feira ou evento (estande). | E99: ='Orçamento-Projeto'!$D$37 -> Diárias | H99: =F99*G99 -> 0 | K99: =IF(H99>0,(H99-SUM(I99,J99)),"")
D100: 5.9 Locação de espaço para realização da feira, evento ou encontro de negócio. | E100: ='Orçamento-Projeto'!$D$38 -> Unidade | H100: =F100*G100 -> 0 | K100: =IF(H100>0,(H100-SUM(I100,J100)),"")
D101: 5.10 Contratação de serviços necessários à realização de feiras, eventos ou encontros de negócios (seguranças, recepcionistas, socorristas etc.). | E101: ='Orçamento-Projeto'!$D$39 -> Unidade | H101: =F101*G101 -> 0 | K101: =IF(H101>0,(H101-SUM(I101,J101)),"")
D102: 5.11 Coffee Break/Catering. | E102: ='Orçamento-Projeto'!$D$40 -> Unidade | H102: =F102*G102 -> 0 | K102: =IF(H102>0,(H102-SUM(I102,J102)),"")
B103: Custo da ação = | C103: =SUM(H92:H103) -> 0 | D103: 5.12 Locação de equipamentos audiovisuais. | E103: ='Orçamento-Projeto'!$D$41 -> Unidade | H103: =F103*G103 -> 0 | K103: =IF(H103>0,(H103-SUM(I103,J103)),"")

Sheet (VI) Gestão
A1: ATENÇÃO: Planilha para preenchimento exclusivo para ações do tipo Gestão, Estruturação, Monitoramento e Pesquisa de Resultados. Detalhar cada atividade individualmente, de acordo o plano de ações da proposta.
E2: DESCRIÇÃO DA DESPESA | I2: FONTE DE RECURSOS
A6: Atividades | D6: Despesas Elegíveis | E6: Unidade de Medida | F6: Quantidade | G6: Valor Unitário | H6: Valor Total | I6: Subsídio | J6: Contrapartida Econômica | K6: Contrapartida Financeira
A8: F1 | B8: Gestão, estruturação, monitoramento e pesquisa de resultados | D8: 6.1 Despesas Bancárias | E8: ='Orçamento-Projeto'!$D$42 -> Unidade | H8: =F8*G8 -> 0 | K8: =IF(H8>0,(H8-SUM(I8,J8)),"")
D9: 6.2 Horas técnicas da equipe da entidade proponente | E9: ='Orçamento-Projeto'!$D$43 -> Horas de trabalho | H9: =F9*G9 -> 0 | K9: =IF(H9>0,(H9-SUM(I9,J9)),"")
D10: 6.3 Contratação de consultoria (monitoramento e pesquisa de resultados) | E10: ='Orçamento-Projeto'!$D$44 -> Horas de trabalho | H10: =F10*G10 -> 0 | K10: =IF(H10>0,(H10-SUM(I10,J10)),"")
D11: 6.4 Despesas relacionadas a viagens e deslocamentos da equipe da entidade proponente para acompanhamento e/ou realização de ações do projeto | E11: ='Orçamento-Projeto'!$D$45 -> Unidade | H11: =F11*G11 -> 0 | K11: =IF(H11>0,(H11-SUM(I11,J11)),"")
B12: Custo da ação = | C12: =SUM(H8:H12) -> 0 | D12: 6.5 Despesas relacionadas à manutenção e funcionamento de escritórios e infraestrutura de apoio à execução do projeto | E12: ='Orçamento-Projeto'!$D$45 -> Unidade | H12: =F12*G12 -> 0 | K12: =IF(H12>0,(H12-SUM(I12,J12)),"")

Sheet Orçamento-Resumo-Ação
A2: ATENÇÃO: Planilha com preenchimento automático. Não é necessário definir manualmente nenhum dos campos apresentados. | H2: PARTICIPAÇÃO %
C3: FONTE DE RECURSOS
H4: Subsídio | I4: Contrapartida Econômica | J4: Contrapartida Financeira | K4: Total
H6: =VLOOKUP("Total Geral",$A$14:$F$42,3,)/VLOOKUP("Total Geral",$A$14:$F$42,6,) -> #DIV/0! | I6: =VLOOKUP("Total Geral",$A$14:$F$42,4,)/VLOOKUP("Total Geral",$A$14:$F$42,6,) -> #DIV/0! | J6: =VLOOKUP("Total Geral",$A$14:$F$42,5,)/VLOOKUP("Total Geral",$A$14:$F$42,6,) -> #DIV/0! | K6: =VLOOKUP("Total Geral",$A$14:$F$42,6,)/VLOOKUP("Total Geral",$A$14:$F$42,6,) -> #DIV/0!
A7: AÇÕES - DESPESAS AGREGADAS | C7: Subsídio | D7: Contrapartida Econômica | E7: Contrapartida Financeira | F7: Total
A12: AÇÃO ID | B12: DESCRIÇÃO | C12: Soma de Subsídio | D12: Soma de Contrapartida Econômica | E12: Soma de Contrapartida Financeira | F12: Soma de VALOR TOTAL
C13: 0 | D13: 0 | E13: 0 | F13: 0
A14: F1 | B14: Gestão, estruturação, monitoramento e pesquisa de resultados | C14: 0 | D14: 0 | E14: 0 | F14: 0 | H14: Atenção: ao concluir a elaboração do orçamento do projeto, atualize a tabela dinâmica para que todas as alterações realizadas sejam apresentadas corretamente. Clique com o botão direito do mouse em qualquer local na descrição das ações e selecione a opção "Atualizar".
A15: Total Geral | C15: 0 | D15: 0 | E15: 0 | F15: 0

Sheet Orçamento-Resumo
B1: ATENÇÃO: Planilha com preenchimento automático. Não é necessário definir manualmente nenhum dos campos apresentados. | I1: SIM
E2: FONTE DE RECURSOS | I2: NÃO
B6: AÇÕES ELEGÍVEIS - DESPESAS AGREGADAS | D6: Total | E6: Subsídio | F6: Contrapartida Econômica | G6: Contrapartida Financeira
B8: RECURSOS POR TIPO DE AÇÃO | C8: (I) Capacitações | D8: =SUM('Orçamento-Projeto'!G8:G16) -> 0 | E8: =SUM('Orçamento-Projeto'!H8:H16) -> 0 | F8: =SUM('Orçamento-Projeto'!I8:I16) -> 0 | G8: =SUM('Orçamento-Projeto'!J8:J16) -> 0
C9: (II) Consultorias | D9: =SUM('Orçamento-Projeto'!G17:G21) -> 0 | E9: =SUM('Orçamento-Projeto'!H17:H21) -> 0 | F9: =SUM('Orçamento-Projeto'!I17:I21) -> 0 | G9: =SUM('Orçamento-Projeto'!J17:J21) -> 0
C10: (III) Estudos | D10: =SUM('Orçamento-Projeto'!G22:G24) -> 0 | E10: =SUM('Orçamento-Projeto'!H22:H24) -> 0 | F10: =SUM('Orçamento-Projeto'!I22:I24) -> 0 | G10: =SUM('Orçamento-Projeto'!J22:J24) -> 0
C11: (IV) Visitas e Missões | D11: =SUM('Orçamento-Projeto'!G25:G29) -> 0 | E11: =SUM('Orçamento-Projeto'!H25:H29) -> 0 | F11: =SUM('Orçamento-Projeto'!I25:I29) -> 0 | G11: =SUM('Orçamento-Projeto'!J25:J29) -> 0
C12: (V) Feiras e Eventos | D12: =SUM('Orçamento-Projeto'!G30:G41) -> 0 | E12: =SUM('Orçamento-Projeto'!H30:H41) -> 0 | F12: =SUM('Orçamento-Projeto'!I30:I41) -> 0 | G12: =SUM('Orçamento-Projeto'!J30:J41) -> 0
C13: (VI) Gestão | D13: =SUM('Orçamento-Projeto'!G42:G46) -> 0 | E13: =SUM('Orçamento-Projeto'!H42:H46) -> 0 | F13: =SUM('Orçamento-Projeto'!I42:I46) -> 0 | G13: =SUM('Orçamento-Projeto'!J42:J46) -> 0
B15: VALOR TOTAL DO PROJETO | D15: =SUM(D8:D13) -> 0 | E15: =SUM(E8:E13) -> 0 | F15: =SUM(F8:F13) -> 0 | G15: =SUM(G8:G13) -> 0
B16: Participação | E16: =IFERROR(E15/$D$15,"") | F16: =IFERROR(F15/$D$15,"") | G16: =IFERROR(G15/$D$15,"")

Sheet Orçamento-Projeto
B1: ATENÇÃO: Planilha com preenchimento automático. Não é necessário definir manualmente nenhum dos campos apresentados. Caso seja necessário, altere aqui as unidades de medida utilizadas.
D2: DESCRIÇÃO DA DESPESA | H2: FONTE DE RECURSOS
B6: Ações Elegíveis | C6: Despesas Elegíveis | D6: Unidade de Medida | E6: Quantidade | F6: Valor Unitário Médio | G6: Total | H6: Subsídio | I6: Contrapartida Econômica | J6: Contrapartida Financeira
B8: (I) Capacitações, Oficinas, Workshops, Palestras e Seminários | C8: 1.1 Inscrição para capacitações, oficinas, workshops, palestras ou seminários. | D8: Número de inscrições | E8: =SUM('(I) Capacitações'!F8,'(I) Capacitações'!F17,'(I) Capacitações'!F26,'(I) Capacitações'!F35,'(I) Capacitações'!F44,'(I) Capacitações'!F53,'(I) Capacitações'!F62,'(I) Capacitações'!F71) -> 0 | F8: =IFERROR(AVERAGE('(I) Capacitações'!G8,'(I) Capacitações'!G17,'(I) Capacitações'!G26,'(I) Capacitações'!G35,'(I) Capacitações'!G44,'(I) Capacitações'!G53,'(I) Capacitações'!G62,'(I) Capacitações'!G71),"") | G8: =SUM('(I) Capacitações'!H8,'(I) Capacitações'!H17,'(I) Capacitações'!H26,'(I) Capacitações'!H35,'(I) Capacitações'!H44,'(I) Capacitações'!H53,'(I) Capacitações'!H62,'(I) Capacitações'!H71) -> 0 | H8: =SUM('(I) Capacitações'!I8,'(I) Capacitações'!I17,'(I) Capacitações'!I26,'(I) Capacitações'!I35,'(I) Capacitações'!I44,'(I) Capacitações'!I53,'(I) Capacitações'!I62,'(I) Capacitações'!I71) -> 0 | I8: =SUM('(I) Capacitações'!J8,'(I) Capacitações'!J17,'(I) Capacitações'!J26,'(I) Capacitações'!J35,'(I) Capacitações'!J44,'(I) Capacitações'!J53,'(I) Capacitações'!J62,'(I) Capacitações'!J71) -> 0 | J8: =SUM('(I) Capacitações'!K8,'(I) Capacitações'!K17,'(I) Capacitações'!K26,'(I) Capacitações'!K35,'(I) Capacitações'!K44,'(I) Capacitações'!K53,'(I) Capacitações'!K62,'(I) Capacitações'!K71) -> 0
C9: 1.2 Contratação de instrutor/palestrante. | D9: Horas de trabalho | E9: =SUM('(I) Capacitações'!F9,'(I) Capacitações'!F18,'(I) Capacitações'!F27,'(I) Capacitações'!F36,'(I) Capacitações'!F45,'(I) Capacitações'!F54,'(I) Capacitações'!F63,'(I) Capacitações'!F72) -> 0 | F9: =IFERROR(AVERAGE('(I) Capacitações'!G9,'(I) Capacitações'!G18,'(I) Capacitações'!G27,'(I) Capacitações'!G36,'(I) Capacitações'!G45,'(I) Capacitações'!G54,'(I) Capacitações'!G63,'(I) Capacitações'!G72),"") | G9: =SUM('(I) Capacitações'!H9,'(I) Capacitações'!H18,'(I) Capacitações'!H27,'(I) Capacitações'!H36,'(I) Capacitações'!H45,'(I) Capacitações'!H54,'(I) Capacitações'!H63,'(I) Capacitações'!H72) -> 0 | H9: =SUM('(I) Capacitações'!I9,'(I) Capacitações'!I18,'(I) Capacitações'!I27,'(I) Capacitações'!I36,'(I) Capacitações'!I45,'(I) Capacitações'!I54,'(I) Capacitações'!I63,'(I) Capacitações'!I72) -> 0 | I9: =SUM('(I) Capacitações'!J9,'(I) Capacitações'!J18,'(I) Capacitações'!J27,'(I) Capacitações'!J36,'(I) Capacitações'!J45,'(I) Capacitações'!J54,'(I) Capacitações'!J63,'(I) Capacitações'!J72) -> 0 | J9: =SUM('(I) Capacitações'!K9,'(I) Capacitações'!K18,'(I) Capacitações'!K27,'(I) Capacitações'!K36,'(I) Capacitações'!K45,'(I) Capacitações'!K54,'(I) Capacitações'!K63,'(I) Capacitações'!K72) -> 0
C10: 1.3 Preparação e impressão de materiais educativos. | D10: Unidade | E10: =SUM('(I) Capacitações'!F10,'(I) Capacitações'!F19,'(I) Capacitações'!F28,'(I) Capacitações'!F37,'(I) Capacitações'!F46,'(I) Capacitações'!F55,'(I) Capacitações'!F64,'(I) Capacitações'!F73) -> 0 | F10: =IFERROR(AVERAGE('(I) Capacitações'!G10,'(I) Capacitações'!G19,'(I) Capacitações'!G28,'(I) Capacitações'!G37,'(I) Capacitações'!G46,'(I) Capacitações'!G55,'(I) Capacitações'!G64,'(I) Capacitações'!G73),"") | G10: =SUM('(I) Capacitações'!H10,'(I) Capacitações'!H19,'(I) Capacitações'!H28,'(I) Capacitações'!H37,'(I) Capacitações'!H46,'(I) Capacitações'!H55,'(I) Capacitações'!H64,'(I) Capacitações'!H73) -> 0 | H10: =SUM('(I) Capacitações'!I10,'(I) Capacitações'!I19,'(I) Capacitações'!I28,'(I) Capacitações'!I37,'(I) Capacitações'!I46,'(I) Capacitações'!I55,'(I) Capacitações'!I64,'(I) Capacitações'!I73) -> 0 | I10: =SUM('(I) Capacitações'!J10,'(I) Capacitações'!J19,'(I) Capacitações'!J28,'(I) Capacitações'!J37,'(I) Capacitações'!J46,'(I) Capacitações'!J55,'(I) Capacitações'!J64,'(I) Capacitações'!J73) -> 0 | J10: =SUM('(I) Capacitações'!K10,'(I) Capacitações'!K19,'(I) Capacitações'!K28,'(I) Capacitações'!K37,'(I) Capacitações'!K46,'(I) Capacitações'!K55,'(I) Capacitações'!K64,'(I) Capacitações'!K73) -> 0
C11: 1.4 Custos relacionados à divulgação da ação (produção de material promocional, serviços gráficos de reprodução e veiculação em rádio, TV e mídias sociais). | D11: Unidade | E11: =SUM('(I) Capacitações'!F11,'(I) Capacitações'!F20,'(I) Capacitações'!F29,'(I) Capacitações'!F38,'(I) Capacitações'!F47,'(I) Capacitações'!F56,'(I) Capacitações'!F65,'(I) Capacitações'!F74) -> 0 | F11: =IFERROR(AVERAGE('(I) Capacitações'!G11,'(I) Capacitações'!G20,'(I) Capacitações'!G29,'(I) Capacitações'!G38,'(I) Capacitações'!G47,'(I) Capacitações'!G56,'(I) Capacitações'!G65,'(I) Capacitações'!G74),"") | G11: =SUM('(I) Capacitações'!H11,'(I) Capacitações'!H20,'(I) Capacitações'!H29,'(I) Capacitações'!H38,'(I) Capacitações'!H47,'(I) Capacitações'!H56,'(I) Capacitações'!H65,'(I) Capacitações'!H74) -> 0 | H11: =SUM('(I) Capacitações'!I11,'(I) Capacitações'!I20,'(I) Capacitações'!I29,'(I) Capacitações'!I38,'(I) Capacitações'!I47,'(I) Capacitações'!I56,'(I) Capacitações'!I65,'(I) Capacitações'!I74) -> 0 | I11: =SUM('(I) Capacitações'!J11,'(I) Capacitações'!J20,'(I) Capacitações'!J29,'(I) Capacitações'!J38,'(I) Capacitações'!J47,'(I) Capacitações'!J56,'(I) Capacitações'!J65,'(I) Capacitações'!J74) -> 0 | J11: =SUM('(I) Capacitações'!K11,'(I) Capacitações'!K20,'(I) Capacitações'!K29,'(I) Capacitações'!K38,'(I) Capacitações'!K47,'(I) Capacitações'!K56,'(I) Capacitações'!K65,'(I) Capacitações'!K74) -> 0
C12: 1.5 Custos de deslocamento para instrutores/palestrantes e participantes (custo de combustível, locação de veículos, passagens áreas ou rodoviárias, táxis ou transportes alternativos). | D12: Unidade | E12: =SUM('(I) Capacitações'!F12,'(I) Capacitações'!F21,'(I) Capacitações'!F30,'(I) Capacitações'!F39,'(I) Capacitações'!F48,'(I) Capacitações'!F57,'(I) Capacitações'!F66,'(I) Capacitações'!F75) -> 0 | F12: =IFERROR(AVERAGE('(I) Capacitações'!G12,'(I) Capacitações'!G21,'(I) Capacitações'!G30,'(I) Capacitações'!G39,'(I) Capacitações'!G48,'(I) Capacitações'!G57,'(I) Capacitações'!G66,'(I) Capacitações'!G75),"") | G12: =SUM('(I) Capacitações'!H12,'(I) Capacitações'!H21,'(I) Capacitações'!H30,'(I) Capacitações'!H39,'(I) Capacitações'!H48,'(I) Capacitações'!H57,'(I) Capacitações'!H66,'(I) Capacitações'!H75) -> 0 | H12: =SUM('(I) Capacitações'!I12,'(I) Capacitações'!I21,'(I) Capacitações'!I30,'(I) Capacitações'!I39,'(I) Capacitações'!I48,'(I) Capacitações'!I57,'(I) Capacitações'!I66,'(I) Capacitações'!I75) -> 0 | I12: =SUM('(I) Capacitações'!J12,'(I) Capacitações'!J21,'(I) Capacitações'!J30,'(I) Capacitações'!J39,'(I) Capacitações'!J48,'(I) Capacitações'!J57,'(I) Capacitações'!J66,'(I) Capacitações'!J75) -> 0 | J12: =SUM('(I) Capacitações'!K12,'(I) Capacitações'!K21,'(I) Capacitações'!K30,'(I) Capacitações'!K39,'(I) Capacitações'!K48,'(I) Capacitações'!K57,'(I) Capacitações'!K66,'(I) Capacitações'!K75) -> 0
C13: 1.6 Hospedagem e ajuda de custo para instrutores/palestrantes. | D13: Diárias | E13: =SUM('(I) Capacitações'!F13,'(I) Capacitações'!F22,'(I) Capacitações'!F31,'(I) Capacitações'!F40,'(I) Capacitações'!F49,'(I) Capacitações'!F58,'(I) Capacitações'!F67,'(I) Capacitações'!F76) -> 0 | F13: =IFERROR(AVERAGE('(I) Capacitações'!G13,'(I) Capacitações'!G22,'(I) Capacitações'!G31,'(I) Capacitações'!G40,'(I) Capacitações'!G49,'(I) Capacitações'!G58,'(I) Capacitações'!G67,'(I) Capacitações'!G76),"") | G13: =SUM('(I) Capacitações'!H13,'(I) Capacitações'!H22,'(I) Capacitações'!H31,'(I) Capacitações'!H40,'(I) Capacitações'!H49,'(I) Capacitações'!H58,'(I) Capacitações'!H67,'(I) Capacitações'!H76) -> 0 | H13: =SUM('(I) Capacitações'!I13,'(I) Capacitações'!I22,'(I) Capacitações'!I31,'(I) Capacitações'!I40,'(I) Capacitações'!I49,'(I) Capacitações'!I58,'(I) Capacitações'!I67,'(I) Capacitações'!I76) -> 0 | I13: =SUM('(I) Capacitações'!J13,'(I) Capacitações'!J22,'(I) Capacitações'!J31,'(I) Capacitações'!J40,'(I) Capacitações'!J49,'(I) Capacitações'!J58,'(I) Capacitações'!J67,'(I) Capacitações'!J76) -> 0 | J13: =SUM('(I) Capacitações'!K13,'(I) Capacitações'!K22,'(I) Capacitações'!K31,'(I) Capacitações'!K40,'(I) Capacitações'!K49,'(I) Capacitações'!K58,'(I) Capacitações'!K67,'(I) Capacitações'!K76) -> 0
C14: 1.7 Locação de espaço. | D14: Diárias | E14: =SUM('(I) Capacitações'!F14,'(I) Capacitações'!F23,'(I) Capacitações'!F32,'(I) Capacitações'!F41,'(I) Capacitações'!F50,'(I) Capacitações'!F59,'(I) Capacitações'!F68,'(I) Capacitações'!F77) -> 0 | F14: =IFERROR(AVERAGE('(I) Capacitações'!G14,'(I) Capacitações'!G23,'(I) Capacitações'!G32,'(I) Capacitações'!G41,'(I) Capacitações'!G50,'(I) Capacitações'!G59,'(I) Capacitações'!G68,'(I) Capacitações'!G77),"") | G14: =SUM('(I) Capacitações'!H14,'(I) Capacitações'!H23,'(I) Capacitações'!H32,'(I) Capacitações'!H41,'(I) Capacitações'!H50,'(I) Capacitações'!H59,'(I) Capacitações'!H68,'(I) Capacitações'!H77) -> 0 | H14: =SUM('(I) Capacitações'!I14,'(I) Capacitações'!I23,'(I) Capacitações'!I32,'(I) Capacitações'!I41,'(I) Capacitações'!I50,'(I) Capacitações'!I59,'(I) Capacitações'!I68,'(I) Capacitações'!I77) -> 0 | I14: =SUM('(I) Capacitações'!J14,'(I) Capacitações'!J23,'(I) Capacitações'!J32,'(I) Capacitações'!J41,'(I) Capacitações'!J50,'(I) Capacitações'!J59,'(I) Capacitações'!J68,'(I) Capacitações'!J77) -> 0 | J14: =SUM('(I) Capacitações'!K14,'(I) Capacitações'!K23,'(I) Capacitações'!K32,'(I) Capacitações'!K41,'(I) Capacitações'!K50,'(I) Capacitações'!K59,'(I) Capacitações'!K68,'(I) Capacitações'!K77) -> 0
C15: 1.8 Locação de equipamentos audiovisuais. | D15: Diárias | E15: =SUM('(I) Capacitações'!F15,'(I) Capacitações'!F24,'(I) Capacitações'!F33,'(I) Capacitações'!F42,'(I) Capacitações'!F51,'(I) Capacitações'!F60,'(I) Capacitações'!F69,'(I) Capacitações'!F78) -> 0 | F15: =IFERROR(AVERAGE('(I) Capacitações'!G15,'(I) Capacitações'!G24,'(I) Capacitações'!G33,'(I) Capacitações'!G42,'(I) Capacitações'!G51,'(I) Capacitações'!G60,'(I) Capacitações'!G69,'(I) Capacitações'!G78),"") | G15: =SUM('(I) Capacitações'!H15,'(I) Capacitações'!H24,'(I) Capacitações'!H33,'(I) Capacitações'!H42,'(I) Capacitações'!H51,'(I) Capacitações'!H60,'(I) Capacitações'!H69,'(I) Capacitações'!H78) -> 0 | H15: =SUM('(I) Capacitações'!I15,'(I) Capacitações'!I24,'(I) Capacitações'!I33,'(I) Capacitações'!I42,'(I) Capacitações'!I51,'(I) Capacitações'!I60,'(I) Capacitações'!I69,'(I) Capacitações'!I78) -> 0 | I15: =SUM('(I) Capacitações'!J15,'(I) Capacitações'!J24,'(I) Capacitações'!J33,'(I) Capacitações'!J42,'(I) Capacitações'!J51,'(I) Capacitações'!J60,'(I) Capacitações'!J69,'(I) Capacitações'!J78) -> 0 | J15: =SUM('(I) Capacitações'!K15,'(I) Capacitações'!K24,'(I) Capacitações'!K33,'(I) Capacitações'!K42,'(I) Capacitações'!K51,'(I) Capacitações'!K60,'(I) Capacitações'!K69,'(I) Capacitações'!K78) -> 0
C16: 1.9 Coffee Break e catering | D16: Unidade | E16: =SUM('(I) Capacitações'!F16,'(I) Capacitações'!F25,'(I) Capacitações'!F34,'(I) Capacitações'!F43,'(I) Capacitações'!F52,'(I) Capacitações'!F61,'(I) Capacitações'!F70,'(I) Capacitações'!F79) -> 0 | F16: =IFERROR(AVERAGE('(I) Capacitações'!G16,'(I) Capacitações'!G25,'(I) Capacitações'!G34,'(I) Capacitações'!G43,'(I) Capacitações'!G52,'(I) Capacitações'!G61,'(I) Capacitações'!G70,'(I) Capacitações'!G79),"") | G16: =SUM('(I) Capacitações'!H16,'(I) Capacitações'!H25,'(I) Capacitações'!H34,'(I) Capacitações'!H43,'(I) Capacitações'!H52,'(I) Capacitações'!H61,'(I) Capacitações'!H70,'(I) Capacitações'!H79) -> 0 | H16: =SUM('(I) Capacitações'!I16,'(I) Capacitações'!I25,'(I) Capacitações'!I34,'(I) Capacitações'!I43,'(I) Capacitações'!I52,'(I) Capacitações'!I61,'(I) Capacitações'!I70,'(I) Capacitações'!I79) -> 0 | I16: =SUM('(I) Capacitações'!J16,'(I) Capacitações'!J25,'(I) Capacitações'!J34,'(I) Capacitações'!J43,'(I) Capacitações'!J52,'(I) Capacitações'!J61,'(I) Capacitações'!J70,'(I) Capacitações'!J79) -> 0 | J16: =SUM('(I) Capacitações'!K16,'(I) Capacitações'!K25,'(I) Capacitações'!K34,'(I) Capacitações'!K43,'(I) Capacitações'!K52,'(I) Capacitações'!K61,'(I) Capacitações'!K70,'(I) Capacitações'!K79) -> 0
B17: (II) Consultorias e Mentorias | C17: 2.1 Contratação de consultoria/mentoria. | D17: Horas de trabalho | E17: =SUM('(II) Consultorias'!F8,'(II) Consultorias'!F13,'(II) Consultorias'!F18,'(II) Consultorias'!F23,'(II) Consultorias'!F28,'(II) Consultorias'!F33,'(II) Consultorias'!F38,'(II) Consultorias'!F43) -> 0 | F17: =IFERROR(AVERAGE('(II) Consultorias'!G8,'(II) Consultorias'!G13,'(II) Consultorias'!G18,'(II) Consultorias'!G23,'(II) Consultorias'!G28,'(II) Consultorias'!G33,'(II) Consultorias'!G38,'(II) Consultorias'!G43),"") | G17: =SUM('(II) Consultorias'!H8,'(II) Consultorias'!H13,'(II) Consultorias'!H18,'(II) Consultorias'!H23,'(II) Consultorias'!H28,'(II) Consultorias'!H33,'(II) Consultorias'!H38,'(II) Consultorias'!H43) -> 0 | H17: =SUM('(II) Consultorias'!I8,'(II) Consultorias'!I13,'(II) Consultorias'!I18,'(II) Consultorias'!I23,'(II) Consultorias'!I28,'(II) Consultorias'!I33,'(II) Consultorias'!I38,'(II) Consultorias'!I43) -> 0 | I17: =SUM('(II) Consultorias'!J8,'(II) Consultorias'!J13,'(II) Consultorias'!J18,'(II) Consultorias'!J23,'(II) Consultorias'!J28,'(II) Consultorias'!J33,'(II) Consultorias'!J38,'(II) Consultorias'!J43) -> 0 | J17: =SUM('(II) Consultorias'!K8,'(II) Consultorias'!K13,'(II) Consultorias'!K18,'(II) Consultorias'!K23,'(II) Consultorias'!K28,'(II) Consultorias'!K33,'(II) Consultorias'!K38,'(II) Consultorias'!K43) -> 0
C18: 2.2 Preparação e impressão de materiais. | D18: Unidade | E18: =SUM('(II) Consultorias'!F9,'(II) Consultorias'!F14,'(II) Consultorias'!F19,'(II) Consultorias'!F24,'(II) Consultorias'!F29,'(II) Consultorias'!F34,'(II) Consultorias'!F39,'(II) Consultorias'!F44) -> 0 | F18: =IFERROR(AVERAGE('(II) Consultorias'!G9,'(II) Consultorias'!G14,'(II) Consultorias'!G19,'(II) Consultorias'!G24,'(II) Consultorias'!G29,'(II) Consultorias'!G34,'(II) Consultorias'!G39,'(II) Consultorias'!G44),"") | G18: =SUM('(II) Consultorias'!H9,'(II) Consultorias'!H14,'(II) Consultorias'!H19,'(II) Consultorias'!H24,'(II) Consultorias'!H29,'(II) Consultorias'!H34,'(II) Consultorias'!H39,'(II) Consultorias'!H44) -> 0 | H18: =SUM('(II) Consultorias'!I9,'(II) Consultorias'!I14,'(II) Consultorias'!I19,'(II) Consultorias'!I24,'(II) Consultorias'!I29,'(II) Consultorias'!I34,'(II) Consultorias'!I39,'(II) Consultorias'!I44) -> 0 | I18: =SUM('(II) Consultorias'!J9,'(II) Consultorias'!J14,'(II) Consultorias'!J19,'(II) Consultorias'!J24,'(II) Consultorias'!J29,'(II) Consultorias'!J34,'(II) Consultorias'!J39,'(II) Consultorias'!J44) -> 0 | J18: =SUM('(II) Consultorias'!K9,'(II) Consultorias'!K14,'(II) Consultorias'!K19,'(II) Consultorias'!K24,'(II) Consultorias'!K29,'(II) Consultorias'!K34,'(II) Consultorias'!K39,'(II) Consultorias'!K44) -> 0
C19: 2.3 Custos relacionados à divulgação da ação (produção de material promocional, serviços gráficos de reprodução e veiculação em rádio, TV e mídias sociais). | D19: Unidade | E19: =SUM('(II) Consultorias'!F10,'(II) Consultorias'!F15,'(II) Consultorias'!F20,'(II) Consultorias'!F25,'(II) Consultorias'!F30,'(II) Consultorias'!F35,'(II) Consultorias'!F40,'(II) Consultorias'!F45) -> 0 | F19: =IFERROR(AVERAGE('(II) Consultorias'!G10,'(II) Consultorias'!G15,'(II) Consultorias'!G20,'(II) Consultorias'!G25,'(II) Consultorias'!G30,'(II) Consultorias'!G35,'(II) Consultorias'!G40,'(II) Consultorias'!G45),"") | G19: =SUM('(II) Consultorias'!H10,'(II) Consultorias'!H15,'(II) Consultorias'!H20,'(II) Consultorias'!H25,'(II) Consultorias'!H30,'(II) Consultorias'!H35,'(II) Consultorias'!H40,'(II) Consultorias'!H45) -> 0 | H19: =SUM('(II) Consultorias'!I10,'(II) Consultorias'!I15,'(II) Consultorias'!I20,'(II) Consultorias'!I25,'(II) Consultorias'!I30,'(II) Consultorias'!I35,'(II) Consultorias'!I40,'(II) Consultorias'!I45) -> 0 | I19: =SUM('(II) Consultorias'!J10,'(II) Consultorias'!J15,'(II) Consultorias'!J20,'(II) Consultorias'!J25,'(II) Consultorias'!J30,'(II) Consultorias'!J35,'(II) Consultorias'!J40,'(II) Consultorias'!J45) -> 0 | J19: =SUM('(II) Consultorias'!K10,'(II) Consultorias'!K15,'(II) Consultorias'!K20,'(II) Consultorias'!K25,'(II) Consultorias'!K30,'(II) Consultorias'!K35,'(II) Consultorias'!K40,'(II) Consultorias'!K45) -> 0
C20: 2.4 Custos de deslocamento para consultores/mentores (custo de combustível, locação de veículos, passagens aéreas ou rodoviárias, táxis ou transportes alternativos). | D20: Unidade | E20: =SUM('(II) Consultorias'!F11,'(II) Consultorias'!F16,'(II) Consultorias'!F21,'(II) Consultorias'!F26,'(II) Consultorias'!F31,'(II) Consultorias'!F36,'(II) Consultorias'!F41,'(II) Consultorias'!F46) -> 0 | F20: =IFERROR(AVERAGE('(II) Consultorias'!G11,'(II) Consultorias'!G16,'(II) Consultorias'!G21,'(II) Consultorias'!G26,'(II) Consultorias'!G31,'(II) Consultorias'!G36,'(II) Consultorias'!G41,'(II) Consultorias'!G46),"") | G20: =SUM('(II) Consultorias'!H11,'(II) Consultorias'!H16,'(II) Consultorias'!H21,'(II) Consultorias'!H26,'(II) Consultorias'!H31,'(II) Consultorias'!H36,'(II) Consultorias'!H41,'(II) Consultorias'!H46) -> 0 | H20: =SUM('(II) Consultorias'!I11,'(II) Consultorias'!I16,'(II) Consultorias'!I21,'(II) Consultorias'!I26,'(II) Consultorias'!I31,'(II) Consultorias'!I36,'(II) Consultorias'!I41,'(II) Consultorias'!I46) -> 0 | I20: =SUM('(II) Consultorias'!J11,'(II) Consultorias'!J16,'(II) Consultorias'!J21,'(II) Consultorias'!J26,'(II) Consultorias'!J31,'(II) Consultorias'!J36,'(II) Consultorias'!J41,'(II) Consultorias'!J46) -> 0 | J20: =SUM('(II) Consultorias'!K11,'(II) Consultorias'!K16,'(II) Consultorias'!K21,'(II) Consultorias'!K26,'(II) Consultorias'!K31,'(II) Consultorias'!K36,'(II) Consultorias'!K41,'(II) Consultorias'!K46) -> 0
C21: 2.5 Hospedagem e ajuda de custo para consultores/mentores. | D21: Diárias | E21: =SUM('(II) Consultorias'!F12,'(II) Consultorias'!F17,'(II) Consultorias'!F22,'(II) Consultorias'!F27,'(II) Consultorias'!F32,'(II) Consultorias'!F37,'(II) Consultorias'!F42,'(II) Consultorias'!F47) -> 0 | F21: =IFERROR(AVERAGE('(II) Consultorias'!G12,'(II) Consultorias'!G17,'(II) Consultorias'!G22,'(II) Consultorias'!G27,'(II) Consultorias'!G32,'(II) Consultorias'!G37,'(II) Consultorias'!G42,'(II) Consultorias'!G47),"") | G21: =SUM('(II) Consultorias'!H12,'(II) Consultorias'!H17,'(II) Consultorias'!H22,'(II) Consultorias'!H27,'(II) Consultorias'!H32,'(II) Consultorias'!H37,'(II) Consultorias'!H42,'(II) Consultorias'!H47) -> 0 | H21: =SUM('(II) Consultorias'!I12,'(II) Consultorias'!I17,'(II) Consultorias'!I22,'(II) Consultorias'!I27,'(II) Consultorias'!I32,'(II) Consultorias'!I37,'(II) Consultorias'!I42,'(II) Consultorias'!I47) -> 0 | I21: =SUM('(II) Consultorias'!J12,'(II) Consultorias'!J17,'(II) Consultorias'!J22,'(II) Consultorias'!J27,'(II) Consultorias'!J32,'(II) Consultorias'!J37,'(II) Consultorias'!J42,'(II) Consultorias'!J47) -> 0 | J21: =SUM('(II) Consultorias'!K12,'(II) Consultorias'!K17,'(II) Consultorias'!K22,'(II) Consultorias'!K27,'(II) Consultorias'!K32,'(II) Consultorias'!K37,'(II) Consultorias'!K42,'(II) Consultorias'!K47) -> 0
B22: (III) Estudos e Pesquisas | C22: 3.1 Contratação de estudos/pesquisas (consultorias especializadas). | D22: Unidade | E22: =SUM('(III) Estudos'!F8,'(III) Estudos'!F11,'(III) Estudos'!F14,'(III) Estudos'!F17,'(III) Estudos'!F20,'(III) Estudos'!F23,'(III) Estudos'!F26,'(III) Estudos'!F29) -> 0 | F22: =IFERROR(AVERAGE('(III) Estudos'!G8,'(III) Estudos'!G11,'(III) Estudos'!G14,'(III) Estudos'!G17,'(III) Estudos'!G20,'(III) Estudos'!G23,'(III) Estudos'!G26,'(III) Estudos'!G29),"") | G22: =SUM('(III) Estudos'!H8,'(III) Estudos'!H11,'(III) Estudos'!H14,'(III) Estudos'!H17,'(III) Estudos'!H20,'(III) Estudos'!H23,'(III) Estudos'!H26,'(III) Estudos'!H29) -> 0 | H22: =SUM('(III) Estudos'!I8,'(III) Estudos'!I11,'(III) Estudos'!I14,'(III) Estudos'!I17,'(III) Estudos'!I20,'(III) Estudos'!I23,'(III) Estudos'!I26,'(III) Estudos'!I29) -> 0 | I22: =SUM('(III) Estudos'!J8,'(III) Estudos'!J11,'(III) Estudos'!J14,'(III) Estudos'!J17,'(III) Estudos'!J20,'(III) Estudos'!J23,'(III) Estudos'!J26,'(III) Estudos'!J29) -> 0 | J22: =SUM('(III) Estudos'!K8,'(III) Estudos'!K11,'(III) Estudos'!K14,'(III) Estudos'!K17,'(III) Estudos'!K20,'(III) Estudos'!K23,'(III) Estudos'!K26,'(III) Estudos'!K29) -> 0
C23: 3.2 Custos relacionados à divulgação da ação (produção de material promocional, serviços gráficos de reprodução e veiculação em rádio, TV e mídias sociais). | D23: Unidade | E23: =SUM('(III) Estudos'!F9,'(III) Estudos'!F12,'(III) Estudos'!F15,'(III) Estudos'!F18,'(III) Estudos'!F21,'(III) Estudos'!F24,'(III) Estudos'!F27,'(III) Estudos'!F30) -> 0 | F23: =IFERROR(AVERAGE('(III) Estudos'!G9,'(III) Estudos'!G12,'(III) Estudos'!G15,'(III) Estudos'!G18,'(III) Estudos'!G21,'(III) Estudos'!G24,'(III) Estudos'!G27,'(III) Estudos'!G30),"") | G23: =SUM('(III) Estudos'!H9,'(III) Estudos'!H12,'(III) Estudos'!H15,'(III) Estudos'!H18,'(III) Estudos'!H21,'(III) Estudos'!H24,'(III) Estudos'!H27,'(III) Estudos'!H30) -> 0 | H23: =SUM('(III) Estudos'!I9,'(III) Estudos'!I12,'(III) Estudos'!I15,'(III) Estudos'!I18,'(III) Estudos'!I21,'(III) Estudos'!I24,'(III) Estudos'!I27,'(III) Estudos'!I30) -> 0 | I23: =SUM('(III) Estudos'!J9,'(III) Estudos'!J12,'(III) Estudos'!J15,'(III) Estudos'!J18,'(III) Estudos'!J21,'(III) Estudos'!J24,'(III) Estudos'!J27,'(III) Estudos'!J30) -> 0 | J23: =SUM('(III) Estudos'!K9,'(III) Estudos'!K12,'(III) Estudos'!K15,'(III) Estudos'!K18,'(III) Estudos'!K21,'(III) Estudos'!K24,'(III) Estudos'!K27,'(III) Estudos'!K30) -> 0
C24: 3.3 Custos relacionados à divulgação dos estudos e pesquisas desenvolvidos às empresas beneficiadas (locação de espaço e estrutura audiovisual e/ou estrutura para divulgação em ambiente digital). | D24: Unidade | E24: =SUM('(III) Estudos'!F10,'(III) Estudos'!F13,'(III) Estudos'!F16,'(III) Estudos'!F19,'(III) Estudos'!F22,'(III) Estudos'!F25,'(III) Estudos'!F28,'(III) Estudos'!F31) -> 0 | F24: =IFERROR(AVERAGE('(III) Estudos'!G10,'(III) Estudos'!G13,'(III) Estudos'!G16,'(III) Estudos'!G19,'(III) Estudos'!G22,'(III) Estudos'!G25,'(III) Estudos'!G28,'(III) Estudos'!G31),"") | G24: =SUM('(III) Estudos'!H10,'(III) Estudos'!H13,'(III) Estudos'!H16,'(III) Estudos'!H19,'(III) Estudos'!H22,'(III) Estudos'!H25,'(III) Estudos'!H28,'(III) Estudos'!H31) -> 0 | H24: =SUM('(III) Estudos'!I10,'(III) Estudos'!I13,'(III) Estudos'!I16,'(III) Estudos'!I19,'(III) Estudos'!I22,'(III) Estudos'!I25,'(III) Estudos'!I28,'(III) Estudos'!I31) -> 0 | I24: =SUM('(III) Estudos'!J10,'(III) Estudos'!J13,'(III) Estudos'!J16,'(III) Estudos'!J19,'(III) Estudos'!J22,'(III) Estudos'!J25,'(III) Estudos'!J28,'(III) Estudos'!J31) -> 0 | J24: =SUM('(III) Estudos'!K10,'(III) Estudos'!K13,'(III) Estudos'!K16,'(III) Estudos'!K19,'(III) Estudos'!K22,'(III) Estudos'!K25,'(III) Estudos'!K28,'(III) Estudos'!K31) -> 0
B25: (IV) Visitas Técnicas e Missões de Conhecimento ou Bencmarking | C25: 4.1 Consultoria de apoio para a preparação da missão. | D25: Horas de trabalho | E25: =SUM('(IV) Visitas e Missões'!F8,'(IV) Visitas e Missões'!F13,'(IV) Visitas e Missões'!F18,'(IV) Visitas e Missões'!F23,'(IV) Visitas e Missões'!F28,'(IV) Visitas e Missões'!F33,'(IV) Visitas e Missões'!F38,'(IV) Visitas e Missões'!F43) -> 0 | F25: =IFERROR(AVERAGE('(IV) Visitas e Missões'!G8,'(IV) Visitas e Missões'!G13,'(IV) Visitas e Missões'!G18,'(IV) Visitas e Missões'!G23,'(IV) Visitas e Missões'!G28,'(IV) Visitas e Missões'!G33,'(IV) Visitas e Missões'!G38,'(IV) Visitas e Missões'!G43),"") | G25: =SUM('(IV) Visitas e Missões'!H8,'(IV) Visitas e Missões'!H13,'(IV) Visitas e Missões'!H18,'(IV) Visitas e Missões'!H23,'(IV) Visitas e Missões'!H28,'(IV) Visitas e Missões'!H33,'(IV) Visitas e Missões'!H38,'(IV) Visitas e Missões'!H43) -> 0 | H25: =SUM('(IV) Visitas e Missões'!I8,'(IV) Visitas e Missões'!I13,'(IV) Visitas e Missões'!I18,'(IV) Visitas e Missões'!I23,'(IV) Visitas e Missões'!I28,'(IV) Visitas e Missões'!I33,'(IV) Visitas e Missões'!I38,'(IV) Visitas e Missões'!I43) -> 0 | I25: =SUM('(IV) Visitas e Missões'!J8,'(IV) Visitas e Missões'!J13,'(IV) Visitas e Missões'!J18,'(IV) Visitas e Missões'!J23,'(IV) Visitas e Missões'!J28,'(IV) Visitas e Missões'!J33,'(IV) Visitas e Missões'!J38,'(IV) Visitas e Missões'!J43) -> 0 | J25: =SUM('(IV) Visitas e Missões'!K8,'(IV) Visitas e Missões'!K13,'(IV) Visitas e Missões'!K18,'(IV) Visitas e Missões'!K23,'(IV) Visitas e Missões'!K28,'(IV) Visitas e Missões'!K33,'(IV) Visitas e Missões'!K38,'(IV) Visitas e Missões'!K43) -> 0
C26: 4.2 Diagramação e impressão de catálogo/guia do participante. | D26: Unidade | E26: =SUM('(IV) Visitas e Missões'!F9,'(IV) Visitas e Missões'!F14,'(IV) Visitas e Missões'!F19,'(IV) Visitas e Missões'!F24,'(IV) Visitas e Missões'!F29,'(IV) Visitas e Missões'!F34,'(IV) Visitas e Missões'!F39,'(IV) Visitas e Missões'!F44) -> 0 | F26: =IFERROR(AVERAGE('(IV) Visitas e Missões'!G9,'(IV) Visitas e Missões'!G14,'(IV) Visitas e Missões'!G19,'(IV) Visitas e Missões'!G24,'(IV) Visitas e Missões'!G29,'(IV) Visitas e Missões'!G34,'(IV) Visitas e Missões'!G39,'(IV) Visitas e Missões'!G44),"") | G26: =SUM('(IV) Visitas e Missões'!H9,'(IV) Visitas e Missões'!H14,'(IV) Visitas e Missões'!H19,'(IV) Visitas e Missões'!H24,'(IV) Visitas e Missões'!H29,'(IV) Visitas e Missões'!H34,'(IV) Visitas e Missões'!H39,'(IV) Visitas e Missões'!H44) -> 0 | H26: =SUM('(IV) Visitas e Missões'!I9,'(IV) Visitas e Missões'!I14,'(IV) Visitas e Missões'!I19,'(IV) Visitas e Missões'!I24,'(IV) Visitas e Missões'!I29,'(IV) Visitas e Missões'!I34,'(IV) Visitas e Missões'!I39,'(IV) Visitas e Missões'!I44) -> 0 | I26: =SUM('(IV) Visitas e Missões'!J9,'(IV) Visitas e Missões'!J14,'(IV) Visitas e Missões'!J19,'(IV) Visitas e Missões'!J24,'(IV) Visitas e Missões'!J29,'(IV) Visitas e Missões'!J34,'(IV) Visitas e Missões'!J39,'(IV) Visitas e Missões'!J44) -> 0 | J26: =SUM('(IV) Visitas e Missões'!K9,'(IV) Visitas e Missões'!K14,'(IV) Visitas e Missões'!K19,'(IV) Visitas e Missões'!K24,'(IV) Visitas e Missões'!K29,'(IV) Visitas e Missões'!K34,'(IV) Visitas e Missões'!K39,'(IV) Visitas e Missões'!K44) -> 0
C27: 4.3 Custos relacionados à divulgação da ação (produção de material promocional, serviços gráficos de reprodução e veiculação em rádio, TV e mídias sociais). | D27: Unidade | E27: =SUM('(IV) Visitas e Missões'!F10,'(IV) Visitas e Missões'!F15,'(IV) Visitas e Missões'!F20,'(IV) Visitas e Missões'!F25,'(IV) Visitas e Missões'!F30,'(IV) Visitas e Missões'!F35,'(IV) Visitas e Missões'!F40,'(IV) Visitas e Missões'!F45) -> 0 | F27: =IFERROR(AVERAGE('(IV) Visitas e Missões'!G10,'(IV) Visitas e Missões'!G15,'(IV) Visitas e Missões'!G20,'(IV) Visitas e Missões'!G25,'(IV) Visitas e Missões'!G30,'(IV) Visitas e Missões'!G35,'(IV) Visitas e Missões'!G40,'(IV) Visitas e Missões'!G45),"") | G27: =SUM('(IV) Visitas e Missões'!H10,'(IV) Visitas e Missões'!H15,'(IV) Visitas e Missões'!H20,'(IV) Visitas e Missões'!H25,'(IV) Visitas e Missões'!H30,'(IV) Visitas e Missões'!H35,'(IV) Visitas e Missões'!H40,'(IV) Visitas e Missões'!H45) -> 0 | H27: =SUM('(IV) Visitas e Missões'!I10,'(IV) Visitas e Missões'!I15,'(IV) Visitas e Missões'!I20,'(IV) Visitas e Missões'!I25,'(IV) Visitas e Missões'!I30,'(IV) Visitas e Missões'!I35,'(IV) Visitas e Missões'!I40,'(IV) Visitas e Missões'!I45) -> 0 | I27: =SUM('(IV) Visitas e Missões'!J10,'(IV) Visitas e Missões'!J15,'(IV) Visitas e Missões'!J20,'(IV) Visitas e Missões'!J25,'(IV) Visitas e Missões'!J30,'(IV) Visitas e Missões'!J35,'(IV) Visitas e Missões'!J40,'(IV) Visitas e Missões'!J45) -> 0 | J27: =SUM('(IV) Visitas e Missões'!K10,'(IV) Visitas e Missões'!K15,'(IV) Visitas e Missões'!K20,'(IV) Visitas e Missões'!K25,'(IV) Visitas e Missões'!K30,'(IV) Visitas e Missões'!K35,'(IV) Visitas e Missões'!K40,'(IV) Visitas e Missões'!K45) -> 0
C28: 4.4 Custos de deslocamento para corpo técnico e empresários participantes (custo de combustível, locação de veículos, passagens áreas ou rodoviárias, táxis ou transportes alternativos). | D28: Unidade | E28: =SUM('(IV) Visitas e Missões'!F11,'(IV) Visitas e Missões'!F16,'(IV) Visitas e Missões'!F21,'(IV) Visitas e Missões'!F26,'(IV) Visitas e Missões'!F31,'(IV) Visitas e Missões'!F36,'(IV) Visitas e Missões'!F41,'(IV) Visitas e Missões'!F46) -> 0 | F28: =IFERROR(AVERAGE('(IV) Visitas e Missões'!G11,'(IV) Visitas e Missões'!G16,'(IV) Visitas e Missões'!G21,'(IV) Visitas e Missões'!G26,'(IV) Visitas e Missões'!G31,'(IV) Visitas e Missões'!G36,'(IV) Visitas e Missões'!G41,'(IV) Visitas e Missões'!G46),"") | G28: =SUM('(IV) Visitas e Missões'!H11,'(IV) Visitas e Missões'!H16,'(IV) Visitas e Missões'!H21,'(IV) Visitas e Missões'!H26,'(IV) Visitas e Missões'!H31,'(IV) Visitas e Missões'!H36,'(IV) Visitas e Missões'!H41,'(IV) Visitas e Missões'!H46) -> 0 | H28: =SUM('(IV) Visitas e Missões'!I11,'(IV) Visitas e Missões'!I16,'(IV) Visitas e Missões'!I21,'(IV) Visitas e Missões'!I26,'(IV) Visitas e Missões'!I31,'(IV) Visitas e Missões'!I36,'(IV) Visitas e Missões'!I41,'(IV) Visitas e Missões'!I46) -> 0 | I28: =SUM('(IV) Visitas e Missões'!J11,'(IV) Visitas e Missões'!J16,'(IV) Visitas e Missões'!J21,'(IV) Visitas e Missões'!J26,'(IV) Visitas e Missões'!J31,'(IV) Visitas e Missões'!J36,'(IV) Visitas e Missões'!J41,'(IV) Visitas e Missões'!J46) -> 0 | J28: =SUM('(IV) Visitas e Missões'!K11,'(IV) Visitas e Missões'!K16,'(IV) Visitas e Missões'!K21,'(IV) Visitas e Missões'!K26,'(IV) Visitas e Missões'!K31,'(IV) Visitas e Missões'!K36,'(IV) Visitas e Missões'!K41,'(IV) Visitas e Missões'!K46) -> 0
C29: 4.5 Hospedagem e ajuda de custo para corpo técnico e empresários. | D29: Diárias | E29: =SUM('(IV) Visitas e Missões'!F12,'(IV) Visitas e Missões'!F17,'(IV) Visitas e Missões'!F22,'(IV) Visitas e Missões'!F27,'(IV) Visitas e Missões'!F32,'(IV) Visitas e Missões'!F37,'(IV) Visitas e Missões'!F42,'(IV) Visitas e Missões'!F47) -> 0 | F29: =IFERROR(AVERAGE('(IV) Visitas e Missões'!G12,'(IV) Visitas e Missões'!G17,'(IV) Visitas e Missões'!G22,'(IV) Visitas e Missões'!G27,'(IV) Visitas e Missões'!G32,'(IV) Visitas e Missões'!G37,'(IV) Visitas e Missões'!G42,'(IV) Visitas e Missões'!G47),"") | G29: =SUM('(IV) Visitas e Missões'!H12,'(IV) Visitas e Missões'!H17,'(IV) Visitas e Missões'!H22,'(IV) Visitas e Missões'!H27,'(IV) Visitas e Missões'!H32,'(IV) Visitas e Missões'!H37,'(IV) Visitas e Missões'!H42,'(IV) Visitas e Missões'!H47) -> 0 | H29: =SUM('(IV) Visitas e Missões'!I12,'(IV) Visitas e Missões'!I17,'(IV) Visitas e Missões'!I22,'(IV) Visitas e Missões'!I27,'(IV) Visitas e Missões'!I32,'(IV) Visitas e Missões'!I37,'(IV) Visitas e Missões'!I42,'(IV) Visitas e Missões'!I47) -> 0 | I29: =SUM('(IV) Visitas e Missões'!J12,'(IV) Visitas e Missões'!J17,'(IV) Visitas e Missões'!J22,'(IV) Visitas e Missões'!J27,'(IV) Visitas e Missões'!J32,'(IV) Visitas e Missões'!J37,'(IV) Visitas e Missões'!J42,'(IV) Visitas e Missões'!J47) -> 0 | J29: =SUM('(IV) Visitas e Missões'!K12,'(IV) Visitas e Missões'!K17,'(IV) Visitas e Missões'!K22,'(IV) Visitas e Missões'!K27,'(IV) Visitas e Missões'!K32,'(IV) Visitas e Missões'!K37,'(IV) Visitas e Missões'!K42,'(IV) Visitas e Missões'!K47) -> 0
B30: (V) Feiras, Eventos e Encontros de Negócios | C30: 5.1 Contratação de consultoria para a preparação prévia das empresas. | D30: Horas de trabalho | E30: =SUM('(V) Feiras e Eventos'!F8,'(V) Feiras e Eventos'!F20,'(V) Feiras e Eventos'!F32,'(V) Feiras e Eventos'!F44,'(V) Feiras e Eventos'!F56,'(V) Feiras e Eventos'!F68,'(V) Feiras e Eventos'!F80,'(V) Feiras e Eventos'!F92) -> 0 | F30: =IFERROR(AVERAGE('(V) Feiras e Eventos'!G8,'(V) Feiras e Eventos'!G20,'(V) Feiras e Eventos'!G32,'(V) Feiras e Eventos'!G44,'(V) Feiras e Eventos'!G56,'(V) Feiras e Eventos'!G68,'(V) Feiras e Eventos'!G80,'(V) Feiras e Eventos'!G92),"") | G30: =SUM('(V) Feiras e Eventos'!H8,'(V) Feiras e Eventos'!H20,'(V) Feiras e Eventos'!H32,'(V) Feiras e Eventos'!H44,'(V) Feiras e Eventos'!H56,'(V) Feiras e Eventos'!H68,'(V) Feiras e Eventos'!H80,'(V) Feiras e Eventos'!H92) -> 0 | H30: =SUM('(V) Feiras e Eventos'!I8,'(V) Feiras e Eventos'!I20,'(V) Feiras e Eventos'!I32,'(V) Feiras e Eventos'!I44,'(V) Feiras e Eventos'!I56,'(V) Feiras e Eventos'!I68,'(V) Feiras e Eventos'!I80,'(V) Feiras e Eventos'!I92) -> 0 | I30: =SUM('(V) Feiras e Eventos'!J8,'(V) Feiras e Eventos'!J20,'(V) Feiras e Eventos'!J32,'(V) Feiras e Eventos'!J44,'(V) Feiras e Eventos'!J56,'(V) Feiras e Eventos'!J68,'(V) Feiras e Eventos'!J80,'(V) Feiras e Eventos'!J92) -> 0 | J30: =SUM('(V) Feiras e Eventos'!K8,'(V) Feiras e Eventos'!K20,'(V) Feiras e Eventos'!K32,'(V) Feiras e Eventos'!K44,'(V) Feiras e Eventos'!K56,'(V) Feiras e Eventos'!K68,'(V) Feiras e Eventos'!K80,'(V) Feiras e Eventos'!K92) -> 0
C31: 5.2 Serviços especializados de matchmaking. | D31: Horas de trabalho | E31: =SUM('(V) Feiras e Eventos'!F9,'(V) Feiras e Eventos'!F21,'(V) Feiras e Eventos'!F33,'(V) Feiras e Eventos'!F45,'(V) Feiras e Eventos'!F57,'(V) Feiras e Eventos'!F69,'(V) Feiras e Eventos'!F81,'(V) Feiras e Eventos'!F93) -> 0 | F31: =IFERROR(AVERAGE('(V) Feiras e Eventos'!G9,'(V) Feiras e Eventos'!G21,'(V) Feiras e Eventos'!G33,'(V) Feiras e Eventos'!G45,'(V) Feiras e Eventos'!G57,'(V) Feiras e Eventos'!G69,'(V) Feiras e Eventos'!G81,'(V) Feiras e Eventos'!G93),"") | G31: =SUM('(V) Feiras e Eventos'!H9,'(V) Feiras e Eventos'!H21,'(V) Feiras e Eventos'!H33,'(V) Feiras e Eventos'!H45,'(V) Feiras e Eventos'!H57,'(V) Feiras e Eventos'!H69,'(V) Feiras e Eventos'!H81,'(V) Feiras e Eventos'!H93) -> 0 | H31: =SUM('(V) Feiras e Eventos'!I9,'(V) Feiras e Eventos'!I21,'(V) Feiras e Eventos'!I33,'(V) Feiras e Eventos'!I45,'(V) Feiras e Eventos'!I57,'(V) Feiras e Eventos'!I69,'(V) Feiras e Eventos'!I81,'(V) Feiras e Eventos'!I93) -> 0 | I31: =SUM('(V) Feiras e Eventos'!J9,'(V) Feiras e Eventos'!J21,'(V) Feiras e Eventos'!J33,'(V) Feiras e Eventos'!J45,'(V) Feiras e Eventos'!J57,'(V) Feiras e Eventos'!J69,'(V) Feiras e Eventos'!J81,'(V) Feiras e Eventos'!J93) -> 0 | J31: =SUM('(V) Feiras e Eventos'!K9,'(V) Feiras e Eventos'!K21,'(V) Feiras e Eventos'!K33,'(V) Feiras e Eventos'!K45,'(V) Feiras e Eventos'!K57,'(V) Feiras e Eventos'!K69,'(V) Feiras e Eventos'!K81,'(V) Feiras e Eventos'!K93) -> 0
C32: 5.3 Diagramação e impressão de catálogo/guia do participante. | D32: Unidade | E32: =SUM('(V) Feiras e Eventos'!F10,'(V) Feiras e Eventos'!F22,'(V) Feiras e Eventos'!F34,'(V) Feiras e Eventos'!F46,'(V) Feiras e Eventos'!F58,'(V) Feiras e Eventos'!F70,'(V) Feiras e Eventos'!F82,'(V) Feiras e Eventos'!F94) -> 0 | F32: =IFERROR(AVERAGE('(V) Feiras e Eventos'!G10,'(V) Feiras e Eventos'!G22,'(V) Feiras e Eventos'!G34,'(V) Feiras e Eventos'!G46,'(V) Feiras e Eventos'!G58,'(V) Feiras e Eventos'!G70,'(V) Feiras e Eventos'!G82,'(V) Feiras e Eventos'!G94),"") | G32: =SUM('(V) Feiras e Eventos'!H10,'(V) Feiras e Eventos'!H22,'(V) Feiras e Eventos'!H34,'(V) Feiras e Eventos'!H46,'(V) Feiras e Eventos'!H58,'(V) Feiras e Eventos'!H70,'(V) Feiras e Eventos'!H82,'(V) Feiras e Eventos'!H94) -> 0 | H32: =SUM('(V) Feiras e Eventos'!I10,'(V) Feiras e Eventos'!I22,'(V) Feiras e Eventos'!I34,'(V) Feiras e Eventos'!I46,'(V) Feiras e Eventos'!I58,'(V) Feiras e Eventos'!I70,'(V) Feiras e Eventos'!I82,'(V) Feiras e Eventos'!I94) -> 0 | I32: =SUM('(V) Feiras e Eventos'!J10,'(V) Feiras e Eventos'!J22,'(V) Feiras e Eventos'!J34,'(V) Feiras e Eventos'!J46,'(V) Feiras e Eventos'!J58,'(V) Feiras e Eventos'!J70,'(V) Feiras e Eventos'!J82,'(V) Feiras e Eventos'!J94) -> 0 | J32: =SUM('(V) Feiras e Eventos'!K10,'(V) Feiras e Eventos'!K22,'(V) Feiras e Eventos'!K34,'(V) Feiras e Eventos'!K46,'(V) Feiras e Eventos'!K58,'(V) Feiras e Eventos'!K70,'(V) Feiras e Eventos'!K82,'(V) Feiras e Eventos'!K94) -> 0
C33: 5.4 Custos relacionados à divulgação da ação (produção de material promocional, serviços gráficos de reprodução e veiculação em rádio, TV e mídias sociais). | D33: Unidade | E33: =SUM('(V) Feiras e Eventos'!F11,'(V) Feiras e Eventos'!F23,'(V) Feiras e Eventos'!F35,'(V) Feiras e Eventos'!F47,'(V) Feiras e Eventos'!F59,'(V) Feiras e Eventos'!F71,'(V) Feiras e Eventos'!F83,'(V) Feiras e Eventos'!F95) -> 0 | F33: =IFERROR(AVERAGE('(V) Feiras e Eventos'!G11,'(V) Feiras e Eventos'!G23,'(V) Feiras e Eventos'!G35,'(V) Feiras e Eventos'!G47,'(V) Feiras e Eventos'!G59,'(V) Feiras e Eventos'!G71,'(V) Feiras e Eventos'!G83,'(V) Feiras e Eventos'!G95),"") | G33: =SUM('(V) Feiras e Eventos'!H11,'(V) Feiras e Eventos'!H23,'(V) Feiras e Eventos'!H35,'(V) Feiras e Eventos'!H47,'(V) Feiras e Eventos'!H59,'(V) Feiras e Eventos'!H71,'(V) Feiras e Eventos'!H83,'(V) Feiras e Eventos'!H95) -> 0 | H33: =SUM('(V) Feiras e Eventos'!I11,'(V) Feiras e Eventos'!I23,'(V) Feiras e Eventos'!I35,'(V) Feiras e Eventos'!I47,'(V) Feiras e Eventos'!I59,'(V) Feiras e Eventos'!I71,'(V) Feiras e Eventos'!I83,'(V) Feiras e Eventos'!I95) -> 0 | I33: =SUM('(V) Feiras e Eventos'!J11,'(V) Feiras e Eventos'!J23,'(V) Feiras e Eventos'!J35,'(V) Feiras e Eventos'!J47,'(V) Feiras e Eventos'!J59,'(V) Feiras e Eventos'!J71,'(V) Feiras e Eventos'!J83,'(V) Feiras e Eventos'!J95) -> 0 | J33: =SUM('(V) Feiras e Eventos'!K11,'(V) Feiras e Eventos'!K23,'(V) Feiras e Eventos'!K35,'(V) Feiras e Eventos'!K47,'(V) Feiras e Eventos'!K59,'(V) Feiras e Eventos'!K71,'(V) Feiras e Eventos'!K83,'(V) Feiras e Eventos'!K95) -> 0
C34: 5.5 Custos de deslocamento para corpo técnico e empresários participantes (custo de combustível, locação de veículos, passagens áreas ou rodoviárias, táxis ou transportes alternativos). | D34: Unidade | E34: =SUM('(V) Feiras e Eventos'!F12,'(V) Feiras e Eventos'!F24,'(V) Feiras e Eventos'!F36,'(V) Feiras e Eventos'!F48,'(V) Feiras e Eventos'!F60,'(V) Feiras e Eventos'!F72,'(V) Feiras e Eventos'!F84,'(V) Feiras e Eventos'!F96) -> 0 | F34: =IFERROR(AVERAGE('(V) Feiras e Eventos'!G12,'(V) Feiras e Eventos'!G24,'(V) Feiras e Eventos'!G36,'(V) Feiras e Eventos'!G48,'(V) Feiras e Eventos'!G60,'(V) Feiras e Eventos'!G72,'(V) Feiras e Eventos'!G84,'(V) Feiras e Eventos'!G96),"") | G34: =SUM('(V) Feiras e Eventos'!H12,'(V) Feiras e Eventos'!H24,'(V) Feiras e Eventos'!H36,'(V) Feiras e Eventos'!H48,'(V) Feiras e Eventos'!H60,'(V) Feiras e Eventos'!H72,'(V) Feiras e Eventos'!H84,'(V) Feiras e Eventos'!H96) -> 0 | H34: =SUM('(V) Feiras e Eventos'!I12,'(V) Feiras e Eventos'!I24,'(V) Feiras e Eventos'!I36,'(V) Feiras e Eventos'!I48,'(V) Feiras e Eventos'!I60,'(V) Feiras e Eventos'!I72,'(V) Feiras e Eventos'!I84,'(V) Feiras e Eventos'!I96) -> 0 | I34: =SUM('(V) Feiras e Eventos'!J12,'(V) Feiras e Eventos'!J24,'(V) Feiras e Eventos'!J36,'(V) Feiras e Eventos'!J48,'(V) Feiras e Eventos'!J60,'(V) Feiras e Eventos'!J72,'(V) Feiras e Eventos'!J84,'(V) Feiras e Eventos'!J96) -> 0 | J34: =SUM('(V) Feiras e Eventos'!K12,'(V) Feiras e Eventos'!K24,'(V) Feiras e Eventos'!K36,'(V) Feiras e Eventos'!K48,'(V) Feiras e Eventos'!K60,'(V) Feiras e Eventos'!K72,'(V) Feiras e Eventos'!K84,'(V) Feiras e Eventos'!K96) -> 0
C35: 5.6 Hospedagem e ajuda de custo para corpo técnico. | D35: Diárias | E35: =SUM('(V) Feiras e Eventos'!F13,'(V) Feiras e Eventos'!F25,'(V) Feiras e Eventos'!F37,'(V) Feiras e Eventos'!F49,'(V) Feiras e Eventos'!F61,'(V) Feiras e Eventos'!F73,'(V) Feiras e Eventos'!F85,'(V) Feiras e Eventos'!F97) -> 0 | F35: =IFERROR(AVERAGE('(V) Feiras e Eventos'!G13,'(V) Feiras e Eventos'!G25,'(V) Feiras e Eventos'!G37,'(V) Feiras e Eventos'!G49,'(V) Feiras e Eventos'!G61,'(V) Feiras e Eventos'!G73,'(V) Feiras e Eventos'!G85,'(V) Feiras e Eventos'!G97),"") | G35: =SUM('(V) Feiras e Eventos'!H13,'(V) Feiras e Eventos'!H25,'(V) Feiras e Eventos'!H37,'(V) Feiras e Eventos'!H49,'(V) Feiras e Eventos'!H61,'(V) Feiras e Eventos'!H73,'(V) Feiras e Eventos'!H85,'(V) Feiras e Eventos'!H97) -> 0 | H35: =SUM('(V) Feiras e Eventos'!I13,'(V) Feiras e Eventos'!I25,'(V) Feiras e Eventos'!I37,'(V) Feiras e Eventos'!I49,'(V) Feiras e Eventos'!I61,'(V) Feiras e Eventos'!I73,'(V) Feiras e Eventos'!I85,'(V) Feiras e Eventos'!I97) -> 0 | I35: =SUM('(V) Feiras e Eventos'!J13,'(V) Feiras e Eventos'!J25,'(V) Feiras e Eventos'!J37,'(V) Feiras e Eventos'!J49,'(V) Feiras e Eventos'!J61,'(V) Feiras e Eventos'!J73,'(V) Feiras e Eventos'!J85,'(V) Feiras e Eventos'!J97) -> 0 | J35: =SUM('(V) Feiras e Eventos'!K13,'(V) Feiras e Eventos'!K25,'(V) Feiras e Eventos'!K37,'(V) Feiras e Eventos'!K49,'(V) Feiras e Eventos'!K61,'(V) Feiras e Eventos'!K73,'(V) Feiras e Eventos'!K85,'(V) Feiras e Eventos'!K97) -> 0
C36: 5.7 Entradas/ingressos para feiras, eventos ou encontros de negócios. | D36: ='Orçamento-Projeto'!$D$31 -> Horas de trabalho | E36: =SUM('(V) Feiras e Eventos'!F14,'(V) Feiras e Eventos'!F26,'(V) Feiras e Eventos'!F38,'(V) Feiras e Eventos'!F50,'(V) Feiras e Eventos'!F62,'(V) Feiras e Eventos'!F74,'(V) Feiras e Eventos'!F86,'(V) Feiras e Eventos'!F98) -> 0 | F36: =IFERROR(AVERAGE('(V) Feiras e Eventos'!G14,'(V) Feiras e Eventos'!G26,'(V) Feiras e Eventos'!G38,'(V) Feiras e Eventos'!G50,'(V) Feiras e Eventos'!G62,'(V) Feiras e Eventos'!G74,'(V) Feiras e Eventos'!G86,'(V) Feiras e Eventos'!G98),"") | G36: =SUM('(V) Feiras e Eventos'!H14,'(V) Feiras e Eventos'!H26,'(V) Feiras e Eventos'!H38,'(V) Feiras e Eventos'!H50,'(V) Feiras e Eventos'!H62,'(V) Feiras e Eventos'!H74,'(V) Feiras e Eventos'!H86,'(V) Feiras e Eventos'!H98) -> 0 | H36: =SUM('(V) Feiras e Eventos'!I14,'(V) Feiras e Eventos'!I26,'(V) Feiras e Eventos'!I38,'(V) Feiras e Eventos'!I50,'(V) Feiras e Eventos'!I62,'(V) Feiras e Eventos'!I74,'(V) Feiras e Eventos'!I86,'(V) Feiras e Eventos'!I98) -> 0 | I36: =SUM('(V) Feiras e Eventos'!J14,'(V) Feiras e Eventos'!J26,'(V) Feiras e Eventos'!J38,'(V) Feiras e Eventos'!J50,'(V) Feiras e Eventos'!J62,'(V) Feiras e Eventos'!J74,'(V) Feiras e Eventos'!J86,'(V) Feiras e Eventos'!J98) -> 0 | J36: =SUM('(V) Feiras e Eventos'!K14,'(V) Feiras e Eventos'!K26,'(V) Feiras e Eventos'!K38,'(V) Feiras e Eventos'!K50,'(V) Feiras e Eventos'!K62,'(V) Feiras e Eventos'!K74,'(V) Feiras e Eventos'!K86,'(V) Feiras e Eventos'!K98) -> 0
C37: 5.8 Locação de espaço em feira ou evento (estande). | D37: Diárias | E37: =SUM('(V) Feiras e Eventos'!F15,'(V) Feiras e Eventos'!F27,'(V) Feiras e Eventos'!F39,'(V) Feiras e Eventos'!F51,'(V) Feiras e Eventos'!F63,'(V) Feiras e Eventos'!F75,'(V) Feiras e Eventos'!F87,'(V) Feiras e Eventos'!F99) -> 0 | F37: =IFERROR(AVERAGE('(V) Feiras e Eventos'!G15,'(V) Feiras e Eventos'!G27,'(V) Feiras e Eventos'!G39,'(V) Feiras e Eventos'!G51,'(V) Feiras e Eventos'!G63,'(V) Feiras e Eventos'!G75,'(V) Feiras e Eventos'!G87,'(V) Feiras e Eventos'!G99),"") | G37: =SUM('(V) Feiras e Eventos'!H15,'(V) Feiras e Eventos'!H27,'(V) Feiras e Eventos'!H39,'(V) Feiras e Eventos'!H51,'(V) Feiras e Eventos'!H63,'(V) Feiras e Eventos'!H75,'(V) Feiras e Eventos'!H87,'(V) Feiras e Eventos'!H99) -> 0 | H37: =SUM('(V) Feiras e Eventos'!I15,'(V) Feiras e Eventos'!I27,'(V) Feiras e Eventos'!I39,'(V) Feiras e Eventos'!I51,'(V) Feiras e Eventos'!I63,'(V) Feiras e Eventos'!I75,'(V) Feiras e Eventos'!I87,'(V) Feiras e Eventos'!I99) -> 0 | I37: =SUM('(V) Feiras e Eventos'!J15,'(V) Feiras e Eventos'!J27,'(V) Feiras e Eventos'!J39,'(V) Feiras e Eventos'!J51,'(V) Feiras e Eventos'!J63,'(V) Feiras e Eventos'!J75,'(V) Feiras e Eventos'!J87,'(V) Feiras e Eventos'!J99) -> 0 | J37: =SUM('(V) Feiras e Eventos'!K15,'(V) Feiras e Eventos'!K27,'(V) Feiras e Eventos'!K39,'(V) Feiras e Eventos'!K51,'(V) Feiras e Eventos'!K63,'(V) Feiras e Eventos'!K75,'(V) Feiras e Eventos'!K87,'(V) Feiras e Eventos'!K99) -> 0
C38: 5.9 Locação de espaço para realização da feira, evento ou encontro de negócio. | D38: ='Orçamento-Projeto'!$D$33 -> Unidade | E38: =SUM('(V) Feiras e Eventos'!F16,'(V) Feiras e Eventos'!F28,'(V) Feiras e Eventos'!F40,'(V) Feiras e Eventos'!F52,'(V) Feiras e Eventos'!F64,'(V) Feiras e Eventos'!F76,'(V) Feiras e Eventos'!F88,'(V) Feiras e Eventos'!F100) -> 0 | F38: =IFERROR(AVERAGE('(V) Feiras e Eventos'!G16,'(V) Feiras e Eventos'!G28,'(V) Feiras e Eventos'!G40,'(V) Feiras e Eventos'!G52,'(V) Feiras e Eventos'!G64,'(V) Feiras e Eventos'!G76,'(V) Feiras e Eventos'!G88,'(V) Feiras e Eventos'!G100),"") | G38: =SUM('(V) Feiras e Eventos'!H16,'(V) Feiras e Eventos'!H28,'(V) Feiras e Eventos'!H40,'(V) Feiras e Eventos'!H52,'(V) Feiras e Eventos'!H64,'(V) Feiras e Eventos'!H76,'(V) Feiras e Eventos'!H88,'(V) Feiras e Eventos'!H100) -> 0 | H38: =SUM('(V) Feiras e Eventos'!I16,'(V) Feiras e Eventos'!I28,'(V) Feiras e Eventos'!I40,'(V) Feiras e Eventos'!I52,'(V) Feiras e Eventos'!I64,'(V) Feiras e Eventos'!I76,'(V) Feiras e Eventos'!I88,'(V) Feiras e Eventos'!I100) -> 0 | I38: =SUM('(V) Feiras e Eventos'!J16,'(V) Feiras e Eventos'!J28,'(V) Feiras e Eventos'!J40,'(V) Feiras e Eventos'!J52,'(V) Feiras e Eventos'!J64,'(V) Feiras e Eventos'!J76,'(V) Feiras e Eventos'!J88,'(V) Feiras e Eventos'!J100) -> 0 | J38: =SUM('(V) Feiras e Eventos'!K16,'(V) Feiras e Eventos'!K28,'(V) Feiras e Eventos'!K40,'(V) Feiras e Eventos'!K52,'(V) Feiras e Eventos'!K64,'(V) Feiras e Eventos'!K76,'(V) Feiras e Eventos'!K88,'(V) Feiras e Eventos'!K100) -> 0
C39: 5.10 Contratação de serviços necessários à realização de feiras, eventos ou encontros de negócios (seguranças, recepcionistas, socorristas etc.). | D39: ='Orçamento-Projeto'!$D$33 -> Unidade | E39: =SUM('(V) Feiras e Eventos'!F17,'(V) Feiras e Eventos'!F29,'(V) Feiras e Eventos'!F41,'(V) Feiras e Eventos'!F53,'(V) Feiras e Eventos'!F65,'(V) Feiras e Eventos'!F77,'(V) Feiras e Eventos'!F89,'(V) Feiras e Eventos'!F101) -> 0 | F39: =IFERROR(AVERAGE('(V) Feiras e Eventos'!G17,'(V) Feiras e Eventos'!G29,'(V) Feiras e Eventos'!G41,'(V) Feiras e Eventos'!G53,'(V) Feiras e Eventos'!G65,'(V) Feiras e Eventos'!G77,'(V) Feiras e Eventos'!G89,'(V) Feiras e Eventos'!G101),"") | G39: =SUM('(V) Feiras e Eventos'!H17,'(V) Feiras e Eventos'!H29,'(V) Feiras e Eventos'!H41,'(V) Feiras e Eventos'!H53,'(V) Feiras e Eventos'!H65,'(V) Feiras e Eventos'!H77,'(V) Feiras e Eventos'!H89,'(V) Feiras e Eventos'!H101) -> 0 | H39: =SUM('(V) Feiras e Eventos'!I17,'(V) Feiras e Eventos'!I29,'(V) Feiras e Eventos'!I41,'(V) Feiras e Eventos'!I53,'(V) Feiras e Eventos'!I65,'(V) Feiras e Eventos'!I77,'(V) Feiras e Eventos'!I89,'(V) Feiras e Eventos'!I101) -> 0 | I39: =SUM('(V) Feiras e Eventos'!J17,'(V) Feiras e Eventos'!J29,'(V) Feiras e Eventos'!J41,'(V) Feiras e Eventos'!J53,'(V) Feiras e Eventos'!J65,'(V) Feiras e Eventos'!J77,'(V) Feiras e Eventos'!J89,'(V) Feiras e Eventos'!J101) -> 0 | J39: =SUM('(V) Feiras e Eventos'!K17,'(V) Feiras e Eventos'!K29,'(V) Feiras e Eventos'!K41,'(V) Feiras e Eventos'!K53,'(V) Feiras e Eventos'!K65,'(V) Feiras e Eventos'!K77,'(V) Feiras e Eventos'!K89,'(V) Feiras e Eventos'!K101) -> 0
C40: 5.11 Coffee Break/Catering. | D40: Unidade | E40: =SUM('(V) Feiras e Eventos'!F18,'(V) Feiras e Eventos'!F30,'(V) Feiras e Eventos'!F42,'(V) Feiras e Eventos'!F54,'(V) Feiras e Eventos'!F66,'(V) Feiras e Eventos'!F78,'(V) Feiras e Eventos'!F90,'(V) Feiras e Eventos'!F102) -> 0 | F40: =IFERROR(AVERAGE('(V) Feiras e Eventos'!G18,'(V) Feiras e Eventos'!G30,'(V) Feiras e Eventos'!G42,'(V) Feiras e Eventos'!G54,'(V) Feiras e Eventos'!G66,'(V) Feiras e Eventos'!G78,'(V) Feiras e Eventos'!G90,'(V) Feiras e Eventos'!G102),"") | G40: =SUM('(V) Feiras e Eventos'!H18,'(V) Feiras e Eventos'!H30,'(V) Feiras e Eventos'!H42,'(V) Feiras e Eventos'!H54,'(V) Feiras e Eventos'!H66,'(V) Feiras e Eventos'!H78,'(V) Feiras e Eventos'!H90,'(V) Feiras e Eventos'!H102) -> 0 | H40: =SUM('(V) Feiras e Eventos'!I18,'(V) Feiras e Eventos'!I30,'(V) Feiras e Eventos'!I42,'(V) Feiras e Eventos'!I54,'(V) Feiras e Eventos'!I66,'(V) Feiras e Eventos'!I78,'(V) Feiras e Eventos'!I90,'(V) Feiras e Eventos'!I102) -> 0 | I40: =SUM('(V) Feiras e Eventos'!J18,'(V) Feiras e Eventos'!J30,'(V) Feiras e Eventos'!J42,'(V) Feiras e Eventos'!J54,'(V) Feiras e Eventos'!J66,'(V) Feiras e Eventos'!J78,'(V) Feiras e Eventos'!J90,'(V) Feiras e Eventos'!J102) -> 0 | J40: =SUM('(V) Feiras e Eventos'!K18,'(V) Feiras e Eventos'!K30,'(V) Feiras e Eventos'!K42,'(V) Feiras e Eventos'!K54,'(V) Feiras e Eventos'!K66,'(V) Feiras e Eventos'!K78,'(V) Feiras e Eventos'!K90,'(V) Feiras e Eventos'!K102) -> 0
C41: 5.12 Locação de equipamentos audiovisuais. | D41: ='Orçamento-Projeto'!$D$33 -> Unidade | E41: =SUM('(V) Feiras e Eventos'!F19,'(V) Feiras e Eventos'!F31,'(V) Feiras e Eventos'!F43,'(V) Feiras e Eventos'!F55,'(V) Feiras e Eventos'!F67,'(V) Feiras e Eventos'!F79,'(V) Feiras e Eventos'!F91,'(V) Feiras e Eventos'!F103) -> 0 | F41: =IFERROR(AVERAGE('(V) Feiras e Eventos'!G19,'(V) Feiras e Eventos'!G31,'(V) Feiras e Eventos'!G43,'(V) Feiras e Eventos'!G55,'(V) Feiras e Eventos'!G67,'(V) Feiras e Eventos'!G79,'(V) Feiras e Eventos'!G91,'(V) Feiras e Eventos'!G103),"") | G41: =SUM('(V) Feiras e Eventos'!H19,'(V) Feiras e Eventos'!H31,'(V) Feiras e Eventos'!H43,'(V) Feiras e Eventos'!H55,'(V) Feiras e Eventos'!H67,'(V) Feiras e Eventos'!H79,'(V) Feiras e Eventos'!H91,'(V) Feiras e Eventos'!H103) -> 0 | H41: =SUM('(V) Feiras e Eventos'!I19,'(V) Feiras e Eventos'!I31,'(V) Feiras e Eventos'!I43,'(V) Feiras e Eventos'!I55,'(V) Feiras e Eventos'!I67,'(V) Feiras e Eventos'!I79,'(V) Feiras e Eventos'!I91,'(V) Feiras e Eventos'!I103) -> 0 | I41: =SUM('(V) Feiras e Eventos'!J19,'(V) Feiras e Eventos'!J31,'(V) Feiras e Eventos'!J43,'(V) Feiras e Eventos'!J55,'(V) Feiras e Eventos'!J67,'(V) Feiras e Eventos'!J79,'(V) Feiras e Eventos'!J91,'(V) Feiras e Eventos'!J103) -> 0 | J41: =SUM('(V) Feiras e Eventos'!K19,'(V) Feiras e Eventos'!K31,'(V) Feiras e Eventos'!K43,'(V) Feiras e Eventos'!K55,'(V) Feiras e Eventos'!K67,'(V) Feiras e Eventos'!K79,'(V) Feiras e Eventos'!K91,'(V) Feiras e Eventos'!K103) -> 0
B42: (VI) Gestão, Estruturação, Monitoramento e Pesquisa de Resultados | C42: 6.1 Despesas Bancárias | D42: Unidade | E42: =SUM('(VI) Gestão'!F8) -> 0 | F42: =IFERROR(AVERAGE('(VI) Gestão'!G8),"") | G42: =SUM('(VI) Gestão'!H8) -> 0 | H42: =SUM('(VI) Gestão'!I8) -> 0 | I42: =SUM('(VI) Gestão'!J8) -> 0 | J42: =SUM('(VI) Gestão'!K8) -> 0
C43: 6.2 Horas técnicas da equipe da entidade proponente | D43: Horas de trabalho | E43: =SUM('(VI) Gestão'!F9) -> 0 | F43: =IFERROR(AVERAGE('(VI) Gestão'!G9),"") | G43: =SUM('(VI) Gestão'!H9) -> 0 | H43: =SUM('(VI) Gestão'!I9) -> 0 | I43: =SUM('(VI) Gestão'!J9) -> 0 | J43: =SUM('(VI) Gestão'!K9) -> 0
C44: 6.3 Contratação de consultoria (monitoramento e pesquisa de resultados) | D44: Horas de trabalho | E44: =SUM('(VI) Gestão'!F10) -> 0 | F44: =IFERROR(AVERAGE('(VI) Gestão'!G10),"") | G44: =SUM('(VI) Gestão'!H10) -> 0 | H44: =SUM('(VI) Gestão'!I10) -> 0 | I44: =SUM('(VI) Gestão'!J10) -> 0 | J44: =SUM('(VI) Gestão'!K10) -> 0
C45: 6.4 Despesas relacionadas a viagens e deslocamentos da equipe da entidade proponente para acompanhamento e/ou realização de ações do projeto | D45: Unidade | E45: =SUM('(VI) Gestão'!F11) -> 0 | F45: =IFERROR(AVERAGE('(VI) Gestão'!G11),"") | G45: =SUM('(VI) Gestão'!H11) -> 0 | H45: =SUM('(VI) Gestão'!I11) -> 0 | I45: =SUM('(VI) Gestão'!J11) -> 0 | J45: =SUM('(VI) Gestão'!K11) -> 0
C46: 6.5 Despesas relacionadas à manutenção e funcionamento de escritórios e infraestrutura de apoio à execução do projeto | D46: Unidade | E46: =SUM('(VI) Gestão'!F12) -> 0 | F46: =IFERROR(AVERAGE('(VI) Gestão'!G12),"") | G46: =SUM('(VI) Gestão'!H12) -> 0 | H46: =SUM('(VI) Gestão'!I12) -> 0 | I46: =SUM('(VI) Gestão'!J12) -> 0 | J46: =SUM('(VI) Gestão'!K12) -> 0

Sheet tabela auxiliar
A2: AÇÃO ID | B2: DESCRIÇÃO | C2: RUBRICA | D2: UNIDADE | E2: QUANTIDADE | F2: VALOR UNITÁRIO | G2: VALOR TOTAL | H2: Subsídio | I2: Contrapartida Econômica | J2: Contrapartida Financeira | L2: AÇÃO ID | M2: DESCRIÇÃO | N2: RUBRICA | O2: UNIDADE | P2: QUANTIDADE | Q2: VALOR UNITÁRIO | R2: VALOR TOTAL | S2: Subsídio | T2: Contrapartida Econômica | U2: Contrapartida Financeira
A3: ='(I) Capacitações'!$A$8 -> A1 | B3: ='(I) Capacitações'!$B$8 -> Descrição da atividade | C3: ='(I) Capacitações'!D8 -> 1.1 Inscrição para capacitações, oficinas, workshops, palestras ou seminários. | D3: ='(I) Capacitações'!E8 -> Número de inscrições | E3: ='(I) Capacitações'!F8 -> 0 | F3: ='(I) Capacitações'!G8 -> 0 | G3: ='(I) Capacitações'!H8 -> 0 | H3: ='(I) Capacitações'!I8 -> 0 | I3: ='(I) Capacitações'!J8 -> 0 | J3: ='(I) Capacitações'!K8 | L3: =IF($B3<>"Descrição da atividade",A3,"") | M3: =IF($B3<>"Descrição da atividade",B3,"") | N3: =IF($B3<>"Descrição da atividade",C3,"") | O3: =IF($B3<>"Descrição da atividade",D3,"") | P3: =IF($B3<>"Descrição da atividade",E3,"") | Q3: =IF($B3<>"Descrição da atividade",F3,"") | R3: =IF($B3<>"Descrição da atividade",G3,"") | S3: =IF($B3<>"Descrição da atividade",H3,"") | ... U3: =IF($B3<>"Descrição da atividade",J3,"")
A4: ='(I) Capacitações'!$A$8 -> A1 | B4: ='(I) Capacitações'!$B$8 -> Descrição da atividade | C4: ='(I) Capacitações'!D9 -> 1.2 Contratação de instrutor/palestrante. | D4: ='(I) Capacitações'!E9 -> Horas de trabalho | E4: ='(I) Capacitações'!F9 -> 0 | F4: ='(I) Capacitações'!G9 -> 0 | G4: ='(I) Capacitações'!H9 -> 0 | H4: ='(I) Capacitações'!I9 -> 0 | I4: ='(I) Capacitações'!J9 -> 0 | J4: ='(I) Capacitações'!K9 | L4: =IF($B4<>"Descrição da atividade",A4,"") | M4: =IF($B4<>"Descrição da atividade",B4,"") | N4: =IF($B4<>"Descrição da atividade",C4,"") | O4: =IF($B4<>"Descrição da atividade",D4,"") | P4: =IF($B4<>"Descrição da atividade",E4,"") | Q4: =IF($B4<>"Descrição da atividade",F4,"") | R4: =IF($B4<>"Descrição da atividade",G4,"") | S4: =IF($B4<>"Descrição da atividade",H4,"") | ... U4: =IF($B4<>"Descrição da atividade",J4,"")
A5: ='(I) Capacitações'!$A$8 -> A1 | B5: ='(I) Capacitações'!$B$8 -> Descrição da atividade | C5: ='(I) Capacitações'!D10 -> 1.3 Preparação e impressão de materiais educativos. | D5: ='(I) Capacitações'!E10 -> Unidade | E5: ='(I) Capacitações'!F10 -> 0 | F5: ='(I) Capacitações'!G10 -> 0 | G5: ='(I) Capacitações'!H10 -> 0 | H5: ='(I) Capacitações'!I10 -> 0 | I5: ='(I) Capacitações'!J10 -> 0 | J5: ='(I) Capacitações'!K10 | L5: =IF($B5<>"Descrição da atividade",A5,"") | M5: =IF($B5<>"Descrição da atividade",B5,"") | N5: =IF($B5<>"Descrição da atividade",C5,"") | O5: =IF($B5<>"Descrição da atividade",D5,"") | P5: =IF($B5<>"Descrição da atividade",E5,"") | Q5: =IF($B5<>"Descrição da atividade",F5,"") | R5: =IF($B5<>"Descrição da atividade",G5,"") | S5: =IF($B5<>"Descrição da atividade",H5,"") | ... U5: =IF($B5<>"Descrição da atividade",J5,"")
A6: ='(I) Capacitações'!$A$8 -> A1 | B6: ='(I) Capacitações'!$B$8 -> Descrição da atividade | C6: ='(I) Capacitações'!D11 -> 1.4 Custos relacionados à divulgação da ação (produção de material promocional, serviços gráficos de reprodução e veiculação em rádio, TV e mídias sociais). | D6: ='(I) Capacitações'!E11 -> Unidade | E6: ='(I) Capacitações'!F11 -> 0 | F6: ='(I) Capacitações'!G11 -> 0 | G6: ='(I) Capacitações'!H11 -> 0 | H6: ='(I) Capacitações'!I11 -> 0 | I6: ='(I) Capacitações'!J11 -> 0 | J6: ='(I) Capacitações'!K11 | L6: =IF($B6<>"Descrição da atividade",A6,"") | M6: =IF($B6<>"Descrição da atividade",B6,"") | N6: =IF($B6<>"Descrição da atividade",C6,"") | O6: =IF($B6<>"Descrição da atividade",D6,"") | P6: =IF($B6<>"Descrição da atividade",E6,"") | Q6: =IF($B6<>"Descrição da atividade",F6,"") | R6: =IF($B6<>"Descrição da atividade",G6,"") | S6: =IF($B6<>"Descrição da atividade",H6,"") | ... U6: =IF($B6<>"Descrição da atividade",J6,"")
A7: ='(I) Capacitações'!$A$8 -> A1 | B7: ='(I) Capacitações'!$B$8 -> Descrição da atividade | C7: ='(I) Capacitações'!D12 -> 1.5 Custos de deslocamento para instrutores/palestrantes e participantes (custo de combustível, locação de veículos, passagens áreas ou rodoviárias, táxis ou transportes alternativos). | D7: ='(I) Capacitações'!E12 -> Unidade | E7: ='(I) Capacitações'!F12 -> 0 | F7: ='(I) Capacitações'!G12 -> 0 | G7: ='(I) Capacitações'!H12 -> 0 | H7: ='(I) Capacitações'!I12 -> 0 | I7: ='(I) Capacitações'!J12 -> 0 | J7: ='(I) Capacitações'!K12 | L7: =IF($B7<>"Descrição da atividade",A7,"") | M7: =IF($B7<>"Descrição da atividade",B7,"") | N7: =IF($B7<>"Descrição da atividade",C7,"") | O7: =IF($B7<>"Descrição da atividade",D7,"") | P7: =IF($B7<>"Descrição da atividade",E7,"") | Q7: =IF($B7<>"Descrição da atividade",F7,"") | R7: =IF($B7<>"Descrição da atividade",G7,"") | S7: =IF($B7<>"Descrição da atividade",H7,"") | ... U7: =IF($B7<>"Descrição da atividade",J7,"")
A8: ='(I) Capacitações'!$A$8 -> A1 | B8: ='(I) Capacitações'!$B$8 -> Descrição da atividade | C8: ='(I) Capacitações'!D13 -> 1.6 Hospedagem e ajuda de custo para instrutores/palestrantes. | D8: ='(I) Capacitações'!E13 -> Diárias | E8: ='(I) Capacitações'!F13 -> 0 | F8: ='(I) Capacitações'!G13 -> 0 | G8: ='(I) Capacitações'!H13 -> 0 | H8: ='(I) Capacitações'!I13 -> 0 | I8: ='(I) Capacitações'!J13 -> 0 | J8: ='(I) Capacitações'!K13 | L8: =IF($B8<>"Descrição da atividade",A8,"") | M8: =IF($B8<>"Descrição da atividade",B8,"") | N8: =IF($B8<>"Descrição da atividade",C8,"") | O8: =IF($B8<>"Descrição da atividade",D8,"") | P8: =IF($B8<>"Descrição da atividade",E8,"") | Q8: =IF($B8<>"Descrição da atividade",F8,"") | R8: =IF($B8<>"Descrição da atividade",G8,"") | S8: =IF($B8<>"Descrição da atividade",H8,"") | ... U8: =IF($B8<>"Descrição da atividade",J8,"")
A9: ='(I) Capacitações'!$A$8 -> A1 | B9: ='(I) Capacitações'!$B$8 -> Descrição da atividade | C9: ='(I) Capacitações'!D14 -> 1.7 Locação de espaço. | D9: ='(I) Capacitações'!E14 -> Diárias | E9: ='(I) Capacitações'!F14 -> 0 | F9: ='(I) Capacitações'!G14 -> 0 | G9: ='(I) Capacitações'!H14 -> 0 | H9: ='(I) Capacitações'!I14 -> 0 | I9: ='(I) Capacitações'!J14 -> 0 | J9: ='(I) Capacitações'!K14 | L9: =IF($B9<>"Descrição da atividade",A9,"") | M9: =IF($B9<>"Descrição da atividade",B9,"") | N9: =IF($B9<>"Descrição da atividade",C9,"") | O9: =IF($B9<>"Descrição da atividade",D9,"") | P9: =IF($B9<>"Descrição da atividade",E9,"") | Q9: =IF($B9<>"Descrição da atividade",F9,"") | R9: =IF($B9<>"Descrição da atividade",G9,"") | S9: =IF($B9<>"Descrição da atividade",H9,"") | ... U9: =IF($B9<>"Descrição da atividade",J9,"")
A10: ='(I) Capacitações'!$A$8 -> A1 | B10: ='(I) Capacitações'!$B$8 -> Descrição da atividade | C10: ='(I) Capacitações'!D15 -> 1.8 Locação de equipamentos audiovisuais. | D10: ='(I) Capacitações'!E15 -> Diárias | E10: ='(I) Capacitações'!F15 -> 0 | F10: ='(I) Capacitações'!G15 -> 0 | G10: ='(I) Capacitações'!H15 -> 0 | H10: ='(I) Capacitações'!I15 -> 0 | I10: ='(I) Capacitações'!J15 -> 0 | J10: ='(I) Capacitações'!K15 | L10: =IF($B10<>"Descrição da atividade",A10,"") | M10: =IF($B10<>"Descrição da atividade",B10,"") | N10: =IF($B10<>"Descrição da atividade",C10,"") | O10: =IF($B10<>"Descrição da atividade",D10,"") | P10: =IF($B10<>"Descrição da atividade",E10,"") | Q10: =IF($B10<>"Descrição da atividade",F10,"") | R10: =IF($B10<>"Descrição da atividade",G10,"") | S10: =IF($B10<>"Descrição da atividade",H10,"") | ... U10: =IF($B10<>"Descrição da atividade",J10,"")
A11: ='(I) Capacitações'!$A$8 -> A1 | B11: ='(I) Capacitações'!$B$8 -> Descrição da atividade | C11: ='(I) Capacitações'!D16 -> 1.9 Coffee Break e catering | D11: ='(I) Capacitações'!E16 -> Unidade | E11: ='(I) Capacitações'!F16 -> 0 | F11: ='(I) Capacitações'!G16 -> 0 | G11: ='(I) Capacitações'!H16 -> 0 | H11: ='(I) Capacitações'!I16 -> 0 | I11: ='(I) Capacitações'!J16 -> 0 | J11: ='(I) Capacitações'!K16 | L11: =IF($B11<>"Descrição da atividade",A11,"") | M11: =IF($B11<>"Descrição da atividade",B11,"") | N11: =IF($B11<>"Descrição da atividade",C11,"") | O11: =IF($B11<>"Descrição da atividade",D11,"") | P11: =IF($B11<>"Descrição da atividade",E11,"") | Q11: =IF($B11<>"Descrição da atividade",F11,"") | R11: =IF($B11<>"Descrição da atividade",G11,"") | S11: =IF($B11<>"Descrição da atividade",H11,"") | ... U11: =IF($B11<>"Descrição da atividade",J11,"")
A12: ='(I) Capacitações'!$A$17 -> A2 | B12: ='(I) Capacitações'!$B$17 -> Descrição da atividade | C12: ='(I) Capacitações'!D17 -> 1.1 Inscrição para capacitações, oficinas, workshops, palestras ou seminários. | D12: ='(I) Capacitações'!E17 -> Número de inscrições | E12: ='(I) Capacitações'!F17 -> 0 | F12: ='(I) Capacitações'!G17 -> 0 | G12: ='(I) Capacitações'!H17 -> 0 | H12: ='(I) Capacitações'!I17 -> 0 | I12: ='(I) Capacitações'!J17 -> 0 | J12: ='(I) Capacitações'!K17 | L12: =IF($B12<>"Descrição da atividade",A12,"") | M12: =IF($B12<>"Descrição da atividade",B12,"") | N12: =IF($B12<>"Descrição da atividade",C12,"") | O12: =IF($B12<>"Descrição da atividade",D12,"") | P12: =IF($B12<>"Descrição da atividade",E12,"") | Q12: =IF($B12<>"Descrição da atividade",F12,"") | R12: =IF($B12<>"Descrição da atividade",G12,"") | S12: =IF($B12<>"Descrição da atividade",H12,"") | ... U12: =IF($B12<>"Descrição da atividade",J12,"")
A13: ='(I) Capacitações'!$A$17 -> A2 | B13: ='(I) Capacitações'!$B$17 -> Descrição da atividade | C13: ='(I) Capacitações'!D18 -> 1.2 Contratação de instrutor/palestrante. | D13: ='(I) Capacitações'!E18 -> Horas de trabalho | E13: ='(I) Capacitações'!F18 -> 0 | F13: ='(I) Capacitações'!G18 -> 0 | G13: ='(I) Capacitações'!H18 -> 0 | H13: ='(I) Capacitações'!I18 -> 0 | I13: ='(I) Capacitações'!J18 -> 0 | J13: ='(I) Capacitações'!K18 | L13: =IF($B13<>"Descrição da atividade",A13,"") | M13: =IF($B13<>"Descrição da atividade",B13,"") | N13: =IF($B13<>"Descrição da atividade",C13,"") | O13: =IF($B13<>"Descrição da atividade",D13,"") | P13: =IF($B13<>"Descrição da atividade",E13,"") | Q13: =IF($B13<>"Descrição da atividade",F13,"") | R13: =IF($B13<>"Descrição da atividade",G13,"") | S13: =IF($B13<>"Descrição da atividade",H13,"") | ... U13: =IF($B13<>"Descrição da atividade",J13,"")
A14: ='(I) Capacitações'!$A$17 -> A2 | B14: ='(I) Capacitações'!$B$17 -> Descrição da atividade | C14: ='(I) Capacitações'!D19 -> 1.3 Preparação e impressão de materiais educativos. | D14: ='(I) Capacitações'!E19 -> Unidade | E14: ='(I) Capacitações'!F19 -> 0 | F14: ='(I) Capacitações'!G19 -> 0 | G14: ='(I) Capacitações'!H19 -> 0 | H14: ='(I) Capacitações'!I19 -> 0 | I14: ='(I) Capacitações'!J19 -> 0 | J14: ='(I) Capacitações'!K19 | L14: =IF($B14<>"Descrição da atividade",A14,"") | M14: =IF($B14<>"Descrição da atividade",B14,"") | N14: =IF($B14<>"Descrição da atividade",C14,"") | O14: =IF($B14<>"Descrição da atividade",D14,"") | P14: =IF($B14<>"Descrição da atividade",E14,"") | Q14: =IF($B14<>"Descrição da atividade",F14,"") | R14: =IF($B14<>"Descrição da atividade",G14,"") | S14: =IF($B14<>"Descrição da atividade",H14,"") | ... U14: =IF($B14<>"Descrição da atividade",J14,"")
A15: ='(I) Capacitações'!$A$17 -> A2 | B15: ='(I) Capacitações'!$B$17 -> Descrição da atividade | C15: ='(I) Capacitações'!D20 -> 1.4 Custos relacionados à divulgação da ação (produção de material promocional, serviços gráficos de reprodução e veiculação em rádio, TV e mídias sociais). | D15: ='(I) Capacitações'!E20 -> Unidade | E15: ='(I) Capacitações'!F20 -> 0 | F15: ='(I) Capacitações'!G20 -> 0 | G15: ='(I) Capacitações'!H20 -> 0 | H15: ='(I) Capacitações'!I20 -> 0 | I15: ='(I) Capacitações'!J20 -> 0 | J15: ='(I) Capacitações'!K20 | L15: =IF($B15<>"Descrição da atividade",A15,"") | M15: =IF($B15<>"Descrição da atividade",B15,"") | N15: =IF($B15<>"Descrição da atividade",C15,"") | O15: =IF($B15<>"Descrição da atividade",D15,"") | P15: =IF($B15<>"Descrição da atividade",E15,"") | Q15: =IF($B15<>"Descrição da atividade",F15,"") | R15: =IF($B15<>"Descrição da atividade",G15,"") | S15: =IF($B15<>"Descrição da atividade",H15,"") | ... U15: =IF($B15<>"Descrição da atividade",J15,"")
A16: ='(I) Capacitações'!$A$17 -> A2 | B16: ='(I) Capacitações'!$B$17 -> Descrição da atividade | C16: ='(I) Capacitações'!D21 -> 1.5 Custos de deslocamento para instrutores/palestrantes e participantes (custo de combustível, locação de veículos, passagens áreas ou rodoviárias, táxis ou transportes alternativos). | D16: ='(I) Capacitações'!E21 -> Unidade | E16: ='(I) Capacitações'!F21 -> 0 | F16: ='(I) Capacitações'!G21 -> 0 | G16: ='(I) Capacitações'!H21 -> 0 | H16: ='(I) Capacitações'!I21 -> 0 | I16: ='(I) Capacitações'!J21 -> 0 | J16: ='(I) Capacitações'!K21 | L16: =IF($B16<>"Descrição da atividade",A16,"") | M16: =IF($B16<>"Descrição da atividade",B16,"") | N16: =IF($B16<>"Descrição da atividade",C16,"") | O16: =IF($B16<>"Descrição da atividade",D16,"") | P16: =IF($B16<>"Descrição da atividade",E16,"") | Q16: =IF($B16<>"Descrição da atividade",F16,"") | R16: =IF($B16<>"Descrição da atividade",G16,"") | S16: =IF($B16<>"Descrição da atividade",H16,"") | ... U16: =IF($B16<>"Descrição da atividade",J16,"")
A17: ='(I) Capacitações'!$A$17 -> A2 | B17: ='(I) Capacitações'!$B$17 -> Descrição da atividade | C17: ='(I) Capacitações'!D22 -> 1.6 Hospedagem e ajuda de custo para instrutores/palestrantes. | D17: ='(I) Capacitações'!E22 -> Diárias | E17: ='(I) Capacitações'!F22 -> 0 | F17: ='(I) Capacitações'!G22 -> 0 | G17: ='(I) Capacitações'!H22 -> 0 | H17: ='(I) Capacitações'!I22 -> 0 | I17: ='(I) Capacitações'!J22 -> 0 | J17: ='(I) Capacitações'!K22 | L17: =IF($B17<>"Descrição da atividade",A17,"") | M17: =IF($B17<>"Descrição da atividade",B17,"") | N17: =IF($B17<>"Descrição da atividade",C17,"") | O17: =IF($B17<>"Descrição da atividade",D17,"") | P17: =IF($B17<>"Descrição da atividade",E17,"") | Q17: =IF($B17<>"Descrição da atividade",F17,"") | R17: =IF($B17<>"Descrição da atividade",G17,"") | S17: =IF($B17<>"Descrição da atividade",H17,"") | ... U17: =IF($B17<>"Descrição da atividade",J17,"")
A18: ='(I) Capacitações'!$A$17 -> A2 | B18: ='(I) Capacitações'!$B$17 -> Descrição da atividade | C18: ='(I) Capacitações'!D23 -> 1.7 Locação de espaço. | D18: ='(I) Capacitações'!E23 -> Diárias | E18: ='(I) Capacitações'!F23 -> 0 | F18: ='(I) Capacitações'!G23 -> 0 | G18: ='(I) Capacitações'!H23 -> 0 | H18: ='(I) Capacitações'!I23 -> 0 | I18: ='(I) Capacitações'!J23 -> 0 | J18: ='(I) Capacitações'!K23 | L18: =IF($B18<>"Descrição da atividade",A18,"") | M18: =IF($B18<>"Descrição da atividade",B18,"") | N18: =IF($B18<>"Descrição da atividade",C18,"") | O18: =IF($B18<>"Descrição da atividade",D18,"") | P18: =IF($B18<>"Descrição da atividade",E18,"") | Q18: =IF($B18<>"Descrição da atividade",F18,"") | R18: =IF($B18<>"Descrição da atividade",G18,"") | S18: =IF($B18<>"Descrição da atividade",H18,"") | ... U18: =IF($B18<>"Descrição da atividade",J18,"")
A19: ='(I) Capacitações'!$A$17 -> A2 | B19: ='(I) Capacitações'!$B$17 -> Descrição da atividade | C19: ='(I) Capacitações'!D24 -> 1.8 Locação de equipamentos audiovisuais. | D19: ='(I) Capacitações'!E24 -> Diárias | E19: ='(I) Capacitações'!F24 -> 0 | F19: ='(I) Capacitações'!G24 -> 0 | G19: ='(I) Capacitações'!H24 -> 0 | H19: ='(I) Capacitações'!I24 -> 0 | I19: ='(I) Capacitações'!J24 -> 0 | J19: ='(I) Capacitações'!K24 | L19: =IF($B19<>"Descrição da atividade",A19,"") | M19: =IF($B19<>"Descrição da atividade",B19,"") | N19: =IF($B19<>"Descrição da atividade",C19,"") | O19: =IF($B19<>"Descrição da atividade",D19,"") | P19: =IF($B19<>"Descrição da atividade",E19,"") | Q19: =IF($B19<>"Descrição da atividade",F19,"") | R19: =IF($B19<>"Descrição da atividade",G19,"") | S19: =IF($B19<>"Descrição da atividade",H19,"") | ... U19: =IF($B19<>"Descrição da atividade",J19,"")
A20: ='(I) Capacitações'!$A$17 -> A2 | B20: ='(I) Capacitações'!$B$17 -> Descrição da atividade | C20: ='(I) Capacitações'!D25 -> 1.9 Coffee Break e catering | D20: ='(I) Capacitações'!E25 -> Unidade | E20: ='(I) Capacitações'!F25 -> 0 | F20: ='(I) Capacitações'!G25 -> 0 | G20: ='(I) Capacitações'!H25 -> 0 | H20: ='(I) Capacitações'!I25 -> 0 | I20: ='(I) Capacitações'!J25 -> 0 | J20: ='(I) Capacitações'!K25 | L20: =IF($B20<>"Descrição da atividade",A20,"") | M20: =IF($B20<>"Descrição da atividade",B20,"") | N20: =IF($B20<>"Descrição da atividade",C20,"") | O20: =IF($B20<>"Descrição da atividade",D20,"") | P20: =IF($B20<>"Descrição da atividade",E20,"") | Q20: =IF($B20<>"Descrição da atividade",F20,"") | R20: =IF($B20<>"Descrição da atividade",G20,"") | S20: =IF($B20<>"Descrição da atividade",H20,"") | ... U20: =IF($B20<>"Descrição da atividade",J20,"")
A21: ='(I) Capacitações'!$A$26 -> A3 | B21: ='(I) Capacitações'!$B$26 -> Descrição da atividade | C21: ='(I) Capacitações'!D26 -> 1.1 Inscrição para capacitações, oficinas, workshops, palestras ou seminários. | D21: ='(I) Capacitações'!E26 -> Número de inscrições | E21: ='(I) Capacitações'!F26 -> 0 | F21: ='(I) Capacitações'!G26 -> 0 | G21: ='(I) Capacitações'!H26 -> 0 | H21: ='(I) Capacitações'!I26 -> 0 | I21: ='(I) Capacitações'!J26 -> 0 | J21: ='(I) Capacitações'!K26 | L21: =IF($B21<>"Descrição da atividade",A21,"") | M21: =IF($B21<>"Descrição da atividade",B21,"") | N21: =IF($B21<>"Descrição da atividade",C21,"") | O21: =IF($B21<>"Descrição da atividade",D21,"") | P21: =IF($B21<>"Descrição da atividade",E21,"") | Q21: =IF($B21<>"Descrição da atividade",F21,"") | R21: =IF($B21<>"Descrição da atividade",G21,"") | S21: =IF($B21<>"Descrição da atividade",H21,"") | ... U21: =IF($B21<>"Descrição da atividade",J21,"")
A22: ='(I) Capacitações'!$A$26 -> A3 | B22: ='(I) Capacitações'!$B$26 -> Descrição da atividade | C22: ='(I) Capacitações'!D27 -> 1.2 Contratação de instrutor/palestrante. | D22: ='(I) Capacitações'!E27 -> Horas de trabalho | E22: ='(I) Capacitações'!F27 -> 0 | F22: ='(I) Capacitações'!G27 -> 0 | G22: ='(I) Capacitações'!H27 -> 0 | H22: ='(I) Capacitações'!I27 -> 0 | I22: ='(I) Capacitações'!J27 -> 0 | J22: ='(I) Capacitações'!K27 | L22: =IF($B22<>"Descrição da atividade",A22,"") | M22: =IF($B22<>"Descrição da atividade",B22,"") | N22: =IF($B22<>"Descrição da atividade",C22,"") | O22: =IF($B22<>"Descrição da atividade",D22,"") | P22: =IF($B22<>"Descrição da atividade",E22,"") | Q22: =IF($B22<>"Descrição da atividade",F22,"") | R22: =IF($B22<>"Descrição da atividade",G22,"") | S22: =IF($B22<>"Descrição da atividade",H22,"") | ... U22: =IF($B22<>"Descrição da atividade",J22,"")
A23: ='(I) Capacitações'!$A$26 -> A3 | B23: ='(I) Capacitações'!$B$26 -> Descrição da atividade | C23: ='(I) Capacitações'!D28 -> 1.3 Preparação e impressão de materiais educativos. | D23: ='(I) Capacitações'!E28 -> Unidade | E23: ='(I) Capacitações'!F28 -> 0 | F23: ='(I) Capacitações'!G28 -> 0 | G23: ='(I) Capacitações'!H28 -> 0 | H23: ='(I) Capacitações'!I28 -> 0 | I23: ='(I) Capacitações'!J28 -> 0 | J23: ='(I) Capacitações'!K28 | L23: =IF($B23<>"Descrição da atividade",A23,"") | M23: =IF($B23<>"Descrição da atividade",B23,"") | N23: =IF($B23<>"Descrição da atividade",C23,"") | O23: =IF($B23<>"Descrição da atividade",D23,"") | P23: =IF($B23<>"Descrição da atividade",E23,"") | Q23: =IF($B23<>"Descrição da atividade",F23,"") | R23: =IF($B23<>"Descrição da atividade",G23,"") | S23: =IF($B23<>"Descrição da atividade",H23,"") | ... U23: =IF($B23<>"Descrição da atividade",J23,"")
A24: ='(I) Capacitações'!$A$26 -> A3 | B24: ='(I) Capacitações'!$B$26 -> Descrição da atividade | C24: ='(I) Capacitações'!D29 -> 1.4 Custos relacionados à divulgação da ação (produção de material promocional, serviços gráficos de reprodução e veiculação em rádio, TV e mídias sociais). | D24: ='(I) Capacitações'!E29 -> Unidade | E24: ='(I) Capacitações'!F29 -> 0 | F24: ='(I) Capacitações'!G29 -> 0 | G24: ='(I) Capacitações'!H29 -> 0 | H24: ='(I) Capacitações'!I29 -> 0 | I24: ='(I) Capacitações'!J29 -> 0 | J24: ='(I) Capacitações'!K29 | L24: =IF($B24<>"Descrição da atividade",A24,"") | M24: =IF($B24<>"Descrição da atividade",B24,"") | N24: =IF($B24<>"Descrição da atividade",C24,"") | O24: =IF($B24<>"Descrição da atividade",D24,"") | P24: =IF($B24<>"Descrição da atividade",E24,"") | Q24: =IF($B24<>"Descrição da atividade",F24,"") | R24: =IF($B24<>"Descrição da atividade",G24,"") | S24: =IF($B24<>"Descrição da atividade",H24,"") | ... U24: =IF($B24<>"Descrição da atividade",J24,"")
A25: ='(I) Capacitações'!$A$26 -> A3 | B25: ='(I) Capacitações'!$B$26 -> Descrição da atividade | C25: ='(I) Capacitações'!D30 -> 1.5 Custos de deslocamento para instrutores/palestrantes e participantes (custo de combustível, locação de veículos, passagens áreas ou rodoviárias, táxis ou transportes alternativos). | D25: ='(I) Capacitações'!E30 -> Unidade | E25: ='(I) Capacitações'!F30 -> 0 | F25: ='(I) Capacitações'!G30 -> 0 | G25: ='(I) Capacitações'!H30 -> 0 | H25: ='(I) Capacitações'!I30 -> 0 | I25: ='(I) Capacitações'!J30 -> 0 | J25: ='(I) Capacitações'!K30 | L25: =IF($B25<>"Descrição da atividade",A25,"") | M25: =IF($B25<>"Descrição da atividade",B25,"") | N25: =IF($B25<>"Descrição da atividade",C25,"") | O25: =IF($B25<>"Descrição da atividade",D25,"") | P25: =IF($B25<>"Descrição da atividade",E25,"") | Q25: =IF($B25<>"Descrição da atividade",F25,"") | R25: =IF($B25<>"Descrição da atividade",G25,"") | S25: =IF($B25<>"Descrição da atividade",H25,"") | ... U25: =IF($B25<>"Descrição da atividade",J25,"")
A26: ='(I) Capacitações'!$A$26 -> A3 | B26: ='(I) Capacitações'!$B$26 -> Descrição da atividade | C26: ='(I) Capacitações'!D31 -> 1.6 Hospedagem e ajuda de custo para instrutores/palestrantes. | D26: ='(I) Capacitações'!E31 -> Diárias | E26: ='(I) Capacitações'!F31 -> 0 | F26: ='(I) Capacitações'!G31 -> 0 | G26: ='(I) Capacitações'!H31 -> 0 | H26: ='(I) Capacitações'!I31 -> 0 | I26: ='(I) Capacitações'!J31 -> 0 | J26: ='(I) Capacitações'!K31 | L26: =IF($B26<>"Descrição da atividade",A26,"") | M26: =IF($B26<>"Descrição da atividade",B26,"") | N26: =IF($B26<>"Descrição da atividade",C26,"") | O26: =IF($B26<>"Descrição da atividade",D26,"") | P26: =IF($B26<>"Descrição da atividade",E26,"") | Q26: =IF($B26<>"Descrição da atividade",F26,"") | R26: =IF($B26<>"Descrição da atividade",G26,"") | S26: =IF($B26<>"Descrição da atividade",H26,"") | ... U26: =IF($B26<>"Descrição da atividade",J26,"")
A27: ='(I) Capacitações'!$A$26 -> A3 | B27: ='(I) Capacitações'!$B$26 -> Descrição da atividade | C27: ='(I) Capacitações'!D32 -> 1.7 Locação de espaço. | D27: ='(I) Capacitações'!E32 -> Diárias | E27: ='(I) Capacitações'!F32 -> 0 | F27: ='(I) Capacitações'!G32 -> 0 | G27: ='(I) Capacitações'!H32 -> 0 | H27: ='(I) Capacitações'!I32 -> 0 | I27: ='(I) Capacitações'!J32 -> 0 | J27: ='(I) Capacitações'!K32 | L27: =IF($B27<>"Descrição da atividade",A27,"") | M27: =IF($B27<>"Descrição da atividade",B27,"") | N27: =IF($B27<>"Descrição da atividade",C27,"") | O27: =IF($B27<>"Descrição da atividade",D27,"") | P27: =IF($B27<>"Descrição da atividade",E27,"") | Q27: =IF($B27<>"Descrição da atividade",F27,"") | R27: =IF($B27<>"Descrição da atividade",G27,"") | S27: =IF($B27<>"Descrição da atividade",H27,"") | ... U27: =IF($B27<>"Descrição da atividade",J27,"")
A28: ='(I) Capacitações'!$A$26 -> A3 | B28: ='(I) Capacitações'!$B$26 -> Descrição da atividade | C28: ='(I) Capacitações'!D33 -> 1.8 Locação de equipamentos audiovisuais. | D28: ='(I) Capacitações'!E33 -> Diárias | E28: ='(I) Capacitações'!F33 -> 0 | F28: ='(I) Capacitações'!G33 -> 0 | G28: ='(I) Capacitações'!H33 -> 0 | H28: ='(I) Capacitações'!I33 -> 0 | I28: ='(I) Capacitações'!J33 -> 0 | J28: ='(I) Capacitações'!K33 | L28: =IF($B28<>"Descrição da atividade",A28,"") | M28: =IF($B28<>"Descrição da atividade",B28,"") | N28: =IF($B28<>"Descrição da atividade",C28,"") | O28: =IF($B28<>"Descrição da atividade",D28,"") | P28: =IF($B28<>"Descrição da atividade",E28,"") | Q28: =IF($B28<>"Descrição da atividade",F28,"") | R28: =IF($B28<>"Descrição da atividade",G28,"") | S28: =IF($B28<>"Descrição da atividade",H28,"") | ... U28: =IF($B28<>"Descrição da atividade",J28,"")
A29: ='(I) Capacitações'!$A$26 -> A3 | B29: ='(I) Capacitações'!$B$26 -> Descrição da atividade | C29: ='(I) Capacitações'!D34 -> 1.9 Coffee Break e catering | D29: ='(I) Capacitações'!E34 -> Unidade | E29: ='(I) Capacitações'!F34 -> 0 | F29: ='(I) Capacitações'!G34 -> 0 | G29: ='(I) Capacitações'!H34 -> 0 | H29: ='(I) Capacitações'!I34 -> 0 | I29: ='(I) Capacitações'!J34 -> 0 | J29: ='(I) Capacitações'!K34 | L29: =IF($B29<>"Descrição da atividade",A29,"") | M29: =IF($B29<>"Descrição da atividade",B29,"") | N29: =IF($B29<>"Descrição da atividade",C29,"") | O29: =IF($B29<>"Descrição da atividade",D29,"") | P29: =IF($B29<>"Descrição da atividade",E29,"") | Q29: =IF($B29<>"Descrição da atividade",F29,"") | R29: =IF($B29<>"Descrição da atividade",G29,"") | S29: =IF($B29<>"Descrição da atividade",H29,"") | ... U29: =IF($B29<>"Descrição da atividade",J29,"")
A30: ='(I) Capacitações'!$A$35 -> A4 | B30: ='(I) Capacitações'!$B$35 -> Descrição da atividade | C30: ='(I) Capacitações'!D35 -> 1.1 Inscrição para capacitações, oficinas, workshops, palestras ou seminários. | D30: ='(I) Capacitações'!E35 -> Número de inscrições | E30: ='(I) Capacitações'!F35 -> 0 | F30: ='(I) Capacitações'!G35 -> 0 | G30: ='(I) Capacitações'!H35 -> 0 | H30: ='(I) Capacitações'!I35 -> 0 | I30: ='(I) Capacitações'!J35 -> 0 | J30: ='(I) Capacitações'!K35 | L30: =IF($B30<>"Descrição da atividade",A30,"") | M30: =IF($B30<>"Descrição da atividade",B30,"") | N30: =IF($B30<>"Descrição da atividade",C30,"") | O30: =IF($B30<>"Descrição da atividade",D30,"") | P30: =IF($B30<>"Descrição da atividade",E30,"") | Q30: =IF($B30<>"Descrição da atividade",F30,"") | R30: =IF($B30<>"Descrição da atividade",G30,"") | S30: =IF($B30<>"Descrição da atividade",H30,"") | ... U30: =IF($B30<>"Descrição da atividade",J30,"")
A31: ='(I) Capacitações'!$A$35 -> A4 | B31: ='(I) Capacitações'!$B$35 -> Descrição da atividade | C31: ='(I) Capacitações'!D36 -> 1.2 Contratação de instrutor/palestrante. | D31: ='(I) Capacitações'!E36 -> Horas de trabalho | E31: ='(I) Capacitações'!F36 -> 0 | F31: ='(I) Capacitações'!G36 -> 0 | G31: ='(I) Capacitações'!H36 -> 0 | H31: ='(I) Capacitações'!I36 -> 0 | I31: ='(I) Capacitações'!J36 -> 0 | J31: ='(I) Capacitações'!K36 | L31: =IF($B31<>"Descrição da atividade",A31,"") | M31: =IF($B31<>"Descrição da atividade",B31,"") | N31: =IF($B31<>"Descrição da atividade",C31,"") | O31: =IF($B31<>"Descrição da atividade",D31,"") | P31: =IF($B31<>"Descrição da atividade",E31,"") | Q31: =IF($B31<>"Descrição da atividade",F31,"") | R31: =IF($B31<>"Descrição da atividade",G31,"") | S31: =IF($B31<>"Descrição da atividade",H31,"") | ... U31: =IF($B31<>"Descrição da atividade",J31,"")
A32: ='(I) Capacitações'!$A$35 -> A4 | B32: ='(I) Capacitações'!$B$35 -> Descrição da atividade | C32: ='(I) Capacitações'!D37 -> 1.3 Preparação e impressão de materiais educativos. | D32: ='(I) Capacitações'!E37 -> Unidade | E32: ='(I) Capacitações'!F37 -> 0 | F32: ='(I) Capacitações'!G37 -> 0 | G32: ='(I) Capacitações'!H37 -> 0 | H32: ='(I) Capacitações'!I37 -> 0 | I32: ='(I) Capacitações'!J37 -> 0 | J32: ='(I) Capacitações'!K37 | L32: =IF($B32<>"Descrição da atividade",A32,"") | M32: =IF($B32<>"Descrição da atividade",B32,"") | N32: =IF($B32<>"Descrição da atividade",C32,"") | O32: =IF($B32<>"Descrição da atividade",D32,"") | P32: =IF($B32<>"Descrição da atividade",E32,"") | Q32: =IF($B32<>"Descrição da atividade",F32,"") | R32: =IF($B32<>"Descrição da atividade",G32,"") | S32: =IF($B32<>"Descrição da atividade",H32,"") | ... U32: =IF($B32<>"Descrição da atividade",J32,"")
A33: ='(I) Capacitações'!$A$35 -> A4 | B33: ='(I) Capacitações'!$B$35 -> Descrição da atividade | C33: ='(I) Capacitações'!D38 -> 1.4 Custos relacionados à divulgação da ação (produção de material promocional, serviços gráficos de reprodução e veiculação em rádio, TV e mídias sociais). | D33: ='(I) Capacitações'!E38 -> Unidade | E33: ='(I) Capacitações'!F38 -> 0 | F33: ='(I) Capacitações'!G38 -> 0 | G33: ='(I) Capacitações'!H38 -> 0 | H33: ='(I) Capacitações'!I38 -> 0 | I33: ='(I) Capacitações'!J38 -> 0 | J33: ='(I) Capacitações'!K38 | L33: =IF($B33<>"Descrição da atividade",A33,"") | M33: =IF($B33<>"Descrição da atividade",B33,"") | N33: =IF($B33<>"Descrição da atividade",C33,"") | O33: =IF($B33<>"Descrição da atividade",D33,"") | P33: =IF($B33<>"Descrição da atividade",E33,"") | Q33: =IF($B33<>"Descrição da atividade",F33,"") | R33: =IF($B33<>"Descrição da atividade",G33,"") | S33: =IF($B33<>"Descrição da atividade",H33,"") | ... U33: =IF($B33<>"Descrição da atividade",J33,"")
A34: ='(I) Capacitações'!$A$35 -> A4 | B34: ='(I) Capacitações'!$B$35 -> Descrição da atividade | C34: ='(I) Capacitações'!D39 -> 1.5 Custos de deslocamento para instrutores/palestrantes e participantes (custo de combustível, locação de veículos, passagens áreas ou rodoviárias, táxis ou transportes alternativos). | D34: ='(I) Capacitações'!E39 -> Unidade | E34: ='(I) Capacitações'!F39 -> 0 | F34: ='(I) Capacitações'!G39 -> 0 | G34: ='(I) Capacitações'!H39 -> 0 | H34: ='(I) Capacitações'!I39 -> 0 | I34: ='(I) Capacitações'!J39 -> 0 | J34: ='(I) Capacitações'!K39 | L34: =IF($B34<>"Descrição da atividade",A34,"") | M34: =IF($B34<>"Descrição da atividade",B34,"") | N34: =IF($B34<>"Descrição da atividade",C34,"") | O34: =IF($B34<>"Descrição da atividade",D34,"") | P34: =IF($B34<>"Descrição da atividade",E34,"") | Q34: =IF($B34<>"Descrição da atividade",F34,"") | R34: =IF($B34<>"Descrição da atividade",G34,"") | S34: =IF($B34<>"Descrição da atividade",H34,"") | ... U34: =IF($B34<>"Descrição da atividade",J34,"")
A35: ='(I) Capacitações'!$A$35 -> A4 | B35: ='(I) Capacitações'!$B$35 -> Descrição da atividade | C35: ='(I) Capacitações'!D40 -> 1.6 Hospedagem e ajuda de custo para instrutores/palestrantes. | D35: ='(I) Capacitações'!E40 -> Diárias | E35: ='(I) Capacitações'!F40 -> 0 | F35: ='(I) Capacitações'!G40 -> 0 | G35: ='(I) Capacitações'!H40 -> 0 | H35: ='(I) Capacitações'!I40 -> 0 | I35: ='(I) Capacitações'!J40 -> 0 | J35: ='(I) Capacitações'!K40 | L35: =IF($B35<>"Descrição da atividade",A35,"") | M35: =IF($B35<>"Descrição da atividade",B35,"") | N35: =IF($B35<>"Descrição da atividade",C35,"") | O35: =IF($B35<>"Descrição da atividade",D35,"") | P35: =IF($B35<>"Descrição da atividade",E35,"") | Q35: =IF($B35<>"Descrição da atividade",F35,"") | R35: =IF($B35<>"Descrição da atividade",G35,"") | S35: =IF($B35<>"Descrição da atividade",H35,"") | ... U35: =IF($B35<>"Descrição da atividade",J35,"")
A36: ='(I) Capacitações'!$A$35 -> A4 | B36: ='(I) Capacitações'!$B$35 -> Descrição da atividade | C36: ='(I) Capacitações'!D41 -> 1.7 Locação de espaço. | D36: ='(I) Capacitações'!E41 -> Diárias | E36: ='(I) Capacitações'!F41 -> 0 | F36: ='(I) Capacitações'!G41 -> 0 | G36: ='(I) Capacitações'!H41 -> 0 | H36: ='(I) Capacitações'!I41 -> 0 | I36: ='(I) Capacitações'!J41 -> 0 | J36: ='(I) Capacitações'!K41 | L36: =IF($B36<>"Descrição da atividade",A36,"") | M36: =IF($B36<>"Descrição da atividade",B36,"") | N36: =IF($B36<>"Descrição da atividade",C36,"") | O36: =IF($B36<>"Descrição da atividade",D36,"") | P36: =IF($B36<>"Descrição da atividade",E36,"") | Q36: =IF($B36<>"Descrição da atividade",F36,"") | R36: =IF($B36<>"Descrição da atividade",G36,"") | S36: =IF($B36<>"Descrição da atividade",H36,"") | ... U36: =IF($B36<>"Descrição da atividade",J36,"")
A37: ='(I) Capacitações'!$A$35 -> A4 | B37: ='(I) Capacitações'!$B$35 -> Descrição da atividade | C37: ='(I) Capacitações'!D42 -> 1.8 Locação de equipamentos audiovisuais. | D37: ='(I) Capacitações'!E42 -> Diárias | E37: ='(I) Capacitações'!F42 -> 0 | F37: ='(I) Capacitações'!G42 -> 0 | G37: ='(I) Capacitações'!H42 -> 0 | H37: ='(I) Capacitações'!I42 -> 0 | I37: ='(I) Capacitações'!J42 -> 0 | J37: ='(I) Capacitações'!K42 | L37: =IF($B37<>"Descrição da atividade",A37,"") | M37: =IF($B37<>"Descrição da atividade",B37,"") | N37: =IF($B37<>"Descrição da atividade",C37,"") | O37: =IF($B37<>"Descrição da atividade",D37,"") | P37: =IF($B37<>"Descrição da atividade",E37,"") | Q37: =IF($B37<>"Descrição da atividade",F37,"") | R37: =IF($B37<>"Descrição da atividade",G37,"") | S37: =IF($B37<>"Descrição da atividade",H37,"") | ... U37: =IF($B37<>"Descrição da atividade",J37,"")
A38: ='(I) Capacitações'!$A$35 -> A4 | B38: ='(I) Capacitações'!$B$35 -> Descrição da atividade | C38: ='(I) Capacitações'!D43 -> 1.9 Coffee Break e catering | D38: ='(I) Capacitações'!E43 -> Unidade | E38: ='(I) Capacitações'!F43 -> 0 | F38: ='(I) Capacitações'!G43 -> 0 | G38: ='(I) Capacitações'!H43 -> 0 | H38: ='(I) Capacitações'!I43 -> 0 | I38: ='(I) Capacitações'!J43 -> 0 | J38: ='(I) Capacitações'!K43 | L38: =IF($B38<>"Descrição da atividade",A38,"") | M38: =IF($B38<>"Descrição da atividade",B38,"") | N38: =IF($B38<>"Descrição da atividade",C38,"") | O38: =IF($B38<>"Descrição da atividade",D38,"") | P38: =IF($B38<>"Descrição da atividade",E38,"") | Q38: =IF($B38<>"Descrição da atividade",F38,"") | R38: =IF($B38<>"Descrição da atividade",G38,"") | S38: =IF($B38<>"Descrição da atividade",H38,"") | ... U38: =IF($B38<>"Descrição da atividade",J38,"")
A39: ='(I) Capacitações'!$A$44 -> A5 | B39: ='(I) Capacitações'!$B$44 -> Descrição da atividade | C39: ='(I) Capacitações'!D44 -> 1.1 Inscrição para capacitações, oficinas, workshops, palestras ou seminários. | D39: ='(I) Capacitações'!E44 -> Número de inscrições | E39: ='(I) Capacitações'!F44 -> 0 | F39: ='(I) Capacitações'!G44 -> 0 | G39: ='(I) Capacitações'!H44 -> 0 | H39: ='(I) Capacitações'!I44 -> 0 | I39: ='(I) Capacitações'!J44 -> 0 | J39: ='(I) Capacitações'!K44 | L39: =IF($B39<>"Descrição da atividade",A39,"") | M39: =IF($B39<>"Descrição da atividade",B39,"") | N39: =IF($B39<>"Descrição da atividade",C39,"") | O39: =IF($B39<>"Descrição da atividade",D39,"") | P39: =IF($B39<>"Descrição da atividade",E39,"") | Q39: =IF($B39<>"Descrição da atividade",F39,"") | R39: =IF($B39<>"Descrição da atividade",G39,"") | S39: =IF($B39<>"Descrição da atividade",H39,"") | ... U39: =IF($B39<>"Descrição da atividade",J39,"")
A40: ='(I) Capacitações'!$A$44 -> A5 | B40: ='(I) Capacitações'!$B$44 -> Descrição da atividade | C40: ='(I) Capacitações'!D45 -> 1.2 Contratação de instrutor/palestrante. | D40: ='(I) Capacitações'!E45 -> Horas de trabalho | E40: ='(I) Capacitações'!F45 -> 0 | F40: ='(I) Capacitações'!G45 -> 0 | G40: ='(I) Capacitações'!H45 -> 0 | H40: ='(I) Capacitações'!I45 -> 0 | I40: ='(I) Capacitações'!J45 -> 0 | J40: ='(I) Capacitações'!K45 | L40: =IF($B40<>"Descrição da atividade",A40,"") | M40: =IF($B40<>"Descrição da atividade",B40,"") | N40: =IF($B40<>"Descrição da atividade",C40,"") | O40: =IF($B40<>"Descrição da atividade",D40,"") | P40: =IF($B40<>"Descrição da atividade",E40,"") | Q40: =IF($B40<>"Descrição da atividade",F40,"") | R40: =IF($B40<>"Descrição da atividade",G40,"") | S40: =IF($B40<>"Descrição da atividade",H40,"") | ... U40: =IF($B40<>"Descrição da atividade",J40,"")
A41: ='(I) Capacitações'!$A$44 -> A5 | B41: ='(I) Capacitações'!$B$44 -> Descrição da atividade | C41: ='(I) Capacitações'!D46 -> 1.3 Preparação e impressão de materiais educativos. | D41: ='(I) Capacitações'!E46 -> Unidade | E41: ='(I) Capacitações'!F46 -> 0 | F41: ='(I) Capacitações'!G46 -> 0 | G41: ='(I) Capacitações'!H46 -> 0 | H41: ='(I) Capacitações'!I46 -> 0 | I41: ='(I) Capacitações'!J46 -> 0 | J41: ='(I) Capacitações'!K46 | L41: =IF($B41<>"Descrição da atividade",A41,"") | M41: =IF($B41<>"Descrição da atividade",B41,"") | N41: =IF($B41<>"Descrição da atividade",C41,"") | O41: =IF($B41<>"Descrição da atividade",D41,"") | P41: =IF($B41<>"Descrição da atividade",E41,"") | Q41: =IF($B41<>"Descrição da atividade",F41,"") | R41: =IF($B41<>"Descrição da atividade",G41,"") | S41: =IF($B41<>"Descrição da atividade",H41,"") | ... U41: =IF($B41<>"Descrição da atividade",J41,"")
A42: ='(I) Capacitações'!$A$44 -> A5 | B42: ='(I) Capacitações'!$B$44 -> Descrição da atividade | C42: ='(I) Capacitações'!D47 -> 1.4 Custos relacionados à divulgação da ação (produção de material promocional, serviços gráficos de reprodução e veiculação em rádio, TV e mídias sociais). | D42: ='(I) Capacitações'!E47 -> Unidade | E42: ='(I) Capacitações'!F47 -> 0 | F42: ='(I) Capacitações'!G47 -> 0 | G42: ='(I) Capacitações'!H47 -> 0 | H42: ='(I) Capacitações'!I47 -> 0 | I42: ='(I) Capacitações'!J47 -> 0 | J42: ='(I) Capacitações'!K47 | L42: =IF($B42<>"Descrição da atividade",A42,"") | M42: =IF($B42<>"Descrição da atividade",B42,"") | N42: =IF($B42<>"Descrição da atividade",C42,"") | O42: =IF($B42<>"Descrição da atividade",D42,"") | P42: =IF($B42<>"Descrição da atividade",E42,"") | Q42: =IF($B42<>"Descrição da atividade",F42,"") | R42: =IF($B42<>"Descrição da atividade",G42,"") | S42: =IF($B42<>"Descrição da atividade",H42,"") | ... U42: =IF($B42<>"Descrição da atividade",J42,"")
A43: ='(I) Capacitações'!$A$44 -> A5 | B43: ='(I) Capacitações'!$B$44 -> Descrição da atividade | C43: ='(I) Capacitações'!D48 -> 1.5 Custos de deslocamento para instrutores/palestrantes e participantes (custo de combustível, locação de veículos, passagens áreas ou rodoviárias, táxis ou transportes alternativos). | D43: ='(I) Capacitações'!E48 -> Unidade | E43: ='(I) Capacitações'!F48 -> 0 | F43: ='(I) Capacitações'!G48 -> 0 | G43: ='(I) Capacitações'!H48 -> 0 | H43: ='(I) Capacitações'!I48 -> 0 | I43: ='(I) Capacitações'!J48 -> 0 | J43: ='(I) Capacitações'!K48 | L43: =IF($B43<>"Descrição da atividade",A43,"") | M43: =IF($B43<>"Descrição da atividade",B43,"") | N43: =IF($B43<>"Descrição da atividade",C43,"") | O43: =IF($B43<>"Descrição da atividade",D43,"") | P43: =IF($B43<>"Descrição da atividade",E43,"") | Q43: =IF($B43<>"Descrição da atividade",F43,"") | R43: =IF($B43<>"Descrição da atividade",G43,"") | S43: =IF($B43<>"Descrição da atividade",H43,"") | ... U43: =IF($B43<>"Descrição da atividade",J43,"")
A44: ='(I) Capacitações'!$A$44 -> A5 | B44: ='(I) Capacitações'!$B$44 -> Descrição da atividade | C44: ='(I) Capacitações'!D49 -> 1.6 Hospedagem e ajuda de custo para instrutores/palestrantes. | D44: ='(I) Capacitações'!E49 -> Diárias | E44: ='(I) Capacitações'!F49 -> 0 | F44: ='(I) Capacitações'!G49 -> 0 | G44: ='(I) Capacitações'!H49 -> 0 | H44: ='(I) Capacitações'!I49 -> 0 | I44: ='(I) Capacitações'!J49 -> 0 | J44: ='(I) Capacitações'!K49 | L44: =IF($B44<>"Descrição da atividade",A44,"") | M44: =IF($B44<>"Descrição da atividade",B44,"") | N44: =IF($B44<>"Descrição da atividade",C44,"") | O44: =IF($B44<>"Descrição da atividade",D44,"") | P44: =IF($B44<>"Descrição da atividade",E44,"") | Q44: =IF($B44<>"Descrição da atividade",F44,"") | R44: =IF($B44<>"Descrição da atividade",G44,"") | S44: =IF($B44<>"Descrição da atividade",H44,"") | ... U44: =IF($B44<>"Descrição da atividade",J44,"")
A45: ='(I) Capacitações'!$A$44 -> A5 | B45: ='(I) Capacitações'!$B$44 -> Descrição da atividade | C45: ='(I) Capacitações'!D50 -> 1.7 Locação de espaço. | D45: ='(I) Capacitações'!E50 -> Diárias | E45: ='(I) Capacitações'!F50 -> 0 | F45: ='(I) Capacitações'!G50 -> 0 | G45: ='(I) Capacitações'!H50 -> 0 | H45: ='(I) Capacitações'!I50 -> 0 | I45: ='(I) Capacitações'!J50 -> 0 | J45: ='(I) Capacitações'!K50 | L45: =IF($B45<>"Descrição da atividade",A45,"") | M45: =IF($B45<>"Descrição da atividade",B45,"") | N45: =IF($B45<>"Descrição da atividade",C45,"") | O45: =IF($B45<>"Descrição da atividade",D45,"") | P45: =IF($B45<>"Descrição da atividade",E45,"") | Q45: =IF($B45<>"Descrição da atividade",F45,"") | R45: =IF($B45<>"Descrição da atividade",G45,"") | S45: =IF($B45<>"Descrição da atividade",H45,"") | ... U45: =IF($B45<>"Descrição da atividade",J45,"")
A46: ='(I) Capacitações'!$A$44 -> A5 | B46: ='(I) Capacitações'!$B$44 -> Descrição da atividade | C46: ='(I) Capacitações'!D51 -> 1.8 Locação de equipamentos audiovisuais. | D46: ='(I) Capacitações'!E51 -> Diárias | E46: ='(I) Capacitações'!F51 -> 0 | F46: ='(I) Capacitações'!G51 -> 0 | G46: ='(I) Capacitações'!H51 -> 0 | H46: ='(I) Capacitações'!I51 -> 0 | I46: ='(I) Capacitações'!J51 -> 0 | J46: ='(I) Capacitações'!K51 | L46: =IF($B46<>"Descrição da atividade",A46,"") | M46: =IF($B46<>"Descrição da atividade",B46,"") | N46: =IF($B46<>"Descrição da atividade",C46,"") | O46: =IF($B46<>"Descrição da atividade",D46,"") | P46: =IF($B46<>"Descrição da atividade",E46,"") | Q46: =IF($B46<>"Descrição da atividade",F46,"") | R46: =IF($B46<>"Descrição da atividade",G46,"") | S46: =IF($B46<>"Descrição da atividade",H46,"") | ... U46: =IF($B46<>"Descrição da atividade",J46,"")
A47: ='(I) Capacitações'!$A$44 -> A5 | B47: ='(I) Capacitações'!$B$44 -> Descrição da atividade | C47: ='(I) Capacitações'!D52 -> 1.9 Coffee Break e catering | D47: ='(I) Capacitações'!E52 -> Unidade | E47: ='(I) Capacitações'!F52 -> 0 | F47: ='(I) Capacitações'!G52 -> 0 | G47: ='(I) Capacitações'!H52 -> 0 | H47: ='(I) Capacitações'!I52 -> 0 | I47: ='(I) Capacitações'!J52 -> 0 | J47: ='(I) Capacitações'!K52 | L47: =IF($B47<>"Descrição da atividade",A47,"") | M47: =IF($B47<>"Descrição da atividade",B47,"") | N47: =IF($B47<>"Descrição da atividade",C47,"") | O47: =IF($B47<>"Descrição da atividade",D47,"") | P47: =IF($B47<>"Descrição da atividade",E47,"") | Q47: =IF($B47<>"Descrição da atividade",F47,"") | R47: =IF($B47<>"Descrição da atividade",G47,"") | S47: =IF($B47<>"Descrição da atividade",H47,"") | ... U47: =IF($B47<>"Descrição da atividade",J47,"")
A48: ='(I) Capacitações'!$A$44 -> A5 | B48: ='(I) Capacitações'!$B$44 -> Descrição da atividade | C48: ='(I) Capacitações'!D53 -> 1.1 Inscrição para capacitações, oficinas, workshops, palestras ou seminários. | D48: ='(I) Capacitações'!E53 -> Número de inscrições | E48: ='(I) Capacitações'!F53 -> 0 | F48: ='(I) Capacitações'!G53 -> 0 | G48: ='(I) Capacitações'!H53 -> 0 | H48: ='(I) Capacitações'!I53 -> 0 | I48: ='(I) Capacitações'!J53 -> 0 | J48: ='(I) Capacitações'!K53 | L48: =IF($B48<>"Descrição da atividade",A48,"") | M48: =IF($B48<>"Descrição da atividade",B48,"") | N48: =IF($B48<>"Descrição da atividade",C48,"") | O48: =IF($B48<>"Descrição da atividade",D48,"") | P48: =IF($B48<>"Descrição da atividade",E48,"") | Q48: =IF($B48<>"Descrição da atividade",F48,"") | R48: =IF($B48<>"Descrição da atividade",G48,"") | S48: =IF($B48<>"Descrição da atividade",H48,"") | ... U48: =IF($B48<>"Descrição da atividade",J48,"")
A49: ='(I) Capacitações'!$A$53 -> A6 | B49: ='(I) Capacitações'!$B$53 -> Descrição da atividade | C49: ='(I) Capacitações'!D54 -> 1.2 Contratação de instrutor/palestrante. | D49: ='(I) Capacitações'!E54 -> Horas de trabalho | E49: ='(I) Capacitações'!F54 -> 0 | F49: ='(I) Capacitações'!G54 -> 0 | G49: ='(I) Capacitações'!H54 -> 0 | H49: ='(I) Capacitações'!I54 -> 0 | I49: ='(I) Capacitações'!J54 -> 0 | J49: ='(I) Capacitações'!K54 | L49: =IF($B49<>"Descrição da atividade",A49,"") | M49: =IF($B49<>"Descrição da atividade",B49,"") | N49: =IF($B49<>"Descrição da atividade",C49,"") | O49: =IF($B49<>"Descrição da atividade",D49,"") | P49: =IF($B49<>"Descrição da atividade",E49,"") | Q49: =IF($B49<>"Descrição da atividade",F49,"") | R49: =IF($B49<>"Descrição da atividade",G49,"") | S49: =IF($B49<>"Descrição da atividade",H49,"") | ... U49: =IF($B49<>"Descrição da atividade",J49,"")
A50: ='(I) Capacitações'!$A$53 -> A6 | B50: ='(I) Capacitações'!$B$53 -> Descrição da atividade | C50: ='(I) Capacitações'!D55 -> 1.3 Preparação e impressão de materiais educativos. | D50: ='(I) Capacitações'!E55 -> Unidade | E50: ='(I) Capacitações'!F55 -> 0 | F50: ='(I) Capacitações'!G55 -> 0 | G50: ='(I) Capacitações'!H55 -> 0 | H50: ='(I) Capacitações'!I55 -> 0 | I50: ='(I) Capacitações'!J55 -> 0 | J50: ='(I) Capacitações'!K55 | L50: =IF($B50<>"Descrição da atividade",A50,"") | M50: =IF($B50<>"Descrição da atividade",B50,"") | N50: =IF($B50<>"Descrição da atividade",C50,"") | O50: =IF($B50<>"Descrição da atividade",D50,"") | P50: =IF($B50<>"Descrição da atividade",E50,"") | Q50: =IF($B50<>"Descrição da atividade",F50,"") | R50: =IF($B50<>"Descrição da atividade",G50,"") | S50: =IF($B50<>"Descrição da atividade",H50,"") | ... U50: =IF($B50<>"Descrição da atividade",J50,"")
A51: ='(I) Capacitações'!$A$53 -> A6 | B51: ='(I) Capacitações'!$B$53 -> Descrição da atividade | C51: ='(I) Capacitações'!D56 -> 1.4 Custos relacionados à divulgação da ação (produção de material promocional, serviços gráficos de reprodução e veiculação em rádio, TV e mídias sociais). | D51: ='(I) Capacitações'!E56 -> Unidade | E51: ='(I) Capacitações'!F56 -> 0 | F51: ='(I) Capacitações'!G56 -> 0 | G51: ='(I) Capacitações'!H56 -> 0 | H51: ='(I) Capacitações'!I56 -> 0 | I51: ='(I) Capacitações'!J56 -> 0 | J51: ='(I) Capacitações'!K56 | L51: =IF($B51<>"Descrição da atividade",A51,"") | M51: =IF($B51<>"Descrição da atividade",B51,"") | N51: =IF($B51<>"Descrição da atividade",C51,"") | O51: =IF($B51<>"Descrição da atividade",D51,"") | P51: =IF($B51<>"Descrição da atividade",E51,"") | Q51: =IF($B51<>"Descrição da atividade",F51,"") | R51: =IF($B51<>"Descrição da atividade",G51,"") | S51: =IF($B51<>"Descrição da atividade",H51,"") | ... U51: =IF($B51<>"Descrição da atividade",J51,"")
A52: ='(I) Capacitações'!$A$53 -> A6 | B52: ='(I) Capacitações'!$B$53 -> Descrição da atividade | C52: ='(I) Capacitações'!D57 -> 1.5 Custos de deslocamento para instrutores/palestrantes e participantes (custo de combustível, locação de veículos, passagens áreas ou rodoviárias, táxis ou transportes alternativos). | D52: ='(I) Capacitações'!E57 -> Unidade | E52: ='(I) Capacitações'!F57 -> 0 | F52: ='(I) Capacitações'!G57 -> 0 | G52: ='(I) Capacitações'!H57 -> 0 | H52: ='(I) Capacitações'!I57 -> 0 | I52: ='(I) Capacitações'!J57 -> 0 | J52: ='(I) Capacitações'!K57 | L52: =IF($B52<>"Descrição da atividade",A52,"") | M52: =IF($B52<>"Descrição da atividade",B52,"") | N52: =IF($B52<>"Descrição da atividade",C52,"") | O52: =IF($B52<>"Descrição da atividade",D52,"") | P52: =IF($B52<>"Descrição da atividade",E52,"") | Q52: =IF($B52<>"Descrição da atividade",F52,"") | R52: =IF($B52<>"Descrição da atividade",G52,"") | S52: =IF($B52<>"Descrição da atividade",H52,"") | ... U52: =IF($B52<>"Descrição da atividade",J52,"")
A53: ='(I) Capacitações'!$A$53 -> A6 | B53: ='(I) Capacitações'!$B$53 -> Descrição da atividade | C53: ='(I) Capacitações'!D58 -> 1.6 Hospedagem e ajuda de custo para instrutores/palestrantes. | D53: ='(I) Capacitações'!E58 -> Diárias | E53: ='(I) Capacitações'!F58 -> 0 | F53: ='(I) Capacitações'!G58 -> 0 | G53: ='(I) Capacitações'!H58 -> 0 | H53: ='(I) Capacitações'!I58 -> 0 | I53: ='(I) Capacitações'!J58 -> 0 | J53: ='(I) Capacitações'!K58 | L53: =IF($B53<>"Descrição da atividade",A53,"") | M53: =IF($B53<>"Descrição da atividade",B53,"") | N53: =IF($B53<>"Descrição da atividade",C53,"") | O53: =IF($B53<>"Descrição da atividade",D53,"") | P53: =IF($B53<>"Descrição da atividade",E53,"") | Q53: =IF($B53<>"Descrição da atividade",F53,"") | R53: =IF($B53<>"Descrição da atividade",G53,"") | S53: =IF($B53<>"Descrição da atividade",H53,"") | ... U53: =IF($B53<>"Descrição da atividade",J53,"")
A54: ='(I) Capacitações'!$A$53 -> A6 | B54: ='(I) Capacitações'!$B$53 -> Descrição da atividade | C54: ='(I) Capacitações'!D59 -> 1.7 Locação de espaço. | D54: ='(I) Capacitações'!E59 -> Diárias | E54: ='(I) Capacitações'!F59 -> 0 | F54: ='(I) Capacitações'!G59 -> 0 | G54: ='(I) Capacitações'!H59 -> 0 | H54: ='(I) Capacitações'!I59 -> 0 | I54: ='(I) Capacitações'!J59 -> 0 | J54: ='(I) Capacitações'!K59 | L54: =IF($B54<>"Descrição da atividade",A54,"") | M54: =IF($B54<>"Descrição da atividade",B54,"") | N54: =IF($B54<>"Descrição da atividade",C54,"") | O54: =IF($B54<>"Descrição da atividade",D54,"") | P54: =IF($B54<>"Descrição da atividade",E54,"") | Q54: =IF($B54<>"Descrição da atividade",F54,"") | R54: =IF($B54<>"Descrição da atividade",G54,"") | S54: =IF($B54<>"Descrição da atividade",H54,"") | ... U54: =IF($B54<>"Descrição da atividade",J54,"")
A55: ='(I) Capacitações'!$A$53 -> A6 | B55: ='(I) Capacitações'!$B$53 -> Descrição da atividade | C55: ='(I) Capacitações'!D60 -> 1.8 Locação de equipamentos audiovisuais. | D55: ='(I) Capacitações'!E60 -> Diárias | E55: ='(I) Capacitações'!F60 -> 0 | F55: ='(I) Capacitações'!G60 -> 0 | G55: ='(I) Capacitações'!H60 -> 0 | H55: ='(I) Capacitações'!I60 -> 0 | I55: ='(I) Capacitações'!J60 -> 0 | J55: ='(I) Capacitações'!K60 | L55: =IF($B55<>"Descrição da atividade",A55,"") | M55: =IF($B55<>"Descrição da atividade",B55,"") | N55: =IF($B55<>"Descrição da atividade",C55,"") | O55: =IF($B55<>"Descrição da atividade",D55,"") | P55: =IF($B55<>"Descrição da atividade",E55,"") | Q55: =IF($B55<>"Descrição da atividade",F55,"") | R55: =IF($B55<>"Descrição da atividade",G55,"") | S55: =IF($B55<>"Descrição da atividade",H55,"") | ... U55: =IF($B55<>"Descrição da atividade",J55,"")
A56: ='(I) Capacitações'!$A$53 -> A6 | B56: ='(I) Capacitações'!$B$53 -> Descrição da atividade | C56: ='(I) Capacitações'!D61 -> 1.9 Coffee Break e catering | D56: ='(I) Capacitações'!E61 -> Unidade | E56: ='(I) Capacitações'!F61 -> 0 | F56: ='(I) Capacitações'!G61 -> 0 | G56: ='(I) Capacitações'!H61 -> 0 | H56: ='(I) Capacitações'!I61 -> 0 | I56: ='(I) Capacitações'!J61 -> 0 | J56: ='(I) Capacitações'!K61 | L56: =IF($B56<>"Descrição da atividade",A56,"") | M56: =IF($B56<>"Descrição da atividade",B56,"") | N56: =IF($B56<>"Descrição da atividade",C56,"") | O56: =IF($B56<>"Descrição da atividade",D56,"") | P56: =IF($B56<>"Descrição da atividade",E56,"") | Q56: =IF($B56<>"Descrição da atividade",F56,"") | R56: =IF($B56<>"Descrição da atividade",G56,"") | S56: =IF($B56<>"Descrição da atividade",H56,"") | ... U56: =IF($B56<>"Descrição da atividade",J56,"")
A57: ='(I) Capacitações'!$A$62 -> A7 | B57: ='(I) Capacitações'!$B$62 -> Descrição da atividade | C57: ='(I) Capacitações'!D62 -> 1.1 Inscrição para capacitações, oficinas, workshops, palestras ou seminários. | D57: ='(I) Capacitações'!E62 -> Número de inscrições | E57: ='(I) Capacitações'!F62 -> 0 | F57: ='(I) Capacitações'!G62 -> 0 | G57: ='(I) Capacitações'!H62 -> 0 | H57: ='(I) Capacitações'!I62 -> 0 | I57: ='(I) Capacitações'!J62 -> 0 | J57: ='(I) Capacitações'!K62 | L57: =IF($B57<>"Descrição da atividade",A57,"") | M57: =IF($B57<>"Descrição da atividade",B57,"") | N57: =IF($B57<>"Descrição da atividade",C57,"") | O57: =IF($B57<>"Descrição da atividade",D57,"") | P57: =IF($B57<>"Descrição da atividade",E57,"") | Q57: =IF($B57<>"Descrição da atividade",F57,"") | R57: =IF($B57<>"Descrição da atividade",G57,"") | S57: =IF($B57<>"Descrição da atividade",H57,"") | ... U57: =IF($B57<>"Descrição da atividade",J57,"")
A58: ='(I) Capacitações'!$A$62 -> A7 | B58: ='(I) Capacitações'!$B$62 -> Descrição da atividade | C58: ='(I) Capacitações'!D63 -> 1.2 Contratação de instrutor/palestrante. | D58: ='(I) Capacitações'!E63 -> Horas de trabalho | E58: ='(I) Capacitações'!F63 -> 0 | F58: ='(I) Capacitações'!G63 -> 0 | G58: ='(I) Capacitações'!H63 -> 0 | H58: ='(I) Capacitações'!I63 -> 0 | I58: ='(I) Capacitações'!J63 -> 0 | J58: ='(I) Capacitações'!K63 | L58: =IF($B58<>"Descrição da atividade",A58,"") | M58: =IF($B58<>"Descrição da atividade",B58,"") | N58: =IF($B58<>"Descrição da atividade",C58,"") | O58: =IF($B58<>"Descrição da atividade",D58,"") | P58: =IF($B58<>"Descrição da atividade",E58,"") | Q58: =IF($B58<>"Descrição da atividade",F58,"") | R58: =IF($B58<>"Descrição da atividade",G58,"") | S58: =IF($B58<>"Descrição da atividade",H58,"") | ... U58: =IF($B58<>"Descrição da atividade",J58,"")
A59: ='(I) Capacitações'!$A$62 -> A7 | B59: ='(I) Capacitações'!$B$62 -> Descrição da atividade | C59: ='(I) Capacitações'!D64 -> 1.3 Preparação e impressão de materiais educativos. | D59: ='(I) Capacitações'!E64 -> Unidade | E59: ='(I) Capacitações'!F64 -> 0 | F59: ='(I) Capacitações'!G64 -> 0 | G59: ='(I) Capacitações'!H64 -> 0 | H59: ='(I) Capacitações'!I64 -> 0 | I59: ='(I) Capacitações'!J64 -> 0 | J59: ='(I) Capacitações'!K64 | L59: =IF($B59<>"Descrição da atividade",A59,"") | M59: =IF($B59<>"Descrição da atividade",B59,"") | N59: =IF($B59<>"Descrição da atividade",C59,"") | O59: =IF($B59<>"Descrição da atividade",D59,"") | P59: =IF($B59<>"Descrição da atividade",E59,"") | Q59: =IF($B59<>"Descrição da atividade",F59,"") | R59: =IF($B59<>"Descrição da atividade",G59,"") | S59: =IF($B59<>"Descrição da atividade",H59,"") | ... U59: =IF($B59<>"Descrição da atividade",J59,"")
A60: ='(I) Capacitações'!$A$62 -> A7 | B60: ='(I) Capacitações'!$B$62 -> Descrição da atividade | C60: ='(I) Capacitações'!D65 -> 1.4 Custos relacionados à divulgação da ação (produção de material promocional, serviços gráficos de reprodução e veiculação em rádio, TV e mídias sociais). | D60: ='(I) Capacitações'!E65 -> Unidade | E60: ='(I) Capacitações'!F65 -> 0 | F60: ='(I) Capacitações'!G65 -> 0 | G60: ='(I) Capacitações'!H65 -> 0 | H60: ='(I) Capacitações'!I65 -> 0 | I60: ='(I) Capacitações'!J65 -> 0 | J60: ='(I) Capacitações'!K65 | L60: =IF($B60<>"Descrição da atividade",A60,"") | M60: =IF($B60<>"Descrição da atividade",B60,"") | N60: =IF($B60<>"Descrição da atividade",C60,"") | O60: =IF($B60<>"Descrição da atividade",D60,"") | P60: =IF($B60<>"Descrição da atividade",E60,"") | Q60: =IF($B60<>"Descrição da atividade",F60,"") | R60: =IF($B60<>"Descrição da atividade",G60,"") | S60: =IF($B60<>"Descrição da atividade",H60,"") | ... U60: =IF($B60<>"Descrição da atividade",J60,"")
A61: ='(I) Capacitações'!$A$62 -> A7 | B61: ='(I) Capacitações'!$B$62 -> Descrição da atividade | C61: ='(I) Capacitações'!D66 -> 1.5 Custos de deslocamento para instrutores/palestrantes e participantes (custo de combustível, locação de veículos, passagens áreas ou rodoviárias, táxis ou transportes alternativos). | D61: ='(I) Capacitações'!E66 -> Unidade | E61: ='(I) Capacitações'!F66 -> 0 | F61: ='(I) Capacitações'!G66 -> 0 | G61: ='(I) Capacitações'!H66 -> 0 | H61: ='(I) Capacitações'!I66 -> 0 | I61: ='(I) Capacitações'!J66 -> 0 | J61: ='(I) Capacitações'!K66 | L61: =IF($B61<>"Descrição da atividade",A61,"") | M61: =IF($B61<>"Descrição da atividade",B61,"") | N61: =IF($B61<>"Descrição da atividade",C61,"") | O61: =IF($B61<>"Descrição da atividade",D61,"") | P61: =IF($B61<>"Descrição da atividade",E61,"") | Q61: =IF($B61<>"Descrição da atividade",F61,"") | R61: =IF($B61<>"Descrição da atividade",G61,"") | S61: =IF($B61<>"Descrição da atividade",H61,"") | ... U61: =IF($B61<>"Descrição da atividade",J61,"")
A62: ='(I) Capacitações'!$A$62 -> A7 | B62: ='(I) Capacitações'!$B$62 -> Descrição da atividade | C62: ='(I) Capacitações'!D67 -> 1.6 Hospedagem e ajuda de custo para instrutores/palestrantes. | D62: ='(I) Capacitações'!E67 -> Diárias | E62: ='(I) Capacitações'!F67 -> 0 | F62: ='(I) Capacitações'!G67 -> 0 | G62: ='(I) Capacitações'!H67 -> 0 | H62: ='(I) Capacitações'!I67 -> 0 | I62: ='(I) Capacitações'!J67 -> 0 | J62: ='(I) Capacitações'!K67 | L62: =IF($B62<>"Descrição da atividade",A62,"") | M62: =IF($B62<>"Descrição da atividade",B62,"") | N62: =IF($B62<>"Descrição da atividade",C62,"") | O62: =IF($B62<>"Descrição da atividade",D62,"") | P62: =IF($B62<>"Descrição da atividade",E62,"") | Q62: =IF($B62<>"Descrição da atividade",F62,"") | R62: =IF($B62<>"Descrição da atividade",G62,"") | S62: =IF($B62<>"Descrição da atividade",H62,"") | ... U62: =IF($B62<>"Descrição da atividade",J62,"")
A63: ='(I) Capacitações'!$A$62 -> A7 | B63: ='(I) Capacitações'!$B$62 -> Descrição da atividade | C63: ='(I) Capacitações'!D68 -> 1.7 Locação de espaço. | D63: ='(I) Capacitações'!E68 -> Diárias | E63: ='(I) Capacitações'!F68 -> 0 | F63: ='(I) Capacitações'!G68 -> 0 | G63: ='(I) Capacitações'!H68 -> 0 | H63: ='(I) Capacitações'!I68 -> 0 | I63: ='(I) Capacitações'!J68 -> 0 | J63: ='(I) Capacitações'!K68 | L63: =IF($B63<>"Descrição da atividade",A63,"") | M63: =IF($B63<>"Descrição da atividade",B63,"") | N63: =IF($B63<>"Descrição da atividade",C63,"") | O63: =IF($B63<>"Descrição da atividade",D63,"") | P63: =IF($B63<>"Descrição da atividade",E63,"") | Q63: =IF($B63<>"Descrição da atividade",F63,"") | R63: =IF($B63<>"Descrição da atividade",G63,"") | S63: =IF($B63<>"Descrição da atividade",H63,"") | ... U63: =IF($B63<>"Descrição da atividade",J63,"")
A64: ='(I) Capacitações'!$A$62 -> A7 | B64: ='(I) Capacitações'!$B$62 -> Descrição da atividade | C64: ='(I) Capacitações'!D69 -> 1.8 Locação de equipamentos audiovisuais. | D64: ='(I) Capacitações'!E69 -> Diárias | E64: ='(I) Capacitações'!F69 -> 0 | F64: ='(I) Capacitações'!G69 -> 0 | G64: ='(I) Capacitações'!H69 -> 0 | H64: ='(I) Capacitações'!I69 -> 0 | I64: ='(I) Capacitações'!J69 -> 0 | J64: ='(I) Capacitações'!K69 | L64: =IF($B64<>"Descrição da atividade",A64,"") | M64: =IF($B64<>"Descrição da atividade",B64,"") | N64: =IF($B64<>"Descrição da atividade",C64,"") | O64: =IF($B64<>"Descrição da atividade",D64,"") | P64: =IF($B64<>"Descrição da atividade",E64,"") | Q64: =IF($B64<>"Descrição da atividade",F64,"") | R64: =IF($B64<>"Descrição da atividade",G64,"") | S64: =IF($B64<>"Descrição da atividade",H64,"") | ... U64: =IF($B64<>"Descrição da atividade",J64,"")
A65: ='(I) Capacitações'!$A$62 -> A7 | B65: ='(I) Capacitações'!$B$62 -> Descrição da atividade | C65: ='(I) Capacitações'!D70 -> 1.9 Coffee Break e catering | D65: ='(I) Capacitações'!E70 -> Unidade | E65: ='(I) Capacitações'!F70 -> 0 | F65: ='(I) Capacitações'!G70 -> 0 | G65: ='(I) Capacitações'!H70 -> 0 | H65: ='(I) Capacitações'!I70 -> 0 | I65: ='(I) Capacitações'!J70 -> 0 | J65: ='(I) Capacitações'!K70 | L65: =IF($B65<>"Descrição da atividade",A65,"") | M65: =IF($B65<>"Descrição da atividade",B65,"") | N65: =IF($B65<>"Descrição da atividade",C65,"") | O65: =IF($B65<>"Descrição da atividade",D65,"") | P65: =IF($B65<>"Descrição da atividade",E65,"") | Q65: =IF($B65<>"Descrição da atividade",F65,"") | R65: =IF($B65<>"Descrição da atividade",G65,"") | S65: =IF($B65<>"Descrição da atividade",H65,"") | ... U65: =IF($B65<>"Descrição da atividade",J65,"")
A66: ='(I) Capacitações'!$A$71 -> A8 | B66: ='(I) Capacitações'!$B$71 -> Descrição da atividade | C66: ='(I) Capacitações'!D71 -> 1.1 Inscrição para capacitações, oficinas, workshops, palestras ou seminários. | D66: ='(I) Capacitações'!E71 -> Número de inscrições | E66: ='(I) Capacitações'!F71 -> 0 | F66: ='(I) Capacitações'!G71 -> 0 | G66: ='(I) Capacitações'!H71 -> 0 | H66: ='(I) Capacitações'!I71 -> 0 | I66: ='(I) Capacitações'!J71 -> 0 | J66: ='(I) Capacitações'!K71 | L66: =IF($B66<>"Descrição da atividade",A66,"") | M66: =IF($B66<>"Descrição da atividade",B66,"") | N66: =IF($B66<>"Descrição da atividade",C66,"") | O66: =IF($B66<>"Descrição da atividade",D66,"") | P66: =IF($B66<>"Descrição da atividade",E66,"") | Q66: =IF($B66<>"Descrição da atividade",F66,"") | R66: =IF($B66<>"Descrição da atividade",G66,"") | S66: =IF($B66<>"Descrição da atividade",H66,"") | ... U66: =IF($B66<>"Descrição da atividade",J66,"")
A67: ='(I) Capacitações'!$A$71 -> A8 | B67: ='(I) Capacitações'!$B$71 -> Descrição da atividade | C67: ='(I) Capacitações'!D72 -> 1.2 Contratação de instrutor/palestrante. | D67: ='(I) Capacitações'!E72 -> Horas de trabalho | E67: ='(I) Capacitações'!F72 -> 0 | F67: ='(I) Capacitações'!G72 -> 0 | G67: ='(I) Capacitações'!H72 -> 0 | H67: ='(I) Capacitações'!I72 -> 0 | I67: ='(I) Capacitações'!J72 -> 0 | J67: ='(I) Capacitações'!K72 | L67: =IF($B67<>"Descrição da atividade",A67,"") | M67: =IF($B67<>"Descrição da atividade",B67,"") | N67: =IF($B67<>"Descrição da atividade",C67,"") | O67: =IF($B67<>"Descrição da atividade",D67,"") | P67: =IF($B67<>"Descrição da atividade",E67,"") | Q67: =IF($B67<>"Descrição da atividade",F67,"") | R67: =IF($B67<>"Descrição da atividade",G67,"") | S67: =IF($B67<>"Descrição da atividade",H67,"") | ... U67: =IF($B67<>"Descrição da atividade",J67,"")
A68: ='(I) Capacitações'!$A$71 -> A8 | B68: ='(I) Capacitações'!$B$71 -> Descrição da atividade | C68: ='(I) Capacitações'!D73 -> 1.3 Preparação e impressão de materiais educativos. | D68: ='(I) Capacitações'!E73 -> Unidade | E68: ='(I) Capacitações'!F73 -> 0 | F68: ='(I) Capacitações'!G73 -> 0 | G68: ='(I) Capacitações'!H73 -> 0 | H68: ='(I) Capacitações'!I73 -> 0 | I68: ='(I) Capacitações'!J73 -> 0 | J68: ='(I) Capacitações'!K73 | L68: =IF($B68<>"Descrição da atividade",A68,"") | M68: =IF($B68<>"Descrição da atividade",B68,"") | N68: =IF($B68<>"Descrição da atividade",C68,"") | O68: =IF($B68<>"Descrição da atividade",D68,"") | P68: =IF($B68<>"Descrição da atividade",E68,"") | Q68: =IF($B68<>"Descrição da atividade",F68,"") | R68: =IF($B68<>"Descrição da atividade",G68,"") | S68: =IF($B68<>"Descrição da atividade",H68,"") | ... U68: =IF($B68<>"Descrição da atividade",J68,"")
A69: ='(I) Capacitações'!$A$71 -> A8 | B69: ='(I) Capacitações'!$B$71 -> Descrição da atividade | C69: ='(I) Capacitações'!D74 -> 1.4 Custos relacionados à divulgação da ação (produção de material promocional, serviços gráficos de reprodução e veiculação em rádio, TV e mídias sociais). | D69: ='(I) Capacitações'!E74 -> Unidade | E69: ='(I) Capacitações'!F74 -> 0 | F69: ='(I) Capacitações'!G74 -> 0 | G69: ='(I) Capacitações'!H74 -> 0 | H69: ='(I) Capacitações'!I74 -> 0 | I69: ='(I) Capacitações'!J74 -> 0 | J69: ='(I) Capacitações'!K74 | L69: =IF($B69<>"Descrição da atividade",A69,"") | M69: =IF($B69<>"Descrição da atividade",B69,"") | N69: =IF($B69<>"Descrição da atividade",C69,"") | O69: =IF($B69<>"Descrição da atividade",D69,"") | P69: =IF($B69<>"Descrição da atividade",E69,"") | Q69: =IF($B69<>"Descrição da atividade",F69,"") | R69: =IF($B69<>"Descrição da atividade",G69,"") | S69: =IF($B69<>"Descrição da atividade",H69,"") | ... U69: =IF($B69<>"Descrição da atividade",J69,"")
A70: ='(I) Capacitações'!$A$71 -> A8 | B70: ='(I) Capacitações'!$B$71 -> Descrição da atividade | C70: ='(I) Capacitações'!D75 -> 1.5 Custos de deslocamento para instrutores/palestrantes e participantes (custo de combustível, locação de veículos, passagens áreas ou rodoviárias, táxis ou transportes alternativos). | D70: ='(I) Capacitações'!E75 -> Unidade | E70: ='(I) Capacitações'!F75 -> 0 | F70: ='(I) Capacitações'!G75 -> 0 | G70: ='(I) Capacitações'!H75 -> 0 | H70: ='(I) Capacitações'!I75 -> 0 | I70: ='(I) Capacitações'!J75 -> 0 | J70: ='(I) Capacitações'!K75 | L70: =IF($B70<>"Descrição da atividade",A70,"") | M70: =IF($B70<>"Descrição da atividade",B70,"") | N70: =IF($B70<>"Descrição da atividade",C70,"") | O70: =IF($B70<>"Descrição da atividade",D70,"") | P70: =IF($B70<>"Descrição da atividade",E70,"") | Q70: =IF($B70<>"Descrição da atividade",F70,"") | R70: =IF($B70<>"Descrição da atividade",G70,"") | S70: =IF($B70<>"Descrição da atividade",H70,"") | ... U70: =IF($B70<>"Descrição da atividade",J70,"")
A71: ='(I) Capacitações'!$A$71 -> A8 | B71: ='(I) Capacitações'!$B$71 -> Descrição da atividade | C71: ='(I) Capacitações'!D76 -> 1.6 Hospedagem e ajuda de custo para instrutores/palestrantes. | D71: ='(I) Capacitações'!E76 -> Diárias | E71: ='(I) Capacitações'!F76 -> 0 | F71: ='(I) Capacitações'!G76 -> 0 | G71: ='(I) Capacitações'!H76 -> 0 | H71: ='(I) Capacitações'!I76 -> 0 | I71: ='(I) Capacitações'!J76 -> 0 | J71: ='(I) Capacitações'!K76 | L71: =IF($B71<>"Descrição da atividade",A71,"") | M71: =IF($B71<>"Descrição da atividade",B71,"") | N71: =IF($B71<>"Descrição da atividade",C71,"") | O71: =IF($B71<>"Descrição da atividade",D71,"") | P71: =IF($B71<>"Descrição da atividade",E71,"") | Q71: =IF($B71<>"Descrição da atividade",F71,"") | R71: =IF($B71<>"Descrição da atividade",G71,"") | S71: =IF($B71<>"Descrição da atividade",H71,"") | ... U71: =IF($B71<>"Descrição da atividade",J71,"")
A72: ='(I) Capacitações'!$A$71 -> A8 | B72: ='(I) Capacitações'!$B$71 -> Descrição da atividade | C72: ='(I) Capacitações'!D77 -> 1.7 Locação de espaço. | D72: ='(I) Capacitações'!E77 -> Diárias | E72: ='(I) Capacitações'!F77 -> 0 | F72: ='(I) Capacitações'!G77 -> 0 | G72: ='(I) Capacitações'!H77 -> 0 | H72: ='(I) Capacitações'!I77 -> 0 | I72: ='(I) Capacitações'!J77 -> 0 | J72: ='(I) Capacitações'!K77 | L72: =IF($B72<>"Descrição da atividade",A72,"") | M72: =IF($B72<>"Descrição da atividade",B72,"") | N72: =IF($B72<>"Descrição da atividade",C72,"") | O72: =IF($B72<>"Descrição da atividade",D72,"") | P72: =IF($B72<>"Descrição da atividade",E72,"") | Q72: =IF($B72<>"Descrição da atividade",F72,"") | R72: =IF($B72<>"Descrição da atividade",G72,"") | S72: =IF($B72<>"Descrição da atividade",H72,"") | ... U72: =IF($B72<>"Descrição da atividade",J72,"")
A73: ='(I) Capacitações'!$A$71 -> A8 | B73: ='(I) Capacitações'!$B$71 -> Descrição da atividade | C73: ='(I) Capacitações'!D78 -> 1.8 Locação de equipamentos audiovisuais. | D73: ='(I) Capacitações'!E78 -> Diárias | E73: ='(I) Capacitações'!F78 -> 0 | F73: ='(I) Capacitações'!G78 -> 0 | G73: ='(I) Capacitações'!H78 -> 0 | H73: ='(I) Capacitações'!I78 -> 0 | I73: ='(I) Capacitações'!J78 -> 0 | J73: ='(I) Capacitações'!K78 | L73: =IF($B73<>"Descrição da atividade",A73,"") | M73: =IF($B73<>"Descrição da atividade",B73,"") | N73: =IF($B73<>"Descrição da atividade",C73,"") | O73: =IF($B73<>"Descrição da atividade",D73,"") | P73: =IF($B73<>"Descrição da atividade",E73,"") | Q73: =IF($B73<>"Descrição da atividade",F73,"") | R73: =IF($B73<>"Descrição da atividade",G73,"") | S73: =IF($B73<>"Descrição da atividade",H73,"") | ... U73: =IF($B73<>"Descrição da atividade",J73,"")
A74: ='(I) Capacitações'!$A$71 -> A8 | B74: ='(I) Capacitações'!$B$71 -> Descrição da atividade | C74: ='(I) Capacitações'!D79 -> 1.9 Coffee Break e catering | D74: ='(I) Capacitações'!E79 -> Unidade | E74: ='(I) Capacitações'!F79 -> 0 | F74: ='(I) Capacitações'!G79 -> 0 | G74: ='(I) Capacitações'!H79 -> 0 | H74: ='(I) Capacitações'!I79 -> 0 | I74: ='(I) Capacitações'!J79 -> 0 | J74: ='(I) Capacitações'!K79 | L74: =IF($B74<>"Descrição da atividade",A74,"") | M74: =IF($B74<>"Descrição da atividade",B74,"") | N74: =IF($B74<>"Descrição da atividade",C74,"") | O74: =IF($B74<>"Descrição da atividade",D74,"") | P74: =IF($B74<>"Descrição da atividade",E74,"") | Q74: =IF($B74<>"Descrição da atividade",F74,"") | R74: =IF($B74<>"Descrição da atividade",G74,"") | S74: =IF($B74<>"Descrição da atividade",H74,"") | ... U74: =IF($B74<>"Descrição da atividade",J74,"")
A75: ='(II) Consultorias'!$A$8 -> B1 | B75: ='(II) Consultorias'!$B$8 -> Descrição da atividade | C75: ='(II) Consultorias'!D8 -> 2.1 Contratação de consultoria/mentoria. | D75: ='(II) Consultorias'!E8 -> Horas de trabalho | E75: ='(II) Consultorias'!F8 -> 0 | F75: ='(II) Consultorias'!G8 -> 0 | G75: ='(II) Consultorias'!H8 -> 0 | H75: ='(II) Consultorias'!I8 -> 0 | I75: ='(II) Consultorias'!J8 -> 0 | J75: ='(II) Consultorias'!K8 | L75: =IF($B75<>"Descrição da atividade",A75,"") | M75: =IF($B75<>"Descrição da atividade",B75,"") | N75: =IF($B75<>"Descrição da atividade",C75,"") | O75: =IF($B75<>"Descrição da atividade",D75,"") | P75: =IF($B75<>"Descrição da atividade",E75,"") | Q75: =IF($B75<>"Descrição da atividade",F75,"") | R75: =IF($B75<>"Descrição da atividade",G75,"") | S75: =IF($B75<>"Descrição da atividade",H75,"") | ... U75: =IF($B75<>"Descrição da atividade",J75,"")
A76: ='(II) Consultorias'!$A$8 -> B1 | B76: ='(II) Consultorias'!$B$8 -> Descrição da atividade | C76: ='(II) Consultorias'!D9 -> 2.2 Preparação e impressão de materiais. | D76: ='(II) Consultorias'!E9 -> Unidade | E76: ='(II) Consultorias'!F9 -> 0 | F76: ='(II) Consultorias'!G9 -> 0 | G76: ='(II) Consultorias'!H9 -> 0 | H76: ='(II) Consultorias'!I9 -> 0 | I76: ='(II) Consultorias'!J9 -> 0 | J76: ='(II) Consultorias'!K9 | L76: =IF($B76<>"Descrição da atividade",A76,"") | M76: =IF($B76<>"Descrição da atividade",B76,"") | N76: =IF($B76<>"Descrição da atividade",C76,"") | O76: =IF($B76<>"Descrição da atividade",D76,"") | P76: =IF($B76<>"Descrição da atividade",E76,"") | Q76: =IF($B76<>"Descrição da atividade",F76,"") | R76: =IF($B76<>"Descrição da atividade",G76,"") | S76: =IF($B76<>"Descrição da atividade",H76,"") | ... U76: =IF($B76<>"Descrição da atividade",J76,"")
A77: ='(II) Consultorias'!$A$8 -> B1 | B77: ='(II) Consultorias'!$B$8 -> Descrição da atividade | C77: ='(II) Consultorias'!D10 -> 2.3 Custos relacionados à divulgação da ação (produção de material promocional, serviços gráficos de reprodução e veiculação em rádio, TV e mídias sociais). | D77: ='(II) Consultorias'!E10 -> Unidade | E77: ='(II) Consultorias'!F10 -> 0 | F77: ='(II) Consultorias'!G10 -> 0 | G77: ='(II) Consultorias'!H10 -> 0 | H77: ='(II) Consultorias'!I10 -> 0 | I77: ='(II) Consultorias'!J10 -> 0 | J77: ='(II) Consultorias'!K10 | L77: =IF($B77<>"Descrição da atividade",A77,"") | M77: =IF($B77<>"Descrição da atividade",B77,"") | N77: =IF($B77<>"Descrição da atividade",C77,"") | O77: =IF($B77<>"Descrição da atividade",D77,"") | P77: =IF($B77<>"Descrição da atividade",E77,"") | Q77: =IF($B77<>"Descrição da atividade",F77,"") | R77: =IF($B77<>"Descrição da atividade",G77,"") | S77: =IF($B77<>"Descrição da atividade",H77,"") | ... U77: =IF($B77<>"Descrição da atividade",J77,"")
A78: ='(II) Consultorias'!$A$8 -> B1 | B78: ='(II) Consultorias'!$B$8 -> Descrição da atividade | C78: ='(II) Consultorias'!D11 -> 2.4 Custos de deslocamento para consultores/mentores (custo de combustível, locação de veículos, passagens aéreas ou rodoviárias, táxis ou transportes alternativos). | D78: ='(II) Consultorias'!E11 -> Unidade | E78: ='(II) Consultorias'!F11 -> 0 | F78: ='(II) Consultorias'!G11 -> 0 | G78: ='(II) Consultorias'!H11 -> 0 | H78: ='(II) Consultorias'!I11 -> 0 | I78: ='(II) Consultorias'!J11 -> 0 | J78: ='(II) Consultorias'!K11 | L78: =IF($B78<>"Descrição da atividade",A78,"") | M78: =IF($B78<>"Descrição da atividade",B78,"") | N78: =IF($B78<>"Descrição da atividade",C78,"") | O78: =IF($B78<>"Descrição da atividade",D78,"") | P78: =IF($B78<>"Descrição da atividade",E78,"") | Q78: =IF($B78<>"Descrição da atividade",F78,"") | R78: =IF($B78<>"Descrição da atividade",G78,"") | S78: =IF($B78<>"Descrição da atividade",H78,"") | ... U78: =IF($B78<>"Descrição da atividade",J78,"")
A79: ='(II) Consultorias'!$A$8 -> B1 | B79: ='(II) Consultorias'!$B$8 -> Descrição da atividade | C79: ='(II) Consultorias'!D12 -> 2.5 Hospedagem e ajuda de custo para consultores/mentores. | D79: ='(II) Consultorias'!E12 -> Diárias | E79: ='(II) Consultorias'!F12 -> 0 | F79: ='(II) Consultorias'!G12 -> 0 | G79: ='(II) Consultorias'!H12 -> 0 | H79: ='(II) Consultorias'!I12 -> 0 | I79: ='(II) Consultorias'!J12 -> 0 | J79: ='(II) Consultorias'!K12 | L79: =IF($B79<>"Descrição da atividade",A79,"") | M79: =IF($B79<>"Descrição da atividade",B79,"") | N79: =IF($B79<>"Descrição da atividade",C79,"") | O79: =IF($B79<>"Descrição da atividade",D79,"") | P79: =IF($B79<>"Descrição da atividade",E79,"") | Q79: =IF($B79<>"Descrição da atividade",F79,"") | R79: =IF($B79<>"Descrição da atividade",G79,"") | S79: =IF($B79<>"Descrição da atividade",H79,"") | ... U79: =IF($B79<>"Descrição da atividade",J79,"")
A80: ='(II) Consultorias'!$A$13 -> B2 | B80: ='(II) Consultorias'!$B$13 -> Descrição da atividade | C80: ='(II) Consultorias'!D13 -> 2.1 Contratação de consultoria/mentoria. | D80: ='(II) Consultorias'!E13 -> Horas de trabalho | E80: ='(II) Consultorias'!F13 -> 0 | F80: ='(II) Consultorias'!G13 -> 0 | G80: ='(II) Consultorias'!H13 -> 0 | H80: ='(II) Consultorias'!I13 -> 0 | I80: ='(II) Consultorias'!J13 -> 0 | J80: ='(II) Consultorias'!K13 | L80: =IF($B80<>"Descrição da atividade",A80,"") | M80: =IF($B80<>"Descrição da atividade",B80,"") | N80: =IF($B80<>"Descrição da atividade",C80,"") | O80: =IF($B80<>"Descrição da atividade",D80,"") | P80: =IF($B80<>"Descrição da atividade",E80,"") | Q80: =IF($B80<>"Descrição da atividade",F80,"") | R80: =IF($B80<>"Descrição da atividade",G80,"") | S80: =IF($B80<>"Descrição da atividade",H80,"") | ... U80: =IF($B80<>"Descrição da atividade",J80,"")
A81: ='(II) Consultorias'!$A$13 -> B2 | B81: ='(II) Consultorias'!$B$13 -> Descrição da atividade | C81: ='(II) Consultorias'!D14 -> 2.2 Preparação e impressão de materiais. | D81: ='(II) Consultorias'!E14 -> Unidade | E81: ='(II) Consultorias'!F14 -> 0 | F81: ='(II) Consultorias'!G14 -> 0 | G81: ='(II) Consultorias'!H14 -> 0 | H81: ='(II) Consultorias'!I14 -> 0 | I81: ='(II) Consultorias'!J14 -> 0 | J81: ='(II) Consultorias'!K14 | L81: =IF($B81<>"Descrição da atividade",A81,"") | M81: =IF($B81<>"Descrição da atividade",B81,"") | N81: =IF($B81<>"Descrição da atividade",C81,"") | O81: =IF($B81<>"Descrição da atividade",D81,"") | P81: =IF($B81<>"Descrição da atividade",E81,"") | Q81: =IF($B81<>"Descrição da atividade",F81,"") | R81: =IF($B81<>"Descrição da atividade",G81,"") | S81: =IF($B81<>"Descrição da atividade",H81,"") | ... U81: =IF($B81<>"Descrição da atividade",J81,"")
A82: ='(II) Consultorias'!$A$13 -> B2 | B82: ='(II) Consultorias'!$B$13 -> Descrição da atividade | C82: ='(II) Consultorias'!D15 -> 2.3 Custos relacionados à divulgação da ação (produção de material promocional, serviços gráficos de reprodução e veiculação em rádio, TV e mídias sociais). | D82: ='(II) Consultorias'!E15 -> Unidade | E82: ='(II) Consultorias'!F15 -> 0 | F82: ='(II) Consultorias'!G15 -> 0 | G82: ='(II) Consultorias'!H15 -> 0 | H82: ='(II) Consultorias'!I15 -> 0 | I82: ='(II) Consultorias'!J15 -> 0 | J82: ='(II) Consultorias'!K15 | L82: =IF($B82<>"Descrição da atividade",A82,"") | M82: =IF($B82<>"Descrição da atividade",B82,"") | N82: =IF($B82<>"Descrição da atividade",C82,"") | O82: =IF($B82<>"Descrição da atividade",D82,"") | P82: =IF($B82<>"Descrição da atividade",E82,"") | Q82: =IF($B82<>"Descrição da atividade",F82,"") | R82: =IF($B82<>"Descrição da atividade",G82,"") | S82: =IF($B82<>"Descrição da atividade",H82,"") | ... U82: =IF($B82<>"Descrição da atividade",J82,"")
A83: ='(II) Consultorias'!$A$13 -> B2 | B83: ='(II) Consultorias'!$B$13 -> Descrição da atividade | C83: ='(II) Consultorias'!D16 -> 2.4 Custos de deslocamento para consultores/mentores (custo de combustível, locação de veículos, passagens aéreas ou rodoviárias, táxis ou transportes alternativos). | D83: ='(II) Consultorias'!E16 -> Unidade | E83: ='(II) Consultorias'!F16 -> 0 | F83: ='(II) Consultorias'!G16 -> 0 | G83: ='(II) Consultorias'!H16 -> 0 | H83: ='(II) Consultorias'!I16 -> 0 | I83: ='(II) Consultorias'!J16 -> 0 | J83: ='(II) Consultorias'!K16 | L83: =IF($B83<>"Descrição da atividade",A83,"") | M83: =IF($B83<>"Descrição da atividade",B83,"") | N83: =IF($B83<>"Descrição da atividade",C83,"") | O83: =IF($B83<>"Descrição da atividade",D83,"") | P83: =IF($B83<>"Descrição da atividade",E83,"") | Q83: =IF($B83<>"Descrição da atividade",F83,"") | R83: =IF($B83<>"Descrição da atividade",G83,"") | S83: =IF($B83<>"Descrição da atividade",H83,"") | ... U83: =IF($B83<>"Descrição da atividade",J83,"")
A84: ='(II) Consultorias'!$A$13 -> B2 | B84: ='(II) Consultorias'!$B$13 -> Descrição da atividade | C84: ='(II) Consultorias'!D17 -> 2.5 Hospedagem e ajuda de custo para consultores/mentores. | D84: ='(II) Consultorias'!E17 -> Diárias | E84: ='(II) Consultorias'!F17 -> 0 | F84: ='(II) Consultorias'!G17 -> 0 | G84: ='(II) Consultorias'!H17 -> 0 | H84: ='(II) Consultorias'!I17 -> 0 | I84: ='(II) Consultorias'!J17 -> 0 | J84: ='(II) Consultorias'!K17 | L84: =IF($B84<>"Descrição da atividade",A84,"") | M84: =IF($B84<>"Descrição da atividade",B84,"") | N84: =IF($B84<>"Descrição da atividade",C84,"") | O84: =IF($B84<>"Descrição da atividade",D84,"") | P84: =IF($B84<>"Descrição da atividade",E84,"") | Q84: =IF($B84<>"Descrição da atividade",F84,"") | R84: =IF($B84<>"Descrição da atividade",G84,"") | S84: =IF($B84<>"Descrição da atividade",H84,"") | ... U84: =IF($B84<>"Descrição da atividade",J84,"")
A85: ='(II) Consultorias'!$A$18 -> B3 | B85: ='(II) Consultorias'!$B$18 -> Descrição da atividade | C85: ='(II) Consultorias'!D18 -> 2.1 Contratação de consultoria/mentoria. | D85: ='(II) Consultorias'!E18 -> Horas de trabalho | E85: ='(II) Consultorias'!F18 -> 0 | F85: ='(II) Consultorias'!G18 -> 0 | G85: ='(II) Consultorias'!H18 -> 0 | H85: ='(II) Consultorias'!I18 -> 0 | I85: ='(II) Consultorias'!J18 -> 0 | J85: ='(II) Consultorias'!K18 | L85: =IF($B85<>"Descrição da atividade",A85,"") | M85: =IF($B85<>"Descrição da atividade",B85,"") | N85: =IF($B85<>"Descrição da atividade",C85,"") | O85: =IF($B85<>"Descrição da atividade",D85,"") | P85: =IF($B85<>"Descrição da atividade",E85,"") | Q85: =IF($B85<>"Descrição da atividade",F85,"") | R85: =IF($B85<>"Descrição da atividade",G85,"") | S85: =IF($B85<>"Descrição da atividade",H85,"") | ... U85: =IF($B85<>"Descrição da atividade",J85,"")
A86: ='(II) Consultorias'!$A$18 -> B3 | B86: ='(II) Consultorias'!$B$18 -> Descrição da atividade | C86: ='(II) Consultorias'!D19 -> 2.2 Preparação e impressão de materiais. | D86: ='(II) Consultorias'!E19 -> Unidade | E86: ='(II) Consultorias'!F19 -> 0 | F86: ='(II) Consultorias'!G19 -> 0 | G86: ='(II) Consultorias'!H19 -> 0 | H86: ='(II) Consultorias'!I19 -> 0 | I86: ='(II) Consultorias'!J19 -> 0 | J86: ='(II) Consultorias'!K19 | L86: =IF($B86<>"Descrição da atividade",A86,"") | M86: =IF($B86<>"Descrição da atividade",B86,"") | N86: =IF($B86<>"Descrição da atividade",C86,"") | O86: =IF($B86<>"Descrição da atividade",D86,"") | P86: =IF($B86<>"Descrição da atividade",E86,"") | Q86: =IF($B86<>"Descrição da atividade",F86,"") | R86: =IF($B86<>"Descrição da atividade",G86,"") | S86: =IF($B86<>"Descrição da atividade",H86,"") | ... U86: =IF($B86<>"Descrição da atividade",J86,"")
A87: ='(II) Consultorias'!$A$18 -> B3 | B87: ='(II) Consultorias'!$B$18 -> Descrição da atividade | C87: ='(II) Consultorias'!D20 -> 2.3 Custos relacionados à divulgação da ação (produção de material promocional, serviços gráficos de reprodução e veiculação em rádio, TV e mídias sociais). | D87: ='(II) Consultorias'!E20 -> Unidade | E87: ='(II) Consultorias'!F20 -> 0 | F87: ='(II) Consultorias'!G20 -> 0 | G87: ='(II) Consultorias'!H20 -> 0 | H87: ='(II) Consultorias'!I20 -> 0 | I87: ='(II) Consultorias'!J20 -> 0 | J87: ='(II) Consultorias'!K20 | L87: =IF($B87<>"Descrição da atividade",A87,"") | M87: =IF($B87<>"Descrição da atividade",B87,"") | N87: =IF($B87<>"Descrição da atividade",C87,"") | O87: =IF($B87<>"Descrição da atividade",D87,"") | P87: =IF($B87<>"Descrição da atividade",E87,"") | Q87: =IF($B87<>"Descrição da atividade",F87,"") | R87: =IF($B87<>"Descrição da atividade",G87,"") | S87: =IF($B87<>"Descrição da atividade",H87,"") | ... U87: =IF($B87<>"Descrição da atividade",J87,"")
A88: ='(II) Consultorias'!$A$18 -> B3 | B88: ='(II) Consultorias'!$B$18 -> Descrição da atividade | C88: ='(II) Consultorias'!D21 -> 2.4 Custos de deslocamento para consultores/mentores (custo de combustível, locação de veículos, passagens aéreas ou rodoviárias, táxis ou transportes alternativos). | D88: ='(II) Consultorias'!E21 -> Unidade | E88: ='(II) Consultorias'!F21 -> 0 | F88: ='(II) Consultorias'!G21 -> 0 | G88: ='(II) Consultorias'!H21 -> 0 | H88: ='(II) Consultorias'!I21 -> 0 | I88: ='(II) Consultorias'!J21 -> 0 | J88: ='(II) Consultorias'!K21 | L88: =IF($B88<>"Descrição da atividade",A88,"") | M88: =IF($B88<>"Descrição da atividade",B88,"") | N88: =IF($B88<>"Descrição da atividade",C88,"") | O88: =IF($B88<>"Descrição da atividade",D88,"") | P88: =IF($B88<>"Descrição da atividade",E88,"") | Q88: =IF($B88<>"Descrição da atividade",F88,"") | R88: =IF($B88<>"Descrição da atividade",G88,"") | S88: =IF($B88<>"Descrição da atividade",H88,"") | ... U88: =IF($B88<>"Descrição da atividade",J88,"")
